Workbook
Name \0: #REF!
Name \00: #REF!
Name \a: #REF!
Name \a: #REF!
Name \a: #REF!
Name \a: #REF!
Name \a: #REF!
Name \a: #REF!
Name \a: #REF!
Name \a: #REF!
Name \a: #REF!
Name \a: #REF!
Name \a: #REF!
Name \a: #REF!
Name \a: #REF!
Name \a: #REF!
Name \a: #REF!
Name \a: #REF!
Name \a: #REF!
Name \a: #REF!
Name \a: #REF!
Name \a: #REF!
Name \a: #REF!
Name \a: #REF!
Name \a: #REF!
Name \a: #REF!
Name \a: #REF!
Name \a: #REF!
Name \a: #REF!
Name \a: #REF!
Name \a: #REF!
Name \a: #REF!
Name \a: #REF!
Name \a: #REF!
Name \a: #REF!
Name \a: #REF!
Name \a: #REF!
Name \a: #REF!
Name \a: #REF!
Name \a: #REF!
Name \a: #REF!
Name \a: #REF!
Name \a: #REF!
Name \a: #REF!
Name \a: #REF!
Name \a: #REF!
Name \a: #REF!
Name \a: #REF!
Name \a: #REF!
Name \a: #REF!
Name \a: #REF!
Name \a: #REF!
Name \a: #REF!
Name \a: #REF!
Name \a: #REF!
Name \a: #REF!
Name \a: #REF!
Name \a: #REF!
Name \a: #REF!
Name \a: #REF!

Sheet PRESUPUESTO
C3: Formulario 1 - Pesupuesto oficial - Documento tipo de selección abreviada de menor cuantía - versión 1
C4: Versión: 1 del 21 de agosto de 2025
C5: [La Entidad puede utilizar este Formulario de detalle del Presupuesto Oficial para determinar las condiciones bajo las cuales los Proponentes analizarán y presentarán su propuesta económica de forma detallada, sin perjuicio que la Entidad pueda modificarlo o establecer la presentación de la oferta económica con un Formulario distinto al indicado.]
C7: Adicionalmente, cuando el Proceso de Contratación es estructurado por Precios Unitarios, la Entidad debe aplicar las notas 1, 2 y 3 del presente Formulario y las casillas de "Descripción", "Porcentaje" de la Administración, Imprevisto, Utilidad y total A.I.U. resaltadas en color amarillo. Tratándose de otras modalidades de precio, la Entidad puede o no configurar los mismos aspectos.
C9: Nº | D9: ÍTEM DE PAGO | E9: ESPECIFICACIONES | G9: DESCRIPCIÓN | H9: UND. | I9: CANTIDAD | J9: VALOR UNITARIO | K9: VALOR TOTAL
E10: GENERAL | F10: PARTICULAR
C11: 1 | G11: OBRAS PRELIMINARES
C12: 1.1 | G12: DEMOLICIÓN CIELO RASO FALSO | H12: M2 | I12: 659.5 | J12: ='ICCU 1.1'!O58 -> 19575 | K12: =+I12*J12 -> 12909712
C13: 1.2 | G13: DEMOLICIÓN PLACA PISO 0.10M, INC RETIRO | H13: M2 | I13: 32.91 | J13: ='ICCU 1.2'!O58 -> 29615 | K13: =+I13*J13 -> 974629.65
C14: 1.3 | G14: DESMONTE DE CUBIERTAS (ASBESTO CEMENTO) | H14: M2 | I14: 99.18 | J14: ='ICCU 1.3'!O58 -> 21672 | K14: =+I14*J14 -> 2149429
C15: 1.4 | G15: DEMOLICIÓN PAÑETE | H15: M2 | I15: 40.6 | J15: ='ICCU 1.4'!O58 -> 19029 | K15: =+I15*J15 -> 772577.4
C16: 1.5 | G16: DESMONTE E INSTALACION DE VENTILADOR DE TECHO | H16: UN | I16: 6 | J16: ='1.5'!O57 -> 62389 | K16: =+I16*J16 -> 374334
C17: 1.6 | G17: DESMONTE APARATOS SANITARIOS, INC RETIRO | H17: UN | I17: 1 | J17: ='ICCU 1.6'!O58 -> 40253 | K17: =+I17*J17 -> 40253
C18: 1.7 | G18: DEMOLICIÓN PLACA MACIZA 0.10 M, INC RETIRO INC RETIRO | H18: M2 | I18: 15.52 | J18: ='1.7'!O58 -> 44893 | K18: =+I18*J18 -> 696739.36
C19: 1.8 | G19: DEMOLICIÓN MUROS EN MAMPOSTERÍA 0.15 M, INC RETIRO | H19: M2 | I19: 47.37 | J19: ='ICCU 1.8'!O58 -> 26178 | K19: =+I19*J19 -> 1240051.9
C20: 1.9 | G20: RETIRO DE SOBRANTES A UNA DISTANCIA DE 5 KM (INCLUYE CARGUE Y BOTADERO AUTORIZADO) | H20: M3 | I20: 2.55 | J20: ='ICCU 1.9'!O58 -> 12762 | K20: =+I20*J20 -> 32543.1
C21: 1.10 | G21: DESCAPOTE MANUAL Y RETIRO E= 0.20 M APILE A 15 M | H21: M2 | I21: 19.98 | J21: ='ICCU 1.10'!O58 -> 11851 | K21: =+I21*J21 -> 236782.98
C22: SUBTOTAL OBRAS PRELIMINARES | K22: =SUM(K12:K21) -> 19427053
C23: 2 | G23: EXCAVACIONES Y RELLENOS
C24: 2.1 | G24: EXCAVACIÓN MANUAL EN MATERIAL COMÚN H=0.0-2.0 M (INCLUYE RETIRO DE SOBRANTES A UNA DISTANCIA MENOR DE 5 KM) | H24: M3 | I24: 10.63 | J24: ='ICCU 2.1'!O57 -> 63372 | K24: =+I24*J24 -> 673644.36
C25: 2.2 | G25: RELLENO EN RECEBO COMÚN COMPACTADO MECÁNICAMENTE | H25: M3 | I25: 4.19 | J25: ='ICCU 2.2'!O58 -> 125320 | K25: =+I25*J25 -> 525090.8
C26: SUBTOTAL EXCAVACIONES Y RELLENOS | K26: =SUM(K24:K25) -> 1198735.2
C27: 3 | G27: CIMIENTOS
C28: 3.1 | G28: VIGA AMARRE EN CONCRETO 3500 PSI | H28: M3 | I28: 1.17 | J28: ='ICCU 3.1'!O60 -> 960167 | K28: =+I28*J28 -> 1123395.4
C29: 3.2 | G29: ZAPATAS EN CONCRETO 3500PSI | H29: M3 | I29: 0.77 | J29: ='ICCU 3.2'!O61 -> 872157 | K29: =+I29*J29 -> 671560.89
C30: SUBTOTAL CIMIENTOS | K30: =SUM(K28:K29) -> 1794956.3
C31: 4 | G31: ESTRUCTURAS EN CONCRETO
C32: 4.1 | G32: COLUMNAS 3500 PSI | H32: M3 | I32: 0.89 | J32: ='ICCU 4.1'!O62 -> 1203755 | K32: =+I32*J32 -> 1071341.9
C33: 4.2 | G33: VIGA AÉREA 3500 PSI | H33: M3 | I33: 1.15 | J33: ='ICCU 4.2'!O63 -> 1193924 | K33: =+I33*J33 -> 1373012.6
C34: 4.3 | G34: ACERO FIGURADO 60000 PSI | H34: KG | I34: 915.57 | J34: ='ICCU 4.3'!O60 -> 8548 | K34: =+I34*J34 -> 7826292.4
C35: 4.4 | G35: ESCALERA MACIZA 3500 PSI | H35: M3 | I35: 1.33 | J35: ='ICCU 4.4'!O63 -> 1315129 | K35: =+I35*J35 -> 1749121.6
C36: 4.5 | G36: ENTREPISO PLACA MACIZA 3500 PSI E=0.15 M | H36: M2 | I36: 3.75 | J36: ='ICCU 4.5'!O59 -> 142911 | K36: =+I36*J36 -> 535916.25
C37: 4.6 | G37: CONCRETO CICLÓPEO 2000 PSI, 40% RAJÓN | H37: M3 | I37: 0.64 | J37: 363770 | K37: =+I37*J37 -> 232812.8
C38: SUBTOTAL ESTRUCTURAS EN CONCRETO | K38: =SUM(K32:K37) -> 12788498
C39: 5 | G39: MAMPOSTERÍA
C40: 5.1 | G40: MURO DRYWALL DOBLE CARA 0.12 M | H40: M2 | I40: 17.51 | J40: ='ICCU 5.1'!O64 -> 140800 | K40: =+I40*J40 -> 2465408
C41: 5.2 | G41: MURO SUPERBOARD 8MM DOBLE CARA 0.12 M | H41: M2 | I41: 20.91 | J41: ='ICCU 5.2'!O64 -> 187856 | K41: =+I41*J41 -> 3928069
C42: 5.3 | G42: MURO EN BLOQUE No. 5 E=0.12 | H42: M2 | I42: 28.55 | J42: ='ICCU 5.3'!O64 -> 64121 | K42: =+I42*J42 -> 1830654.6
C43: 5.4 | G43: DINTELES CONCRETO DE 2500 PSI 15x20, INC. ACERO | H43: ML | I43: 4.9 | J43: ='ICCU 5.4'!O64 -> 74221 | K43: =+I43*J43 -> 363682.9
C44: SUBTOTAL MAMPOSTERIA | K44: =SUM(K40:K43) -> 8587814.4
C45: 6 | G45: PAÑETES, REVOQUES Y REPELLOS
C46: 6.1 | G46: PAÑETE LISO MUROS 1:4, E=1.5 CM | H46: M2 | I46: 44.92 | J46: ='ICCU 6.1'!O64 -> 28367 | K46: =+I46*J46 -> 1274245.6
C47: 6.2 | G47: IMPERMEABILIZACIÓN INTEGRAL MORTERO SIKA | H47: M2 | I47: 3.75 | J47: ='ICCU 6.2'!O64 -> 24964 | K47: =+I47*J47 -> 93615
C48: SUBTOTAL PAÑETES, REVOQUES Y RELLENOS | K48: =SUM(K46:K47) -> 1367860.6
C49: 7 | G49: PISOS BASES
C50: 7.1 | G50: PLACA BASE CONCRETO 0.10 2500 PSI | H50: M2 | I50: 8.56 | J50: ='ICCU 7.1'!O63 -> 72316 | K50: =+I50*J50 -> 619024.96
C51: SUBTOTAL PISOS BASES | K51: =SUM(K50) -> 619024.96
C52: 8 | G52: CIELO RASO
C53: 8.1 | G53: CIELO RASO EN PVC e=7 mm (INCLUYE ESTRUCTURA DE APOYO) | H53: M2 | I53: 666.98 | J53: ='ICCU 8.1'!O65 -> 90078 | K53: =+I53*J53 -> 60080224
C54: 8.2 | G54: CIELO RASO PLANO DRYWALL (INCLUYE PINTURA) | H54: M2 | I54: 71.49 | J54: ='ICCU 8.2'!O65 -> 78612 | K54: =+I54*J54 -> 5619971.9
C55: 8.3 | G55: ARMADURA MADERA Y MALLA | H55: M2 | I55: 4.05 | J55: =' 8.3'!O63 -> 56007 | K55: =+I55*J55 -> 226828.35
C56: SUBTOTAL CIELO RASO | K56: =SUM(K53:K55) -> 65927025
C57: 9 | G57: PINTURAS
C58: 9.1 | G58: SELLADO DE VENTANAS | H58: ML | I58: 79.24 | J58: ='9.1'!O64 -> 22166 | K58: =+I58*J58 -> 1756433.8
C59: 9.2 | G59: IMPERMEABILIZACIÓN PLACA EN SIKAFILL POWER 12 AÑOS | H59: M2 | I59: 229.72 | J59: ='9.2'!O65 -> 85359 | K59: =+I59*J59 -> 19608669
C60: 9.3 | G60: IMPERMEABILIZACIÓN FACHADA EN SIKA TRANSPARENTE 10 AÑOS | H60: M2 | I60: 149.7 | J60: ='9.3'!O66 -> 53456 | K60: =+I60*J60 -> 8002363.2
C61: 9.4 | G61: COLORPLAST FACHADA SOBRE FACHADA | H61: M2 | I61: 16.37 | J61: ='ICCU 9.4'!O66 -> 98006 | K61: =+I61*J61 -> 1604358.2
C62: 9.5 | G62: VINILO SOBRE PAÑETE 2 MANOS | H62: M2 | I62: 88.74 | J62: ='ICCU 9.5'!O66 -> 17901 | K62: =+I62*J62 -> 1588534.7
C63: 9.6 | G63: ESTUCO Y VINILO 3 MANOS | H63: M2 | I63: 1196.47 | J63: ='ICCU 9.6'!O66 -> 29777 | K63: =+I63*J63 -> 35627287
C64: 9.7 | G64: VINILO 3 MANOS | H64: M2 | I64: 264.36 | J64: =' 9.7'!O66 -> 25759 | K64: =+I64*J64 -> 6809649.2
C65: 9.8 | G65: PINTURA TIPO KORAZA PARA EXTERIOR | H65: M2 | I65: 844.29568 | J65: ='ICCU 9.8'!O66 -> 27439 | K65: =+I65*J65 -> 23166629
C66: SUBTOTAL PINTURAS | K66: =SUM(K58:K65) -> 98163925
C67: 10 | G67: CUBIERTA
C68: 10.1 | G68: SUMINISTRO E INSTALACION DE ESTRUCTURA METALICA PARA CUBIERTA | H68: M2 | I68: 238.62 | J68: ='10.1'!O66 -> 61846 | K68: =+I68*J68 -> 14757693
C69: 10.2 | G69: TEJA EN LÁMINA GALVANIZADA CAL 26 PINTADA | H69: M2 | I69: 345.12 | J69: ='ICCU 10.2'!O66 -> 79167 | K69: =+I69*J69 -> 27322115
C70: 10.3 | G70: FLANCHE EN LÁMINA GALVANIZADA CAL. 22; DS=20 | H70: ML | I70: 148.5 | J70: ='ICCU 10.3'!O66 -> 31546 | K70: =+I70*J70 -> 4684581
C71: 10.4 | G71: LIMPIEZA Y MANTENIMIENTO PREVENTIVO DE CUBIERTA (INCLUYE TAPAR GOTERAS) | H71: M2 | I71: 246.58 | J71: 30744 | K71: =+I71*J71 -> 7580855.5
C72: 10.5 | G72: CINTA MULTISEAL | H72: ML | I72: 50 | J72: ='10.5'!O66 -> 72540 | K72: =+I72*J72 -> 3627000
C73: 10.6 | G73: CANAL EN LÁMINA GALVANIZADA CAL. 22; DS=50 | H73: ML | I73: 42.6 | J73: ='ICCU 10.6'!O66 -> 50225 | K73: =+I73*J73 -> 2139585
C74: 10.7 | G74: BAJANTE PVC AGUAS LLUVIAS D=3". INC ACCESORIOS | H74: ML | I74: 21 | J74: ='ICCU 10.7'!O66 -> 38754 | K74: =+I74*J74 -> 813834
C75: SUBTOTAL CUBIERTA | K75: =SUM(K68:K74) -> 60925663
C76: 11 | G76: CARPINTERÍA METÁLICA
C77: 11.1 | G77: VENTANA EN ALUMINIO CORREDIZA | H77: M2 | I77: 1.2 | J77: ='ICCU 11.1'!O65 -> 414373 | K77: =+I77*J77 -> 497247.6
C78: 11.2 | G78: PUERTA EN LAMINA CAL 18 INC. ANTICORROSIVO | H78: M2 | I78: 1.4 | J78: ='ICCU 11.2'!O65 -> 342136 | K78: =+I78*J78 -> 478990.4
C79: 11.3 | G79: PUERTA VENTANA EN LAMINA CAL 18 INC. ANTICORROSIVO | H79: M2 | I79: 3.2 | J79: ='ICCU 11.3'!O65 -> 224461 | K79: =+I79*J79 -> 718275.2
C80: SUBTOTAL CARPINTERIA METALICA | K80: =SUM(K77:K79) -> 1694513.2
C81: 12 | G81: INSTALACIONES ELÉCTRICAS
C82: 12.1 | G82: REGATA | H82: ML | I82: 8.73 | J82: ='12.1'!O65 -> 7081 | K82: =+I82*J82 -> 61817.13
C83: 12.2 | G83: CANALETA PLÁSTICA 13X7 MM | H83: ML | I83: 24.83 | J83: ='12.2'!O65 -> 8862 | K83: =+I83*J83 -> 220043.46
C84: 12.3 | G84: SALIDA LÁMPARA TOMA PVC COMPLETA. INC INTERRUPTOR | H84: UN | I84: 6 | J84: ='ICCU 12.3'!O66 -> 127980 | K84: =+I84*J84 -> 767880
C85: 12.4 | G85: LUMINARIA PANEL LED REDONDO - 24W - 4000K/6000K - IP20 - 120V - DE INCRUSTAR 30cmX3cm | H85: UN | I85: 107 | J85: ='ICCU 12.4'!O66 -> 59241 | K85: =+I85*J85 -> 6338787
C86: 12.5 | G86: DESMONTE DE LUMINARIA PANEL LED CUADRADA - 32W - 40W - 4000K/6000K - IP20 - 120V | H86: UN | I86: 107 | J86: ='12.5'!O66 -> 23002 | K86: =+I86*J86 -> 2461214
C87: 12.6 | G87: SALIDA TOMA DOBLE COMPLETA | H87: UN | I87: 12 | J87: ='ICCU 12.6'!O65 -> 102305 | K87: =+I87*J87 -> 1227660
C88: 12.7 | G88: PANEL LED SOBREPONER REDONDO 1350 LÚMENES 18W LUZ FRÍA CERTIFICADO | H88: UN | I88: 21 | J88: ='12.7'!O65 -> 41648 | K88: =+I88*J88 -> 874608
C89: 12.8 | G89: INSTALACION DE AIRE ACONDICIONADO DE 18000 BTU | H89: UN | I89: 5 | J89: ='12.8'!O65 -> 367769 | K89: =+I89*J89 -> 1838845
C90: 12.9 | G90: INSTALACION DE VENTILADOR DE TECHO INDUSTRIAL SIN LUZ 7946CFM 5 VELOCIDADES 3 ASPAS 142 CM CON CONTROL PARED KDK | H90: UN | I90: 2 | J90: ='12.9'!O65 -> 64981 | K90: =+I90*J90 -> 129962
C91: SUBTOTAL INSTALACIONES ELECTRICAS | K91: =SUM(K82:K90) -> 13920817
C92: 13 | G92: CARPINTERÍA EN MADERA
C93: 13.1 | G93: VIDRIO TRANSPARENTE 3 mm | H93: M2 | I93: 2.4 | J93: ='ICCU 13.1'!O65 -> 56604 | K93: =+I93*J93 -> 135849.6
C94: SUBTOTAL CARPINTERIA EN MADERA | K94: =SUM(K93) -> 135849.6
C95: 14 | G95: APARATOS SANITARIOS
C96: 14.1 | G96: SUMINISTRO E INSTALACIÓN LAVAMANOS DE EMPOTRAR (INCLUYE GRIFERÍA) | H96: UN | I96: 1 | J96: ='ICCU 14.1'!O65 -> 246963 | K96: =+I96*J96 -> 246963
C97: SUBTOTAL APARATOS SANITARIOS | K97: =SUM(K96) -> 246963
C98: 15 | G98: CARPINTERÍA METÁLICA
C99: 15.1 | G99: MARCO PARA PUERTA EN LÁMINA CAL 18-0.8. INC ANTICORROSIVO | H99: UN | I99: 4 | J99: ='ICCU 15.1'!O65 -> 236384 | K99: =+I99*J99 -> 945536
C100: 15.2 | G100: PUERTA EN REJA RECTANCULAR 1/2 " INC. ANTICORROSIVO | H100: M2 | I100: 2.43 | J100: ='15.2'!O65 -> 188249 | K100: =+I100*J100 -> 457445.07
C101: 15.3 | G101: HOJA PUERTA ENTAMBORADA TRIPLEX-TABLEX 0.76-1.0 M | H101: UN | I101: 1 | J101: ='15.3'!O65 -> 250276 | K101: =+I101*J101 -> 250276
C102: 15.4 | G102: KIT PASAMANOS ACERO INOX REDONDO 1,50 ML | H102: ML | I102: 10.8 | J102: ='15.4'!O65 -> 215610 | K102: =+I102*J102 -> 2328588
C103: 15.5 | G103: BARANDA EN TUBERIA A.N 2" Y 1 1/2", INC ANCLAJES, PLATINAS, ANTICORROSIVO Y ESMALTE | H103: ML | I103: 7.6 | J103: ='ICCU 15.5'!O65 -> 259774 | K103: =+I103*J103 -> 1974282.4
C104: SUBTOTAL CARPINTERIA METALICA | K104: =SUM(K99:K103) -> 5956127.5
...

Sheet OFERTA ECONOMICA
C3: Formulario 1 A - Oferta económica - Documento tipo de selección abreviada de menor cuantía - versión 1
C4: Versión: 1 del 21 de agosto de 2025
C5: [La Entidad puede utilizar este Formulario de detalle del Presupuesto Oficial para determinar las condiciones bajo las cuales los Proponentes analizarán y presentarán su propuesta económica de forma detallada, sin perjuicio que la Entidad pueda modificarlo o establecer la presentación de la oferta económica con un Formulario distinto al indicado.]
C7: Adicionalmente, cuando el Proceso de Contratación es estructurado por Precios Unitarios, la Entidad debe aplicar las notas 1, 2 y 3 del presente Formulario y las casillas de "Descripción", "Porcentaje" de la Administración, Imprevisto, Utilidad y total A.I.U. resaltadas en color amarillo. Tratándose de otras modalidades de precio, la Entidad puede o no configurar los mismos aspectos.
C9: Nº | D9: ÍTEM DE PAGO | E9: ESPECIFICACIONES | G9: DESCRIPCIÓN | H9: UND. | I9: CANTIDAD | J9: VALOR UNITARIO | K9: VALOR TOTAL
E10: GENERAL | F10: PARTICULAR
C11: 1 | G11: OBRAS PRELIMINARES
C12: 1.1 | G12: DEMOLICIÓN CIELO RASO FALSO | H12: M2 | I12: 659.5 | K12: =+I12*J12 -> 0
C13: 1.2 | G13: DEMOLICIÓN PLACA PISO 0.10M, INC RETIRO | H13: M2 | I13: 32.91 | K13: =+I13*J13 -> 0
C14: 1.3 | G14: DESMONTE DE CUBIERTAS (ASBESTO CEMENTO) | H14: M2 | I14: 99.18 | K14: =+I14*J14 -> 0
C15: 1.4 | G15: DEMOLICIÓN PAÑETE | H15: M2 | I15: 40.6 | K15: =+I15*J15 -> 0
C16: 1.5 | G16: DESMONTE E INSTALACION DE VENTILADOR DE TECHO | H16: UN | I16: 6 | K16: =+I16*J16 -> 0
C17: 1.6 | G17: DESMONTE APARATOS SANITARIOS, INC RETIRO | H17: UN | I17: 1 | K17: =+I17*J17 -> 0
C18: 1.7 | G18: DEMOLICIÓN PLACA MACIZA 0.10 M, INC RETIRO INC RETIRO | H18: M2 | I18: 15.52 | K18: =+I18*J18 -> 0
C19: 1.8 | G19: DEMOLICIÓN MUROS EN MAMPOSTERÍA 0.15 M, INC RETIRO | H19: M2 | I19: 47.37 | K19: =+I19*J19 -> 0
C20: 1.9 | G20: RETIRO DE SOBRANTES A UNA DISTANCIA DE 5 KM (INCLUYE CARGUE Y BOTADERO AUTORIZADO) | H20: M3 | I20: 2.55 | K20: =+I20*J20 -> 0
C21: 1.10 | G21: DESCAPOTE MANUAL Y RETIRO E= 0.20 M APILE A 15 M | H21: M2 | I21: 19.98 | K21: =+I21*J21 -> 0
C22: SUBTOTAL OBRAS PRELIMINARES | K22: =SUM(K12:K21) -> 0
C23: 2 | G23: EXCAVACIONES Y RELLENOS
C24: 2.1 | G24: EXCAVACIÓN MANUAL EN MATERIAL COMÚN H=0.0-2.0 M (INCLUYE RETIRO DE SOBRANTES A UNA DISTANCIA MENOR DE 5 KM) | H24: M3 | I24: 10.63 | K24: =+I24*J24 -> 0
C25: 2.2 | G25: RELLENO EN RECEBO COMÚN COMPACTADO MECÁNICAMENTE | H25: M3 | I25: 4.19 | K25: =+I25*J25 -> 0
C26: SUBTOTAL EXCAVACIONES Y RELLENOS | K26: =SUM(K24:K25) -> 0
C27: 3 | G27: CIMIENTOS
C28: 3.1 | G28: VIGA AMARRE EN CONCRETO 3500 PSI | H28: M3 | I28: 1.17 | K28: =+I28*J28 -> 0
C29: 3.2 | G29: ZAPATAS EN CONCRETO 3500PSI | H29: M3 | I29: 0.77 | K29: =+I29*J29 -> 0
C30: SUBTOTAL CIMIENTOS | K30: =SUM(K28:K29) -> 0
C31: 4 | G31: ESTRUCTURAS EN CONCRETO
C32: 4.1 | G32: COLUMNAS 3500 PSI | H32: M3 | I32: 0.89 | K32: =+I32*J32 -> 0
C33: 4.2 | G33: VIGA AÉREA 3500 PSI | H33: M3 | I33: 1.15 | K33: =+I33*J33 -> 0
C34: 4.3 | G34: ACERO FIGURADO 60000 PSI | H34: KG | I34: 915.57 | K34: =+I34*J34 -> 0
C35: 4.4 | G35: ESCALERA MACIZA 3500 PSI | H35: M3 | I35: 1.33 | K35: =+I35*J35 -> 0
C36: 4.5 | G36: ENTREPISO PLACA MACIZA 3500 PSI E=0.15 M | H36: M2 | I36: 3.75 | K36: =+I36*J36 -> 0
C37: 4.6 | G37: CONCRETO CICLÓPEO 2000 PSI, 40% RAJÓN | H37: M3 | I37: 0.64 | K37: =+I37*J37 -> 0
C38: SUBTOTAL ESTRUCTURAS EN CONCRETO | K38: =SUM(K32:K37) -> 0
C39: 5 | G39: MAMPOSTERÍA
C40: 5.1 | G40: MURO DRYWALL DOBLE CARA 0.12 M | H40: M2 | I40: 17.51 | K40: =+I40*J40 -> 0
C41: 5.2 | G41: MURO SUPERBOARD 8MM DOBLE CARA 0.12 M | H41: M2 | I41: 20.91 | K41: =+I41*J41 -> 0
C42: 5.3 | G42: MURO EN BLOQUE No. 5 E=0.12 | H42: M2 | I42: 28.55 | K42: =+I42*J42 -> 0
C43: 5.4 | G43: DINTELES CONCRETO DE 2500 PSI 15x20, INC. ACERO | H43: ML | I43: 4.9 | K43: =+I43*J43 -> 0
C44: SUBTOTAL MAMPOSTERIA | K44: =SUM(K40:K43) -> 0
C45: 6 | G45: PAÑETES, REVOQUES Y REPELLOS
C46: 6.1 | G46: PAÑETE LISO MUROS 1:4, E=1.5 CM | H46: M2 | I46: 44.92 | K46: =+I46*J46 -> 0
C47: 6.2 | G47: IMPERMEABILIZACIÓN INTEGRAL MORTERO SIKA | H47: M2 | I47: 3.75 | K47: =+I47*J47 -> 0
C48: SUBTOTAL PAÑETES, REVOQUES Y RELLENOS | K48: =SUM(K46:K47) -> 0
C49: 7 | G49: PISOS BASES
C50: 7.1 | G50: PLACA BASE CONCRETO 0.10 2500 PSI | H50: M2 | I50: 8.56 | K50: =+I50*J50 -> 0
C51: SUBTOTAL PISOS BASES | K51: =SUM(K50) -> 0
C52: 8 | G52: CIELO RASO
C53: 8.1 | G53: CIELO RASO EN PVC e=7 mm (INCLUYE ESTRUCTURA DE APOYO) | H53: M2 | I53: 666.98 | K53: =+I53*J53 -> 0
C54: 8.2 | G54: CIELO RASO PLANO DRYWALL (INCLUYE PINTURA) | H54: M2 | I54: 71.49 | K54: =+I54*J54 -> 0
C55: 8.3 | G55: ARMADURA MADERA Y MALLA | H55: M2 | I55: 4.05 | K55: =+I55*J55 -> 0
C56: SUBTOTAL CIELO RASO | K56: =SUM(K53:K55) -> 0
C57: 9 | G57: PINTURAS
C58: 9.1 | G58: SELLADO DE VENTANAS | H58: ML | I58: 79.24 | K58: =+I58*J58 -> 0
C59: 9.2 | G59: IMPERMEABILIZACIÓN PLACA EN SIKAFILL POWER 12 AÑOS | H59: M2 | I59: 229.72 | K59: =+I59*J59 -> 0
C60: 9.3 | G60: IMPERMEABILIZACIÓN FACHADA EN SIKA TRANSPARENTE 10 AÑOS | H60: M2 | I60: 149.7 | K60: =+I60*J60 -> 0
C61: 9.4 | G61: COLORPLAST FACHADA SOBRE FACHADA | H61: M2 | I61: 16.37 | K61: =+I61*J61 -> 0
C62: 9.5 | G62: VINILO SOBRE PAÑETE 2 MANOS | H62: M2 | I62: 88.74 | K62: =+I62*J62 -> 0
C63: 9.6 | G63: ESTUCO Y VINILO 3 MANOS | H63: M2 | I63: 1196.47 | K63: =+I63*J63 -> 0
C64: 9.7 | G64: VINILO 3 MANOS | H64: M2 | I64: 264.36 | K64: =+I64*J64 -> 0
C65: 9.8 | G65: PINTURA TIPO KORAZA PARA EXTERIOR | H65: M2 | I65: 844.29568 | K65: =+I65*J65 -> 0
C66: SUBTOTAL PINTURAS | K66: =SUM(K58:K65) -> 0
C67: 10 | G67: CUBIERTA
C68: 10.1 | G68: SUMINISTRO E INSTALACION DE ESTRUCTURA METALICA PARA CUBIERTA | H68: M2 | I68: 238.62 | K68: =+I68*J68 -> 0
C69: 10.2 | G69: TEJA EN LÁMINA GALVANIZADA CAL 26 PINTADA | H69: M2 | I69: 345.12 | K69: =+I69*J69 -> 0
C70: 10.3 | G70: FLANCHE EN LÁMINA GALVANIZADA CAL. 22; DS=20 | H70: ML | I70: 148.5 | K70: =+I70*J70 -> 0
C71: 10.4 | G71: LIMPIEZA Y MANTENIMIENTO PREVENTIVO DE CUBIERTA (INCLUYE TAPAR GOTERAS) | H71: M2 | I71: 246.58 | K71: =+I71*J71 -> 0
C72: 10.5 | G72: CINTA MULTISEAL | H72: ML | I72: 50 | K72: =+I72*J72 -> 0
C73: 10.6 | G73: CANAL EN LÁMINA GALVANIZADA CAL. 22; DS=50 | H73: ML | I73: 42.6 | K73: =+I73*J73 -> 0
C74: 10.7 | G74: BAJANTE PVC AGUAS LLUVIAS D=3". INC ACCESORIOS | H74: ML | I74: 21 | K74: =+I74*J74 -> 0
C75: SUBTOTAL CUBIERTA | K75: =SUM(K68:K74) -> 0
C76: 11 | G76: CARPINTERÍA METÁLICA
C77: 11.1 | G77: VENTANA EN ALUMINIO CORREDIZA | H77: M2 | I77: 1.2 | K77: =+I77*J77 -> 0
C78: 11.2 | G78: PUERTA EN LAMINA CAL 18 INC. ANTICORROSIVO | H78: M2 | I78: 1.4 | K78: =+I78*J78 -> 0
C79: 11.3 | G79: PUERTA VENTANA EN LAMINA CAL 18 INC. ANTICORROSIVO | H79: M2 | I79: 3.2 | K79: =+I79*J79 -> 0
C80: SUBTOTAL CARPINTERIA METALICA | K80: =SUM(K77:K79) -> 0
C81: 12 | G81: INSTALACIONES ELÉCTRICAS
C82: 12.1 | G82: REGATA | H82: ML | I82: 8.73 | K82: =+I82*J82 -> 0
C83: 12.2 | G83: CANALETA PLÁSTICA 13X7 MM | H83: ML | I83: 24.83 | K83: =+I83*J83 -> 0
C84: 12.3 | G84: SALIDA LÁMPARA TOMA PVC COMPLETA. INC INTERRUPTOR | H84: UN | I84: 6 | K84: =+I84*J84 -> 0
C85: 12.4 | G85: LUMINARIA PANEL LED REDONDO - 24W - 4000K/6000K - IP20 - 120V - DE INCRUSTAR 30cmX3cm | H85: UN | I85: 107 | K85: =+I85*J85 -> 0
C86: 12.5 | G86: DESMONTE DE LUMINARIA PANEL LED CUADRADA - 32W - 40W - 4000K/6000K - IP20 - 120V | H86: UN | I86: 107 | K86: =+I86*J86 -> 0
C87: 12.6 | G87: SALIDA TOMA DOBLE COMPLETA | H87: UN | I87: 12 | K87: =+I87*J87 -> 0
C88: 12.7 | G88: PANEL LED SOBREPONER REDONDO 1350 LÚMENES 18W LUZ FRÍA CERTIFICADO | H88: UN | I88: 21 | K88: =+I88*J88 -> 0
C89: 12.8 | G89: INSTALACION DE AIRE ACONDICIONADO DE 18000 BTU | H89: UN | I89: 5 | K89: =+I89*J89 -> 0
C90: 12.9 | G90: INSTALACION DE VENTILADOR DE TECHO INDUSTRIAL SIN LUZ 7946CFM 5 VELOCIDADES 3 ASPAS 142 CM CON CONTROL PARED KDK | H90: UN | I90: 2 | K90: =+I90*J90 -> 0
C91: SUBTOTAL INSTALACIONES ELECTRICAS | K91: =SUM(K82:K90) -> 0
C92: 13 | G92: CARPINTERÍA EN MADERA
C93: 13.1 | G93: VIDRIO TRANSPARENTE 3 mm | H93: M2 | I93: 2.4 | K93: =+I93*J93 -> 0
C94: SUBTOTAL CARPINTERIA EN MADERA | K94: =SUM(K93) -> 0
C95: 14 | G95: APARATOS SANITARIOS
C96: 14.1 | G96: SUMINISTRO E INSTALACIÓN LAVAMANOS DE EMPOTRAR (INCLUYE GRIFERÍA) | H96: UN | I96: 1 | K96: =+I96*J96 -> 0
C97: SUBTOTAL APARATOS SANITARIOS | K97: =SUM(K96) -> 0
C98: 15 | G98: CARPINTERÍA METÁLICA
C99: 15.1 | G99: MARCO PARA PUERTA EN LÁMINA CAL 18-0.8. INC ANTICORROSIVO | H99: UN | I99: 4 | K99: =+I99*J99 -> 0
C100: 15.2 | G100: PUERTA EN REJA RECTANCULAR 1/2 " INC. ANTICORROSIVO | H100: M2 | I100: 2.43 | K100: =+I100*J100 -> 0
C101: 15.3 | G101: HOJA PUERTA ENTAMBORADA TRIPLEX-TABLEX 0.76-1.0 M | H101: UN | I101: 1 | K101: =+I101*J101 -> 0
C102: 15.4 | G102: KIT PASAMANOS ACERO INOX REDONDO 1,50 ML | H102: ML | I102: 10.8 | K102: =+I102*J102 -> 0
C103: 15.5 | G103: BARANDA EN TUBERIA A.N 2" Y 1 1/2", INC ANCLAJES, PLATINAS, ANTICORROSIVO Y ESMALTE | H103: ML | I103: 7.6 | K103: =+I103*J103 -> 0
C104: SUBTOTAL CARPINTERIA METALICA | K104: =SUM(K99:K103) -> 0
...

Sheet ICCU 1.1
C3: Formulario 1 - Propuesta económica - Documento tipo de selección abreviada de menor cuantía - versión 1
C4: Versión: 1 del 21 de agosto de 2025
C6: [La Entidad podrá utilizar este Formato para la presentación de los análisis de Precios Unitarios del Contratista en la oportunidad prevista en el numeral 8.2. del Documento Base]
D9: MUNICIPIO DE EL ESPINAL
L10: VERSIÓN
D11: [NÚMERO DEL PROCESO]
L12: PÁGINA | M12: 1 | N12: DE | O12: 1
D14: ANÁLISIS DE PRECIOS UNITARIOS
L16: FECHA | M16: DD | N16: MM | O16: AA
C18: ÍTEMS DE LA PROPUESTA ECONÓMICA
C22: DATOS ESPECÍFICOS
C24: ÍTEM | D24: DESCRIPCIÓN | M24: UNIDAD | O24: CANTIDAD
C25: 1.1 | D25: DEMOLICIÓN CIELO RASO FALSO, INC RETIRO | M25: M2
C26: I. EQUIPO
C29: DESCRIPCIÓN | H29: UNIDAD | J29: TIPO | L29: TARIFA | M29: RENDIMIENTO | O29: Vr. UNITARIO
C30: VOLQUETA M3 | H30: H | L30: 83867 | M30: 40 | O30: =L30/M30 -> 2096.675
C31: HERRAMIENTA MENOR | H31: GL | L31: 758.73 | M31: 1 | O31: =L31/M31 -> 758.73
C32: SECCION DE 1,4 POR 1,4 H=2,0 - ANDAMIO CERTIFICADO | H32: D | L32: 30900 | M32: 20 | O32: =L32/M32 -> 1545
C33: SUBTOTAL $ | O33: =SUM(O30:O32) -> 4400.405
C34: II. MATERIALES
C37: DESCRIPCIÓN | K37: UNIDAD | L37: CANTIDAD | M37: PRECIO UNIT. | O37: Vr. UNITARIO
C40: SUBTOTAL $ | O40: 0
C41: III. TRANSPORTES
C44: MATERIAL | J44: VOL. o PESO | K44: DISTANCIA | L44: M3 o Ton/Km | M44: TARIFA | O44: Vr. UNITARIO
C47: SUBTOTAL $
C48: IV. MANO DE OBRA
C51: TRABAJADOR | J51: JORNAL | K51: PRESTACIONES | L51: HORA TOTAL | M51: RENDIMIENTO | O51: Vr. UNITARIO
C52: AYUDANTE (2) AA | J52: 151745 | K52: 2 | L52: =J52*K52 -> 303490 | M52: 20 | O52: =L52/M52 -> 15174.5
C56: SUBTOTAL $ | O56: =SUM(O52) -> 15174.5
C58: TOTAL COSTO DIRECTO $ | O58: =ROUND(O33+O56,0) -> 19575
C59: V. COSTOS INDIRECTOS
C62: Descripción | L62: Porcentaje | M62: Valor Total
C63: ADMINISTRACION
C64: IMPREVISTOS
C65: UTILIDAD
C66: SUBTOTAL $
C68: Precio Unitario Total Aproximado al peso $
C70: Firma | H70: Firma
C71: Nombre: JUAN FELIPE VARON VASQUEZ | H71: Nombre: RICARDO JOSE GUTIERREZ PARRA
C72: SECRETARIO DE PLANEACION INFRAESTRUCTURA Y MEDIO AMBIENTE | H72: DIRECTOR ADMINISTRATIVO DE INFRAESTRUCTURA
C73: CEDULA : | H73: CEDULA :
C75: OBSERVACIONES INTERVENTORÍA
C79: APROBACIÓN POR INTERVENTORÍA
C80: Nota 1: Cuando se trate de análisis de Precios Unitarios correspondientes a ítems de la propuesta económica aprobada, el Interventor aprueba el desglose de los componentes manteniendo el mismo Precio Unitario de cada ítem, cumpliendo con las especificaciones de construcción vigentes para el proyecto.
C82: Nota 2: Cuando se trate de análisis de Precios Unitarios de ítems no previstos, el Interventor aprueba el desglose y Precio Unitario de cada ítem no previsto, exigiendo la aplicación de los costos correspondientes a insumos y tarifas de la propuesta económica inicial cuando estén contemplados, cumpliendo con las especificaciones de construcción vigente para el proyecto.
H85: Firma
H86: Nombre:
H87: Representante legal
H88: Matricula :

Sheet ICCU 1.2
C3: Formulario 1 - Propuesta económica - Documento tipo de selección abreviada de menor cuantía - versión 1
C4: Versión: 1 del 21 de agosto de 2025
C6: [La Entidad podrá utilizar este Formato para la presentación de los análisis de Precios Unitarios del Contratista en la oportunidad prevista en el numeral 8.2. del Documento Base]
D9: MUNICIPIO DE EL ESPINAL
L10: VERSIÓN
D11: [NÚMERO DEL PROCESO]
L12: PÁGINA | M12: 1 | N12: DE | O12: 1
D14: ANÁLISIS DE PRECIOS UNITARIOS
L16: FECHA | M16: DD | N16: MM | O16: AA
C18: ÍTEMS DE LA PROPUESTA ECONÓMICA
C22: DATOS ESPECÍFICOS
C24: ÍTEM | D24: DESCRIPCIÓN | M24: UNIDAD | O24: CANTIDAD
C25: 1.2 | D25: DEMOLICIÓN PLACA PISO 0.10M, INC RETIRO | M25: M2
C26: I. EQUIPO
C29: DESCRIPCIÓN | H29: UNIDAD | J29: TIPO | L29: TARIFA | M29: RENDIMIENTO | O29: Vr. UNITARIO
C30: VOLQUETA M3 | H30: H | L30: 83867 | M30: 24 | O30: =L30/M30 -> 3494.4583
C31: HERRAMIENTA MENOR | H31: GL | L31: 1243.82 | M31: 1 | O31: =L31/M31 -> 1243.82
C33: SUBTOTAL $ | O33: =SUM(O30:O32) -> 4738.2783
C34: II. MATERIALES
C37: DESCRIPCIÓN | K37: UNIDAD | L37: CANTIDAD | M37: PRECIO UNIT. | O37: Vr. UNITARIO
C40: SUBTOTAL $ | O40: 0
C41: III. TRANSPORTES
C44: MATERIAL | J44: VOL. o PESO | K44: DISTANCIA | L44: M3 o Ton/Km | M44: TARIFA | O44: Vr. UNITARIO
C47: SUBTOTAL $
C48: IV. MANO DE OBRA
C51: TRABAJADOR | J51: JORNAL | K51: PRESTACIONES | L51: HORA TOTAL | M51: RENDIMIENTO | O51: Vr. UNITARIO
C52: AYUDANTE (1) AA | J52: 75873 | K52: 2 | L52: =J52*K52 -> 151746 | M52: 6.1 | O52: =L52/M52 -> 24876.393
C56: SUBTOTAL $ | O56: =SUM(O52) -> 24876.393
C58: TOTAL COSTO DIRECTO $ | O58: =ROUND(O33+O56,0) -> 29615
C59: V. COSTOS INDIRECTOS
C62: Descripción | L62: Porcentaje | M62: Valor Total
C63: ADMINISTRACION
C64: IMPREVISTOS
C65: UTILIDAD
C66: SUBTOTAL $
C68: Precio Unitario Total Aproximado al peso $
C70: Firma | H70: Firma
C71: Nombre: JUAN FELIPE VARON VASQUEZ | H71: Nombre: RICARDO JOSE GUTIERREZ PARRA
C72: SECRETARIO DE PLANEACION INFRAESTRUCTURA Y MEDIO AMBIENTE | H72: DIRECTOR ADMINISTRATIVO DE INFRAESTRUCTURA
C73: CEDULA : | H73: CEDULA :
C75: OBSERVACIONES INTERVENTORÍA
C79: APROBACIÓN POR INTERVENTORÍA
C80: Nota 1: Cuando se trate de análisis de Precios Unitarios correspondientes a ítems de la propuesta económica aprobada, el Interventor aprueba el desglose de los componentes manteniendo el mismo Precio Unitario de cada ítem, cumpliendo con las especificaciones de construcción vigentes para el proyecto.
C82: Nota 2: Cuando se trate de análisis de Precios Unitarios de ítems no previstos, el Interventor aprueba el desglose y Precio Unitario de cada ítem no previsto, exigiendo la aplicación de los costos correspondientes a insumos y tarifas de la propuesta económica inicial cuando estén contemplados, cumpliendo con las especificaciones de construcción vigente para el proyecto.
H85: Firma
H86: Nombre:
H87: Representante legal
H88: Matricula :

Sheet ICCU 1.3
C3: Formulario 1 - Propuesta económica - Documento tipo de selección abreviada de menor cuantía - versión 1
C4: Versión: 1 del 21 de agosto de 2025
C6: [La Entidad podrá utilizar este Formato para la presentación de los análisis de Precios Unitarios del Contratista en la oportunidad prevista en el numeral 8.2. del Documento Base]
D9: MUNICIPIO DE EL ESPINAL
L10: VERSIÓN
D11: [NÚMERO DEL PROCESO]
L12: PÁGINA | M12: 1 | N12: DE | O12: 1
D14: ANÁLISIS DE PRECIOS UNITARIOS
L16: FECHA | M16: DD | N16: MM | O16: AA
C18: ÍTEMS DE LA PROPUESTA ECONÓMICA
C22: DATOS ESPECÍFICOS
C24: ÍTEM | D24: DESCRIPCIÓN | M24: UNIDAD | O24: CANTIDAD
C25: 1.3 | D25: DESMONTE DE CUBIERTAS (ASBESTO CEMENTO), INC RETIRO | M25: M2
C26: I. EQUIPO
C29: DESCRIPCIÓN | H29: UNIDAD | J29: TIPO | L29: TARIFA | M29: RENDIMIENTO | O29: Vr. UNITARIO
C30: VOLQUETA M3 | H30: H | L30: 83867 | M30: 20 | O30: =L30/M30 -> 4193.35
C31: HERRAMIENTA MENOR | H31: GL | L31: 758.73 | M31: 1 | O31: =L31/M31 -> 758.73
C32: SECCION DE 1,4 POR 1,4 H=2,0 - ANDAMIO CERTIFICADO | H32: D | L32: 30900 | M32: 20 | O32: =L32/M32 -> 1545
C33: SUBTOTAL $ | O33: =SUM(O30:O32) -> 6497.08
C34: II. MATERIALES
C37: DESCRIPCIÓN | K37: UNIDAD | L37: CANTIDAD | M37: PRECIO UNIT. | O37: Vr. UNITARIO
C40: SUBTOTAL $ | O40: 0
C41: III. TRANSPORTES
C44: MATERIAL | J44: VOL. o PESO | K44: DISTANCIA | L44: M3 o Ton/Km | M44: TARIFA | O44: Vr. UNITARIO
C47: SUBTOTAL $
C48: IV. MANO DE OBRA
C51: TRABAJADOR | J51: JORNAL | K51: PRESTACIONES | L51: HORA TOTAL | M51: RENDIMIENTO | O51: Vr. UNITARIO
C52: AYUDANTE (2) AA | J52: 151745 | K52: 2 | L52: =J52*K52 -> 303490 | M52: 20 | O52: =L52/M52 -> 15174.5
C56: SUBTOTAL $ | O56: =SUM(O52) -> 15174.5
C58: TOTAL COSTO DIRECTO $ | O58: =ROUND(O33+O56,0) -> 21672
C59: V. COSTOS INDIRECTOS
C62: Descripción | L62: Porcentaje | M62: Valor Total
C63: ADMINISTRACION
C64: IMPREVISTOS
C65: UTILIDAD
C66: SUBTOTAL $
C68: Precio Unitario Total Aproximado al peso $
C70: Firma | H70: Firma
C71: Nombre: JUAN FELIPE VARON VASQUEZ | H71: Nombre: RICARDO JOSE GUTIERREZ PARRA
C72: SECRETARIO DE PLANEACION INFRAESTRUCTURA Y MEDIO AMBIENTE | H72: DIRECTOR ADMINISTRATIVO DE INFRAESTRUCTURA
C73: CEDULA : | H73: CEDULA :
C75: OBSERVACIONES INTERVENTORÍA
C79: APROBACIÓN POR INTERVENTORÍA
C80: Nota 1: Cuando se trate de análisis de Precios Unitarios correspondientes a ítems de la propuesta económica aprobada, el Interventor aprueba el desglose de los componentes manteniendo el mismo Precio Unitario de cada ítem, cumpliendo con las especificaciones de construcción vigentes para el proyecto.
C82: Nota 2: Cuando se trate de análisis de Precios Unitarios de ítems no previstos, el Interventor aprueba el desglose y Precio Unitario de cada ítem no previsto, exigiendo la aplicación de los costos correspondientes a insumos y tarifas de la propuesta económica inicial cuando estén contemplados, cumpliendo con las especificaciones de construcción vigente para el proyecto.
H85: Firma
H86: Nombre:
H87: Representante legal
H88: Matricula :

Sheet ICCU 1.4
C3: Formulario 1 - Propuesta económica - Documento tipo de selección abreviada de menor cuantía - versión 1
C4: Versión: 1 del 21 de agosto de 2025
C6: [La Entidad podrá utilizar este Formato para la presentación de los análisis de Precios Unitarios del Contratista en la oportunidad prevista en el numeral 8.2. del Documento Base]
D9: MUNICIPIO DE EL ESPINAL
L10: VERSIÓN
D11: [NÚMERO DEL PROCESO]
L12: PÁGINA | M12: 1 | N12: DE | O12: 1
D14: ANÁLISIS DE PRECIOS UNITARIOS
L16: FECHA | M16: DD | N16: MM | O16: AA
C18: ÍTEMS DE LA PROPUESTA ECONÓMICA
C22: DATOS ESPECÍFICOS
C24: ÍTEM | D24: DESCRIPCIÓN | M24: UNIDAD | O24: CANTIDAD
C25: 1.4 | D25: DEMOLICIÓN PAÑETE, INC RETIRO | M25: M2
C26: I. EQUIPO
C29: DESCRIPCIÓN | H29: UNIDAD | J29: TIPO | L29: TARIFA | M29: RENDIMIENTO | O29: Vr. UNITARIO
C30: VOLQUETA M3 | H30: H | L30: 83867 | M30: 50 | O30: =L30/M30 -> 1677.34
C31: HERRAMIENTA MENOR | H31: GL | L31: 632.27 | M31: 1 | O31: =L31/M31 -> 632.27
C32: SECCION DE 1,4 POR 1,4 H=2,0 - ANDAMIO CERTIFICADO | H32: D | L32: 30900 | M32: 20 | O32: =L32/M32 -> 1545
C33: SUBTOTAL $ | O33: =SUM(O30:O32) -> 3854.61
C34: II. MATERIALES
C37: DESCRIPCIÓN | K37: UNIDAD | L37: CANTIDAD | M37: PRECIO UNIT. | O37: Vr. UNITARIO
C40: SUBTOTAL $ | O40: 0
C41: III. TRANSPORTES
C44: MATERIAL | J44: VOL. o PESO | K44: DISTANCIA | L44: M3 o Ton/Km | M44: TARIFA | O44: Vr. UNITARIO
C47: SUBTOTAL $
C48: IV. MANO DE OBRA
C51: TRABAJADOR | J51: JORNAL | K51: PRESTACIONES | L51: HORA TOTAL | M51: RENDIMIENTO | O51: Vr. UNITARIO
C52: AYUDANTE (2) AA | J52: 151745 | K52: 2 | L52: =J52*K52 -> 303490 | M52: 20 | O52: =L52/M52 -> 15174.5
C56: SUBTOTAL $ | O56: =SUM(O52) -> 15174.5
C58: TOTAL COSTO DIRECTO $ | O58: =ROUND(O33+O56,0) -> 19029
C59: V. COSTOS INDIRECTOS
C62: Descripción | L62: Porcentaje | M62: Valor Total
C63: ADMINISTRACION
C64: IMPREVISTOS
C65: UTILIDAD
C66: SUBTOTAL $
C68: Precio Unitario Total Aproximado al peso $
C70: Firma | H70: Firma
C71: Nombre: JUAN FELIPE VARON VASQUEZ | H71: Nombre: RICARDO JOSE GUTIERREZ PARRA
C72: SECRETARIO DE PLANEACION INFRAESTRUCTURA Y MEDIO AMBIENTE | H72: DIRECTOR ADMINISTRATIVO DE INFRAESTRUCTURA
C73: CEDULA : | H73: CEDULA :
C75: OBSERVACIONES INTERVENTORÍA
C79: APROBACIÓN POR INTERVENTORÍA
C80: Nota 1: Cuando se trate de análisis de Precios Unitarios correspondientes a ítems de la propuesta económica aprobada, el Interventor aprueba el desglose de los componentes manteniendo el mismo Precio Unitario de cada ítem, cumpliendo con las especificaciones de construcción vigentes para el proyecto.
C82: Nota 2: Cuando se trate de análisis de Precios Unitarios de ítems no previstos, el Interventor aprueba el desglose y Precio Unitario de cada ítem no previsto, exigiendo la aplicación de los costos correspondientes a insumos y tarifas de la propuesta económica inicial cuando estén contemplados, cumpliendo con las especificaciones de construcción vigente para el proyecto.
H85: Firma
H86: Nombre:
H87: Representante legal
H88: Matricula :

Sheet 1.5
C3: Formulario 1 - Propuesta económica - Documento tipo de selección abreviada de menor cuantía - versión 1
C4: Versión: 1 del 21 de agosto de 2025
C6: [La Entidad podrá utilizar este Formato para la presentación de los análisis de Precios Unitarios del Contratista en la oportunidad prevista en el numeral 8.2. del Documento Base]
D9: MUNICIPIO DE EL ESPINAL
L10: VERSIÓN
D11: [NÚMERO DEL PROCESO]
L12: PÁGINA | M12: 1 | N12: DE | O12: 1
D14: ANÁLISIS DE PRECIOS UNITARIOS
L16: FECHA | M16: DD | N16: MM | O16: AA
C18: ÍTEMS DE LA PROPUESTA ECONÓMICA
C22: DATOS ESPECÍFICOS
C24: ÍTEM | D24: DESCRIPCIÓN | M24: UNIDAD | O24: CANTIDAD
C25: 1.5 | D25: DESMONTE E INSTALACION DE VENTILADOR DE TECHO | M25: UN
C26: I. EQUIPO
C29: DESCRIPCIÓN | H29: UNIDAD | J29: TIPO | L29: TARIFA | M29: RENDIMIENTO | O29: Vr. UNITARIO
C30: HERRAMIENTA MENOR | H30: GL | L30: 1046.46 | M30: 1 | O30: =L30/M30 -> 1046.46
C31: SECCION DE 1,4 POR 1,4 H=2,0 - ANDAMIO CERTIFICADO | H31: D | L31: 30900 | M31: 20 | O31: =L31/M31 -> 1545
C32: SUBTOTAL $ | O32: =SUM(O30:O31) -> 2591.46
C33: II. MATERIALES
C36: DESCRIPCIÓN | K36: UNIDAD | L36: CANTIDAD | M36: PRECIO UNIT. | O36: Vr. UNITARIO
C39: SUBTOTAL $ | O39: 0
C40: III. TRANSPORTES
C43: MATERIAL | J43: VOL. o PESO | K43: DISTANCIA | L43: M3 o Ton/Km | M43: TARIFA | O43: Vr. UNITARIO
C46: SUBTOTAL $
C47: IV. MANO DE OBRA
C50: TRABAJADOR | J50: JORNAL | K50: PRESTACIONES | L50: HORA TOTAL | M50: RENDIMIENTO | O50: Vr. UNITARIO
C51: MANO DE OBRA BB | J51: 209292 | K51: 2 | L51: =J51*K51 -> 418584 | M51: 7 | O51: =L51/M51 -> 59797.714
C55: SUBTOTAL $ | O55: =SUM(O51) -> 59797.714
C57: TOTAL COSTO DIRECTO $ | O57: =ROUND(O32+O55,0) -> 62389
C58: V. COSTOS INDIRECTOS
C61: Descripción | L61: Porcentaje | M61: Valor Total
C62: ADMINISTRACION
C63: IMPREVISTOS
C64: UTILIDAD
C65: SUBTOTAL $
C67: Precio Unitario Total Aproximado al peso $
C69: Firma | H69: Firma
C70: Nombre: JUAN FELIPE VARON VASQUEZ | H70: Nombre: RICARDO JOSE GUTIERREZ PARRA
C71: SECRETARIO DE PLANEACION INFRAESTRUCTURA Y MEDIO AMBIENTE | H71: DIRECTOR ADMINISTRATIVO DE INFRAESTRUCTURA
C72: CEDULA : | H72: CEDULA :
C74: OBSERVACIONES INTERVENTORÍA
C78: APROBACIÓN POR INTERVENTORÍA
C79: Nota 1: Cuando se trate de análisis de Precios Unitarios correspondientes a ítems de la propuesta económica aprobada, el Interventor aprueba el desglose de los componentes manteniendo el mismo Precio Unitario de cada ítem, cumpliendo con las especificaciones de construcción vigentes para el proyecto.
C81: Nota 2: Cuando se trate de análisis de Precios Unitarios de ítems no previstos, el Interventor aprueba el desglose y Precio Unitario de cada ítem no previsto, exigiendo la aplicación de los costos correspondientes a insumos y tarifas de la propuesta económica inicial cuando estén contemplados, cumpliendo con las especificaciones de construcción vigente para el proyecto.
H84: Firma
H85: Nombre:
H86: Representante legal
H87: Matricula :

Sheet ICCU 1.6
C3: Formulario 1 - Propuesta económica - Documento tipo de selección abreviada de menor cuantía - versión 1
C4: Versión: 1 del 21 de agosto de 2025
C6: [La Entidad podrá utilizar este Formato para la presentación de los análisis de Precios Unitarios del Contratista en la oportunidad prevista en el numeral 8.2. del Documento Base]
D9: MUNICIPIO DE EL ESPINAL
L10: VERSIÓN
D11: [NÚMERO DEL PROCESO]
L12: PÁGINA | M12: 1 | N12: DE | O12: 1
D14: ANÁLISIS DE PRECIOS UNITARIOS
L16: FECHA | M16: DD | N16: MM | O16: AA
C18: ÍTEMS DE LA PROPUESTA ECONÓMICA
C22: DATOS ESPECÍFICOS
C24: ÍTEM | D24: DESCRIPCIÓN | M24: UNIDAD | O24: CANTIDAD
C25: 1.6 | D25: DESMONTE APARATOS SANITARIOS, INC RETIRO | M25: UN
C26: I. EQUIPO
C29: DESCRIPCIÓN | H29: UNIDAD | J29: TIPO | L29: TARIFA | M29: RENDIMIENTO | O29: Vr. UNITARIO
C30: VOLQUETA M3 | H30: H | L30: 83867 | M30: 10 | O30: =L30/M30 -> 8386.7
C31: HERRAMIENTA MENOR | H31: GL | L31: 1517.45 | M31: 1 | O31: =L31/M31 -> 1517.45
C33: SUBTOTAL $ | O33: =SUM(O30:O32) -> 9904.15
C34: II. MATERIALES
C37: DESCRIPCIÓN | K37: UNIDAD | L37: CANTIDAD | M37: PRECIO UNIT. | O37: Vr. UNITARIO
C40: SUBTOTAL $ | O40: 0
C41: III. TRANSPORTES
C44: MATERIAL | J44: VOL. o PESO | K44: DISTANCIA | L44: M3 o Ton/Km | M44: TARIFA | O44: Vr. UNITARIO
C47: SUBTOTAL $
C48: IV. MANO DE OBRA
C51: TRABAJADOR | J51: JORNAL | K51: PRESTACIONES | L51: HORA TOTAL | M51: RENDIMIENTO | O51: Vr. UNITARIO
C52: AYUDANTE (2) AA | J52: 151745 | K52: 2 | L52: =J52*K52 -> 303490 | M52: 10 | O52: =L52/M52 -> 30349
C56: SUBTOTAL $ | O56: =SUM(O52) -> 30349
C58: TOTAL COSTO DIRECTO $ | O58: =ROUND(O33+O56,0) -> 40253
C59: V. COSTOS INDIRECTOS
C62: Descripción | L62: Porcentaje | M62: Valor Total
C63: ADMINISTRACION
C64: IMPREVISTOS
C65: UTILIDAD
C66: SUBTOTAL $
C68: Precio Unitario Total Aproximado al peso $
C70: Firma | H70: Firma
C71: Nombre: JUAN FELIPE VARON VASQUEZ | H71: Nombre: RICARDO JOSE GUTIERREZ PARRA
C72: SECRETARIO DE PLANEACION INFRAESTRUCTURA Y MEDIO AMBIENTE | H72: DIRECTOR ADMINISTRATIVO DE INFRAESTRUCTURA
C73: CEDULA : | H73: CEDULA :
C75: OBSERVACIONES INTERVENTORÍA
C79: APROBACIÓN POR INTERVENTORÍA
C80: Nota 1: Cuando se trate de análisis de Precios Unitarios correspondientes a ítems de la propuesta económica aprobada, el Interventor aprueba el desglose de los componentes manteniendo el mismo Precio Unitario de cada ítem, cumpliendo con las especificaciones de construcción vigentes para el proyecto.
C82: Nota 2: Cuando se trate de análisis de Precios Unitarios de ítems no previstos, el Interventor aprueba el desglose y Precio Unitario de cada ítem no previsto, exigiendo la aplicación de los costos correspondientes a insumos y tarifas de la propuesta económica inicial cuando estén contemplados, cumpliendo con las especificaciones de construcción vigente para el proyecto.
H85: Firma
H86: Nombre:
H87: Representante legal
H88: Matricula :

Sheet 1.7
C3: Formulario 1 - Propuesta económica - Documento tipo de selección abreviada de menor cuantía - versión 1
C4: Versión: 1 del 21 de agosto de 2025
C6: [La Entidad podrá utilizar este Formato para la presentación de los análisis de Precios Unitarios del Contratista en la oportunidad prevista en el numeral 8.2. del Documento Base]
D9: MUNICIPIO DE EL ESPINAL
L10: VERSIÓN
D11: [NÚMERO DEL PROCESO]
L12: PÁGINA | M12: 1 | N12: DE | O12: 1
D14: ANÁLISIS DE PRECIOS UNITARIOS
L16: FECHA | M16: DD | N16: MM | O16: AA
C18: ÍTEMS DE LA PROPUESTA ECONÓMICA
C22: DATOS ESPECÍFICOS
C24: ÍTEM | D24: DESCRIPCIÓN | M24: UNIDAD | O24: CANTIDAD
C25: 1.7 | D25: DEMOLICIÓN PLACA MACIZA 0.10 M, INC RETIRO | M25: M2
C26: I. EQUIPO
C29: DESCRIPCIÓN | H29: UNIDAD | J29: TIPO | L29: TARIFA | M29: RENDIMIENTO | O29: Vr. UNITARIO
C30: VOLQUETA M3 | H30: H | L30: 83867 | M30: 17 | O30: =L30/M30 -> 4933.3529
C31: HERRAMIENTA MENOR | H31: GL | L31: 2023.27 | M31: 1 | O31: =L31/M31 -> 2023.27
C33: SUBTOTAL $ | O33: =SUM(O30:O32) -> 6956.6229
C34: II. MATERIALES
C37: DESCRIPCIÓN | K37: UNIDAD | L37: CANTIDAD | M37: PRECIO UNIT. | O37: Vr. UNITARIO
C40: SUBTOTAL $ | O40: 0
C41: III. TRANSPORTES
C44: MATERIAL | J44: VOL. o PESO | K44: DISTANCIA | L44: M3 o Ton/Km | M44: TARIFA | O44: Vr. UNITARIO
C47: SUBTOTAL $
C48: IV. MANO DE OBRA
C51: TRABAJADOR | J51: JORNAL | K51: PRESTACIONES | L51: HORA TOTAL | M51: RENDIMIENTO | O51: Vr. UNITARIO
C52: AYUDANTE (2) AA | J52: 151745 | K52: 2 | L52: =J52*K52 -> 303490 | M52: 8 | O52: =L52/M52 -> 37936.25
C56: SUBTOTAL $ | O56: =SUM(O52) -> 37936.25
C58: TOTAL COSTO DIRECTO $ | O58: =ROUND(O33+O56,0) -> 44893
C59: V. COSTOS INDIRECTOS
C62: Descripción | L62: Porcentaje | M62: Valor Total
C63: ADMINISTRACION
C64: IMPREVISTOS
C65: UTILIDAD
C66: SUBTOTAL $
C68: Precio Unitario Total Aproximado al peso $
C70: Firma | H70: Firma
C71: Nombre: JUAN FELIPE VARON VASQUEZ | H71: Nombre: RICARDO JOSE GUTIERREZ PARRA
C72: SECRETARIO DE PLANEACION INFRAESTRUCTURA Y MEDIO AMBIENTE | H72: DIRECTOR ADMINISTRATIVO DE INFRAESTRUCTURA
C73: CEDULA : | H73: CEDULA :
C75: OBSERVACIONES INTERVENTORÍA
C79: APROBACIÓN POR INTERVENTORÍA
C80: Nota 1: Cuando se trate de análisis de Precios Unitarios correspondientes a ítems de la propuesta económica aprobada, el Interventor aprueba el desglose de los componentes manteniendo el mismo Precio Unitario de cada ítem, cumpliendo con las especificaciones de construcción vigentes para el proyecto.
C82: Nota 2: Cuando se trate de análisis de Precios Unitarios de ítems no previstos, el Interventor aprueba el desglose y Precio Unitario de cada ítem no previsto, exigiendo la aplicación de los costos correspondientes a insumos y tarifas de la propuesta económica inicial cuando estén contemplados, cumpliendo con las especificaciones de construcción vigente para el proyecto.
H85: Firma
H86: Nombre:
H87: Representante legal
H88: Matricula :

Sheet ICCU 1.8
C3: Formulario 1 - Propuesta económica - Documento tipo de selección abreviada de menor cuantía - versión 1
C4: Versión: 1 del 21 de agosto de 2025
C6: [La Entidad podrá utilizar este Formato para la presentación de los análisis de Precios Unitarios del Contratista en la oportunidad prevista en el numeral 8.2. del Documento Base]
D9: MUNICIPIO DE EL ESPINAL
L10: VERSIÓN
D11: [NÚMERO DEL PROCESO]
L12: PÁGINA | M12: 1 | N12: DE | O12: 1
D14: ANÁLISIS DE PRECIOS UNITARIOS
L16: FECHA | M16: DD | N16: MM | O16: AA
C18: ÍTEMS DE LA PROPUESTA ECONÓMICA
C22: DATOS ESPECÍFICOS
C24: ÍTEM | D24: DESCRIPCIÓN | M24: UNIDAD | O24: CANTIDAD
C25: 1.8 | D25: DEMOLICIÓN MUROS EN MAMPOSTERÍA 0.15 M, INC RETIRO | M25: M2
C26: I. EQUIPO
C29: DESCRIPCIÓN | H29: UNIDAD | J29: TIPO | L29: TARIFA | M29: RENDIMIENTO | O29: Vr. UNITARIO
C30: VOLQUETA M3 | H30: H | L30: 83867 | M30: 17 | O30: =L30/M30 -> 4933.3529
C31: HERRAMIENTA MENOR | H31: GL | L31: 1011.63 | M31: 1 | O31: =L31/M31 -> 1011.63
C33: SUBTOTAL $ | O33: =SUM(O30:O32) -> 5944.9829
C34: II. MATERIALES
C37: DESCRIPCIÓN | K37: UNIDAD | L37: CANTIDAD | M37: PRECIO UNIT. | O37: Vr. UNITARIO
C40: SUBTOTAL $ | O40: 0
C41: III. TRANSPORTES
C44: MATERIAL | J44: VOL. o PESO | K44: DISTANCIA | L44: M3 o Ton/Km | M44: TARIFA | O44: Vr. UNITARIO
C47: SUBTOTAL $
C48: IV. MANO DE OBRA
C51: TRABAJADOR | J51: JORNAL | K51: PRESTACIONES | L51: HORA TOTAL | M51: RENDIMIENTO | O51: Vr. UNITARIO
C52: AYUDANTE (2) AA | J52: 151745 | K52: 2 | L52: =J52*K52 -> 303490 | M52: 15 | O52: =L52/M52 -> 20232.667
C56: SUBTOTAL $ | O56: =SUM(O52) -> 20232.667
C58: TOTAL COSTO DIRECTO $ | O58: =ROUND(O33+O56,0) -> 26178
C59: V. COSTOS INDIRECTOS
C62: Descripción | L62: Porcentaje | M62: Valor Total
C63: ADMINISTRACION
C64: IMPREVISTOS
C65: UTILIDAD
C66: SUBTOTAL $
C68: Precio Unitario Total Aproximado al peso $
C70: Firma | H70: Firma
C71: Nombre: JUAN FELIPE VARON VASQUEZ | H71: Nombre: RICARDO JOSE GUTIERREZ PARRA
C72: SECRETARIO DE PLANEACION INFRAESTRUCTURA Y MEDIO AMBIENTE | H72: DIRECTOR ADMINISTRATIVO DE INFRAESTRUCTURA
C73: CEDULA : | H73: CEDULA :
C75: OBSERVACIONES INTERVENTORÍA
C79: APROBACIÓN POR INTERVENTORÍA
C80: Nota 1: Cuando se trate de análisis de Precios Unitarios correspondientes a ítems de la propuesta económica aprobada, el Interventor aprueba el desglose de los componentes manteniendo el mismo Precio Unitario de cada ítem, cumpliendo con las especificaciones de construcción vigentes para el proyecto.
C82: Nota 2: Cuando se trate de análisis de Precios Unitarios de ítems no previstos, el Interventor aprueba el desglose y Precio Unitario de cada ítem no previsto, exigiendo la aplicación de los costos correspondientes a insumos y tarifas de la propuesta económica inicial cuando estén contemplados, cumpliendo con las especificaciones de construcción vigente para el proyecto.
H85: Firma
H86: Nombre:
H87: Representante legal
H88: Matricula :

Sheet ICCU 1.9
C3: Formulario 1 - Propuesta económica - Documento tipo de selección abreviada de menor cuantía - versión 1
C4: Versión: 1 del 21 de agosto de 2025
C6: [La Entidad podrá utilizar este Formato para la presentación de los análisis de Precios Unitarios del Contratista en la oportunidad prevista en el numeral 8.2. del Documento Base]
D9: MUNICIPIO DE EL ESPINAL
L10: VERSIÓN
D11: [NÚMERO DEL PROCESO]
L12: PÁGINA | M12: 1 | N12: DE | O12: 1
D14: ANÁLISIS DE PRECIOS UNITARIOS
L16: FECHA | M16: DD | N16: MM | O16: AA
C18: ÍTEMS DE LA PROPUESTA ECONÓMICA
C22: DATOS ESPECÍFICOS
C24: ÍTEM | D24: DESCRIPCIÓN | M24: UNIDAD | O24: CANTIDAD
C25: 1.9 | D25: RETIRO DE SOBRANTES A UNA DISTANCIA DE 5 KM (INCLUYE CARGUE) | M25: M3
C26: I. EQUIPO
C29: DESCRIPCIÓN | H29: UNIDAD | J29: TIPO | L29: TARIFA | M29: RENDIMIENTO | O29: Vr. UNITARIO
C30: VOLQUETA M3 | H30: H | L30: 83867 | M30: 10 | O30: =L30/M30 -> 8386.7
C31: BOBCAT | H31: H | L31: 87506 | M31: 20 | O31: =L31/M31 -> 4375.3
C33: SUBTOTAL $ | O33: =SUM(O30:O32) -> 12762
C34: II. MATERIALES
C37: DESCRIPCIÓN | K37: UNIDAD | L37: CANTIDAD | M37: PRECIO UNIT. | O37: Vr. UNITARIO
C40: SUBTOTAL $ | O40: 0
C41: III. TRANSPORTES
C44: MATERIAL | J44: VOL. o PESO | K44: DISTANCIA | L44: M3 o Ton/Km | M44: TARIFA | O44: Vr. UNITARIO
C47: SUBTOTAL $
C48: IV. MANO DE OBRA
C51: TRABAJADOR | J51: JORNAL | K51: PRESTACIONES | L51: HORA TOTAL | M51: RENDIMIENTO | O51: Vr. UNITARIO
C56: SUBTOTAL $ | O56: =SUM(O52) -> 0
C58: TOTAL COSTO DIRECTO $ | O58: =ROUND(O33+O56,0) -> 12762
C59: V. COSTOS INDIRECTOS
C62: Descripción | L62: Porcentaje | M62: Valor Total
C63: ADMINISTRACION
C64: IMPREVISTOS
C65: UTILIDAD
C66: SUBTOTAL $
C68: Precio Unitario Total Aproximado al peso $
C70: Firma | H70: Firma
C71: Nombre: JUAN FELIPE VARON VASQUEZ | H71: Nombre: RICARDO JOSE GUTIERREZ PARRA
C72: SECRETARIO DE PLANEACION INFRAESTRUCTURA Y MEDIO AMBIENTE | H72: DIRECTOR ADMINISTRATIVO DE INFRAESTRUCTURA
C73: CEDULA : | H73: CEDULA :
C75: OBSERVACIONES INTERVENTORÍA
C79: APROBACIÓN POR INTERVENTORÍA
C80: Nota 1: Cuando se trate de análisis de Precios Unitarios correspondientes a ítems de la propuesta económica aprobada, el Interventor aprueba el desglose de los componentes manteniendo el mismo Precio Unitario de cada ítem, cumpliendo con las especificaciones de construcción vigentes para el proyecto.
C82: Nota 2: Cuando se trate de análisis de Precios Unitarios de ítems no previstos, el Interventor aprueba el desglose y Precio Unitario de cada ítem no previsto, exigiendo la aplicación de los costos correspondientes a insumos y tarifas de la propuesta económica inicial cuando estén contemplados, cumpliendo con las especificaciones de construcción vigente para el proyecto.
H85: Firma
H86: Nombre:
H87: Representante legal
H88: Matricula :

Sheet ICCU 1.10
C3: Formulario 1 - Propuesta económica - Documento tipo de selección abreviada de menor cuantía - versión 1
C4: Versión: 1 del 21 de agosto de 2025
C6: [La Entidad podrá utilizar este Formato para la presentación de los análisis de Precios Unitarios del Contratista en la oportunidad prevista en el numeral 8.2. del Documento Base]
D9: MUNICIPIO DE EL ESPINAL
L10: VERSIÓN
D11: [NÚMERO DEL PROCESO]
L12: PÁGINA | M12: 1 | N12: DE | O12: 1
D14: ANÁLISIS DE PRECIOS UNITARIOS
L16: FECHA | M16: DD | N16: MM | O16: AA
C18: ÍTEMS DE LA PROPUESTA ECONÓMICA
C22: DATOS ESPECÍFICOS
C24: ÍTEM | D24: DESCRIPCIÓN | M24: UNIDAD | O24: CANTIDAD
C25: 1.10 | D25: DESCAPOTE MANUAL Y RETIRO E= 0.20 M APILE A 15 M | M25: M2
C26: I. EQUIPO
C29: DESCRIPCIÓN | H29: UNIDAD | J29: TIPO | L29: TARIFA | M29: RENDIMIENTO | O29: Vr. UNITARIO
C30: VOLQUETA M3 | H30: H | L30: 83867 | M30: 80 | O30: =L30/M30 -> 1048.3375
C31: HERRAMIENTA MENOR | H31: H | L31: 514.39 | M31: 1 | O31: =L31/M31 -> 514.39
C33: SUBTOTAL $ | O33: =SUM(O30:O32) -> 1562.7275
C34: II. MATERIALES
C37: DESCRIPCIÓN | K37: UNIDAD | L37: CANTIDAD | M37: PRECIO UNIT. | O37: Vr. UNITARIO
C40: SUBTOTAL $ | O40: 0
C41: III. TRANSPORTES
C44: MATERIAL | J44: VOL. o PESO | K44: DISTANCIA | L44: M3 o Ton/Km | M44: TARIFA | O44: Vr. UNITARIO
C47: SUBTOTAL $
C48: IV. MANO DE OBRA
C51: TRABAJADOR | J51: JORNAL | K51: PRESTACIONES | L51: HORA TOTAL | M51: RENDIMIENTO | O51: Vr. UNITARIO
C52: AYUDANTE (4) AA | J52: 303490 | K52: 2 | L52: =J52*K52 -> 606980 | M52: 59 | O52: 10287.8
C56: SUBTOTAL $ | O56: =SUM(O52) -> 10287.8
C58: TOTAL COSTO DIRECTO $ | O58: =ROUND(O33+O56,0) -> 11851
C59: V. COSTOS INDIRECTOS
C62: Descripción | L62: Porcentaje | M62: Valor Total
C63: ADMINISTRACION
C64: IMPREVISTOS
C65: UTILIDAD
C66: SUBTOTAL $
C68: Precio Unitario Total Aproximado al peso $
C70: Firma | H70: Firma
C71: Nombre: JUAN FELIPE VARON VASQUEZ | H71: Nombre: RICARDO JOSE GUTIERREZ PARRA
C72: SECRETARIO DE PLANEACION INFRAESTRUCTURA Y MEDIO AMBIENTE | H72: DIRECTOR ADMINISTRATIVO DE INFRAESTRUCTURA
C73: CEDULA : | H73: CEDULA :
C75: OBSERVACIONES INTERVENTORÍA
C79: APROBACIÓN POR INTERVENTORÍA
C80: Nota 1: Cuando se trate de análisis de Precios Unitarios correspondientes a ítems de la propuesta económica aprobada, el Interventor aprueba el desglose de los componentes manteniendo el mismo Precio Unitario de cada ítem, cumpliendo con las especificaciones de construcción vigentes para el proyecto.
C82: Nota 2: Cuando se trate de análisis de Precios Unitarios de ítems no previstos, el Interventor aprueba el desglose y Precio Unitario de cada ítem no previsto, exigiendo la aplicación de los costos correspondientes a insumos y tarifas de la propuesta económica inicial cuando estén contemplados, cumpliendo con las especificaciones de construcción vigente para el proyecto.
H85: Firma
H86: Nombre:
H87: Representante legal
H88: Matricula :

Sheet ICCU 2.1
C3: Formulario 1 - Propuesta económica - Documento tipo de selección abreviada de menor cuantía - versión 1
C4: Versión: 1 del 21 de agosto de 2025
C6: [La Entidad podrá utilizar este Formato para la presentación de los análisis de Precios Unitarios del Contratista en la oportunidad prevista en el numeral 8.2. del Documento Base]
D9: MUNICIPIO DE EL ESPINAL
L10: VERSIÓN
D11: [NÚMERO DEL PROCESO]
L12: PÁGINA | M12: 1 | N12: DE | O12: 1
D14: ANÁLISIS DE PRECIOS UNITARIOS
L16: FECHA | M16: DD | N16: MM | O16: AA
C18: ÍTEMS DE LA PROPUESTA ECONÓMICA
C22: DATOS ESPECÍFICOS
C24: ÍTEM | D24: DESCRIPCIÓN | M24: UNIDAD | O24: CANTIDAD
C25: 2.1 | D25: EXCAVACIÓN MANUAL EN MATERIAL COMÚN H=0.0-2.0 M (INCLUYE RETIRO DE SOBRANTES A UNA DISTANCIA MENOR DE 5 KM) | M25: M3
C26: I. EQUIPO
C29: DESCRIPCIÓN | H29: UNIDAD | J29: TIPO | L29: TARIFA | M29: RENDIMIENTO | O29: Vr. UNITARIO
C30: HERRAMIENTA MENOR | H30: H | L30: 2709.74 | M30: 1 | O30: =L30/M30 -> 2709.74
C32: SUBTOTAL $ | O32: =SUM(O30:O31) -> 2709.74
C33: II. MATERIALES
C36: DESCRIPCIÓN | K36: UNIDAD | L36: CANTIDAD | M36: PRECIO UNIT. | O36: Vr. UNITARIO
C39: SUBTOTAL $ | O39: 0
C40: III. TRANSPORTES
C43: MATERIAL | J43: VOL. o PESO | K43: DISTANCIA | L43: M3 o Ton/Km | M43: TARIFA | O43: Vr. UNITARIO
C44: MATERIAL EXCAVADO | J44: 1.3 | K44: 5 | L44: 6.5 | M44: 995 | O44: =L44*M44 -> 6467.5
C46: SUBTOTAL $
C47: IV. MANO DE OBRA
C50: TRABAJADOR | J50: JORNAL | K50: PRESTACIONES | L50: HORA TOTAL | M50: RENDIMIENTO | O50: Vr. UNITARIO
C51: AYUDANTE (5) AA | J51: 379363 | K51: 2 | L51: =J51*K51 -> 758726 | M51: 14 | O51: =L51/M51 -> 54194.714
C55: SUBTOTAL $ | O55: =SUM(O51) -> 54194.714
C57: TOTAL COSTO DIRECTO $ | O57: =ROUND(O32+O55+O44,0) -> 63372
C58: V. COSTOS INDIRECTOS
C61: Descripción | L61: Porcentaje | M61: Valor Total
C62: ADMINISTRACION
C63: IMPREVISTOS
C64: UTILIDAD
C65: SUBTOTAL $
C67: Precio Unitario Total Aproximado al peso $
C69: Firma | H69: Firma
C70: Nombre: JUAN FELIPE VARON VASQUEZ | H70: Nombre: RICARDO JOSE GUTIERREZ PARRA
C71: SECRETARIO DE PLANEACION INFRAESTRUCTURA Y MEDIO AMBIENTE | H71: DIRECTOR ADMINISTRATIVO DE INFRAESTRUCTURA
C72: CEDULA : | H72: CEDULA :
C74: OBSERVACIONES INTERVENTORÍA
C78: APROBACIÓN POR INTERVENTORÍA
C79: Nota 1: Cuando se trate de análisis de Precios Unitarios correspondientes a ítems de la propuesta económica aprobada, el Interventor aprueba el desglose de los componentes manteniendo el mismo Precio Unitario de cada ítem, cumpliendo con las especificaciones de construcción vigentes para el proyecto.
C81: Nota 2: Cuando se trate de análisis de Precios Unitarios de ítems no previstos, el Interventor aprueba el desglose y Precio Unitario de cada ítem no previsto, exigiendo la aplicación de los costos correspondientes a insumos y tarifas de la propuesta económica inicial cuando estén contemplados, cumpliendo con las especificaciones de construcción vigente para el proyecto.
H84: Firma
H85: Nombre:
H86: Representante legal
H87: Matricula :

Sheet ICCU 2.2
C3: Formulario 1 - Propuesta económica - Documento tipo de selección abreviada de menor cuantía - versión 1
C4: Versión: 1 del 21 de agosto de 2025
C6: [La Entidad podrá utilizar este Formato para la presentación de los análisis de Precios Unitarios del Contratista en la oportunidad prevista en el numeral 8.2. del Documento Base]
D9: MUNICIPIO DE EL ESPINAL
L10: VERSIÓN
D11: [NÚMERO DEL PROCESO]
L12: PÁGINA | M12: 1 | N12: DE | O12: 1
D14: ANÁLISIS DE PRECIOS UNITARIOS
L16: FECHA | M16: DD | N16: MM | O16: AA
C18: ÍTEMS DE LA PROPUESTA ECONÓMICA
C22: DATOS ESPECÍFICOS
C24: ÍTEM | D24: DESCRIPCIÓN | M24: UNIDAD | O24: CANTIDAD
C25: 2.2 | D25: RELLENO EN RECEBO COMÚN COMPACTADO MECÁNICAMENTE | M25: M3
C26: I. EQUIPO
C29: DESCRIPCIÓN | H29: UNIDAD | J29: TIPO | L29: TARIFA | M29: RENDIMIENTO | O29: Vr. UNITARIO
C30: VIBROCOMPACTADOR A GASOLINA (RANA) | H30: D | L30: 185713 | M30: 16.7 | O30: =L30/M30 -> 11120.539
C31: HERRAMIENTA MENOR | H31: H | L31: 1517.45 | M31: 1 | O31: =L31/M31 -> 1517.45
C33: SUBTOTAL $ | O33: =SUM(O30:O32) -> 12637.989
C34: II. MATERIALES
C37: DESCRIPCIÓN | K37: UNIDAD | L37: CANTIDAD | M37: PRECIO UNIT. | O37: Vr. UNITARIO
C38: RECEBO COMÚN | K38: M3 | L38: 1.3 | M38: 17758 | O38: =L38*M38 -> 23085.4
C40: SUBTOTAL $ | O40: =O38 -> 23085.4
C41: III. TRANSPORTES
C44: MATERIAL | J44: VOL. o PESO | K44: DISTANCIA | L44: M3 o Ton/Km | M44: TARIFA | O44: Vr. UNITARIO
C45: MATERIAL EXCAVADO | J45: 1.3 | K45: 25 | L45: 32.5 | M45: 1823 | O45: =L45*M45 -> 59247.5
C47: SUBTOTAL $
C48: IV. MANO DE OBRA
C51: TRABAJADOR | J51: JORNAL | K51: PRESTACIONES | L51: HORA TOTAL | M51: RENDIMIENTO | O51: Vr. UNITARIO
C52: AYUDANTE (4) AA | J52: 303490 | K52: 2 | L52: =J52*K52 -> 606980 | M52: 20 | O52: =L52/M52 -> 30349
C56: SUBTOTAL $ | O56: =SUM(O52) -> 30349
C58: TOTAL COSTO DIRECTO $ | O58: =ROUND(O33+O56+O45+O40,0) -> 125320
C59: V. COSTOS INDIRECTOS
C62: Descripción | L62: Porcentaje | M62: Valor Total
C63: ADMINISTRACION
C64: IMPREVISTOS
C65: UTILIDAD
C66: SUBTOTAL $
C68: Precio Unitario Total Aproximado al peso $
C70: Firma | H70: Firma
C71: Nombre: JUAN FELIPE VARON VASQUEZ | H71: Nombre: RICARDO JOSE GUTIERREZ PARRA
C72: SECRETARIO DE PLANEACION INFRAESTRUCTURA Y MEDIO AMBIENTE | H72: DIRECTOR ADMINISTRATIVO DE INFRAESTRUCTURA
C73: CEDULA : | H73: CEDULA :
C75: OBSERVACIONES INTERVENTORÍA
C79: APROBACIÓN POR INTERVENTORÍA
C80: Nota 1: Cuando se trate de análisis de Precios Unitarios correspondientes a ítems de la propuesta económica aprobada, el Interventor aprueba el desglose de los componentes manteniendo el mismo Precio Unitario de cada ítem, cumpliendo con las especificaciones de construcción vigentes para el proyecto.
C82: Nota 2: Cuando se trate de análisis de Precios Unitarios de ítems no previstos, el Interventor aprueba el desglose y Precio Unitario de cada ítem no previsto, exigiendo la aplicación de los costos correspondientes a insumos y tarifas de la propuesta económica inicial cuando estén contemplados, cumpliendo con las especificaciones de construcción vigente para el proyecto.
H85: Firma
H86: Nombre:
H87: Representante legal
H88: Matricula :

Sheet ICCU 3.1
C3: Formulario 1 - Propuesta económica - Documento tipo de selección abreviada de menor cuantía - versión 1
C4: Versión: 1 del 21 de agosto de 2025
C6: [La Entidad podrá utilizar este Formato para la presentación de los análisis de Precios Unitarios del Contratista en la oportunidad prevista en el numeral 8.2. del Documento Base]
D9: MUNICIPIO DE EL ESPINAL
L10: VERSIÓN
D11: [NÚMERO DEL PROCESO]
L12: PÁGINA | M12: 1 | N12: DE | O12: 1
D14: ANÁLISIS DE PRECIOS UNITARIOS
L16: FECHA | M16: DD | N16: MM | O16: AA
C18: ÍTEMS DE LA PROPUESTA ECONÓMICA
C22: DATOS ESPECÍFICOS
C24: ÍTEM | D24: DESCRIPCIÓN | M24: UNIDAD | O24: CANTIDAD
C25: 3.1 | D25: VIGA AMARRE EN CONCRETO 3500 PSI | M25: M3
C26: I. EQUIPO
C29: DESCRIPCIÓN | H29: UNIDAD | J29: TIPO | L29: TARIFA | M29: RENDIMIENTO | O29: Vr. UNITARIO
C30: VIBRADOR PARA CONCRETO | H30: D | L30: 86639 | M30: 25 | O30: =L30/M30 -> 3465.56
C31: HERRAMIENTA MENOR | H31: H | L31: 17296.82 | M31: 1 | O31: =L31/M31 -> 17296.82
C33: SUBTOTAL $ | O33: =SUM(O30:O32) -> 20762.38
C34: II. MATERIALES
C37: DESCRIPCIÓN | K37: UNIDAD | L37: CANTIDAD | M37: PRECIO UNIT. | O37: Vr. UNITARIO
C38: CONCRETO 3500 PSI | K38: M3 | L38: 1.1 | M38: 492868 | O38: =L38*M38 -> 542154.8
C39: PUNTILLA CON CABEZA 2" | K39: LB | L39: 1.47 | M39: 6758 | O39: =L39*M39 -> 9934.26
C40: REPISA EN ORDINARIO | K40: ML | L40: 3.11 | M40: 4142 | O40: =L40*M40 -> 12881.62
C41: TABLA BURRA ORDINARIO 0.30 | K41: ML | L41: 3.52 | M41: 8096 | O41: =L41*M41 -> 28497.92
C42: SUBTOTAL $ | O42: =SUM(O38:O41) -> 593468.6
C43: III. TRANSPORTES
C46: MATERIAL | J46: VOL. o PESO | K46: DISTANCIA | L46: M3 o Ton/Km | M46: TARIFA | O46: Vr. UNITARIO
C49: SUBTOTAL $
C50: IV. MANO DE OBRA
C53: TRABAJADOR | J53: JORNAL | K53: PRESTACIONES | L53: HORA TOTAL | M53: RENDIMIENTO | O53: Vr. UNITARIO
C54: MANO DE OBRA AA | J54: 190265 | K54: 2 | L54: =J54*K54 -> 380530 | M54: 1.1 | O54: =L54/M54 -> 345936.36
C58: SUBTOTAL $ | O58: =SUM(O54) -> 345936.36
C60: TOTAL COSTO DIRECTO $ | O60: =ROUND(O33+O58+O47+O42,0) -> 960167
C61: V. COSTOS INDIRECTOS
C64: Descripción | L64: Porcentaje | M64: Valor Total
C65: ADMINISTRACION
C66: IMPREVISTOS
C67: UTILIDAD
C68: SUBTOTAL $
C70: Precio Unitario Total Aproximado al peso $
C72: Firma | H72: Firma
C73: Nombre: JUAN FELIPE VARON VASQUEZ | H73: Nombre: RICARDO JOSE GUTIERREZ PARRA
C74: SECRETARIO DE PLANEACION INFRAESTRUCTURA Y MEDIO AMBIENTE | H74: DIRECTOR ADMINISTRATIVO DE INFRAESTRUCTURA
C75: CEDULA : | H75: CEDULA :
C77: OBSERVACIONES INTERVENTORÍA
C81: APROBACIÓN POR INTERVENTORÍA
C82: Nota 1: Cuando se trate de análisis de Precios Unitarios correspondientes a ítems de la propuesta económica aprobada, el Interventor aprueba el desglose de los componentes manteniendo el mismo Precio Unitario de cada ítem, cumpliendo con las especificaciones de construcción vigentes para el proyecto.
C84: Nota 2: Cuando se trate de análisis de Precios Unitarios de ítems no previstos, el Interventor aprueba el desglose y Precio Unitario de cada ítem no previsto, exigiendo la aplicación de los costos correspondientes a insumos y tarifas de la propuesta económica inicial cuando estén contemplados, cumpliendo con las especificaciones de construcción vigente para el proyecto.
H87: Firma
H88: Nombre:
H89: Representante legal
H90: Matricula :

Sheet ICCU 3.2
C3: Formulario 1 - Propuesta económica - Documento tipo de selección abreviada de menor cuantía - versión 1
C4: Versión: 1 del 21 de agosto de 2025
C6: [La Entidad podrá utilizar este Formato para la presentación de los análisis de Precios Unitarios del Contratista en la oportunidad prevista en el numeral 8.2. del Documento Base]
D9: MUNICIPIO DE EL ESPINAL
L10: VERSIÓN
D11: [NÚMERO DEL PROCESO]
L12: PÁGINA | M12: 1 | N12: DE | O12: 1
D14: ANÁLISIS DE PRECIOS UNITARIOS
L16: FECHA | M16: DD | N16: MM | O16: AA
C18: ÍTEMS DE LA PROPUESTA ECONÓMICA
C22: DATOS ESPECÍFICOS
C24: ÍTEM | D24: DESCRIPCIÓN | M24: UNIDAD | O24: CANTIDAD
C25: 3.2 | D25: ZAPATAS EN CONCRETO 3500PSI | M25: M3
C26: I. EQUIPO
C29: DESCRIPCIÓN | H29: UNIDAD | J29: TIPO | L29: TARIFA | M29: RENDIMIENTO | O29: Vr. UNITARIO
C30: VIBRADOR PARA CONCRETO | H30: D | L30: 86639 | M30: 10 | O30: =L30/M30 -> 8663.9
C31: HERRAMIENTA MENOR | H31: H | L31: 15855.42 | M31: 1 | O31: =L31/M31 -> 15855.42
C33: SUBTOTAL $ | O33: =SUM(O30:O32) -> 24519.32
C34: II. MATERIALES
C37: DESCRIPCIÓN | K37: UNIDAD | L37: CANTIDAD | M37: PRECIO UNIT. | O37: Vr. UNITARIO
C38: CONCRETO 3500 PSI | K38: M3 | L38: 1.03 | M38: 492868 | O38: =L38*M38 -> 507654.04
C39: PLANCHÓN ORDINARIO | K39: ML | L39: 0.29 | M39: 8096 | O39: =L39*M39 -> 2347.84
C40: PUNTILLA CON CABEZA 2" | K40: LB | L40: 0.1 | M40: 6758 | O40: =L40*M40 -> 675.8
C41: TABLA CHAPA ORDINARIO 0.30 | K41: ML | L41: 3 | M41: 6115 | O41: =L41*M41 -> 18345
C42: VARA CLAVO | K42: ML | L42: 0.5 | M42: 3013 | O42: =L42*M42 -> 1506.5
C43: SUBTOTAL $ | O43: =SUM(O38:O42) -> 530529.18
C44: III. TRANSPORTES
C47: MATERIAL | J47: VOL. o PESO | K47: DISTANCIA | L47: M3 o Ton/Km | M47: TARIFA | O47: Vr. UNITARIO
C50: SUBTOTAL $
C51: IV. MANO DE OBRA
C54: TRABAJADOR | J54: JORNAL | K54: PRESTACIONES | L54: HORA TOTAL | M54: RENDIMIENTO | O54: Vr. UNITARIO
C55: MANO DE OBRA AA | J55: 190265 | K55: 2 | L55: =J55*K55 -> 380530 | M55: 1.2 | O55: =L55/M55 -> 317108.33
C59: SUBTOTAL $ | O59: =SUM(O55) -> 317108.33
C61: TOTAL COSTO DIRECTO $ | O61: =ROUND(O33+O59+O48+O43,0) -> 872157
C62: V. COSTOS INDIRECTOS
C65: Descripción | L65: Porcentaje | M65: Valor Total
C66: ADMINISTRACION
C67: IMPREVISTOS
C68: UTILIDAD
C69: SUBTOTAL $
C71: Precio Unitario Total Aproximado al peso $
C73: Firma | H73: Firma
C74: Nombre: JUAN FELIPE VARON VASQUEZ | H74: Nombre: RICARDO JOSE GUTIERREZ PARRA
C75: SECRETARIO DE PLANEACION INFRAESTRUCTURA Y MEDIO AMBIENTE | H75: DIRECTOR ADMINISTRATIVO DE INFRAESTRUCTURA
C76: CEDULA : | H76: CEDULA :
C78: OBSERVACIONES INTERVENTORÍA
C82: APROBACIÓN POR INTERVENTORÍA
C83: Nota 1: Cuando se trate de análisis de Precios Unitarios correspondientes a ítems de la propuesta económica aprobada, el Interventor aprueba el desglose de los componentes manteniendo el mismo Precio Unitario de cada ítem, cumpliendo con las especificaciones de construcción vigentes para el proyecto.
C85: Nota 2: Cuando se trate de análisis de Precios Unitarios de ítems no previstos, el Interventor aprueba el desglose y Precio Unitario de cada ítem no previsto, exigiendo la aplicación de los costos correspondientes a insumos y tarifas de la propuesta económica inicial cuando estén contemplados, cumpliendo con las especificaciones de construcción vigente para el proyecto.
H88: Firma
H89: Nombre:
H90: Representante legal
H91: Matricula :

Sheet ICCU 4.1
C3: Formulario 1 - Propuesta económica - Documento tipo de selección abreviada de menor cuantía - versión 1
C4: Versión: 1 del 21 de agosto de 2025
C6: [La Entidad podrá utilizar este Formato para la presentación de los análisis de Precios Unitarios del Contratista en la oportunidad prevista en el numeral 8.2. del Documento Base]
D9: MUNICIPIO DE EL ESPINAL
L10: VERSIÓN
D11: [NÚMERO DEL PROCESO]
L12: PÁGINA | M12: 1 | N12: DE | O12: 1
D14: ANÁLISIS DE PRECIOS UNITARIOS
L16: FECHA | M16: DD | N16: MM | O16: AA
C18: ÍTEMS DE LA PROPUESTA ECONÓMICA
C22: DATOS ESPECÍFICOS
C24: ÍTEM | D24: DESCRIPCIÓN | M24: UNIDAD | O24: CANTIDAD
C25: 4.1 | D25: COLUMNAS 3500 PSI | M25: M3
C26: I. EQUIPO
C29: DESCRIPCIÓN | H29: UNIDAD | J29: TIPO | L29: TARIFA | M29: RENDIMIENTO | O29: Vr. UNITARIO
C30: VIBRADOR PARA CONCRETO | H30: D | L30: 86639 | M30: 3 | O30: =L30/M30 -> 28879.667
C31: HERRAMIENTA MENOR | H31: H | L31: 23783.13 | M31: 1 | O31: =L31/M31 -> 23783.13
C32: SECCION DE 1,4 POR 1,4 H=2,0 - ANDAMIO CERTIFICADO | H32: D | L32: 30900 | M32: 2.4 | O32: =L32/M32 -> 12875
C33: SUBTOTAL $ | O33: =SUM(O30:O32) -> 65537.797
C34: II. MATERIALES
C37: DESCRIPCIÓN | K37: UNIDAD | L37: CANTIDAD | M37: PRECIO UNIT. | O37: Vr. UNITARIO
C38: CONCRETO 3500 PSI | K38: M3 | L38: 1.03 | M38: 492868 | O38: =L38*M38 -> 507654.04
C39: PARAL TELESCÓPICO 2.2 M | K39: MS | L39: 1 | M39: 9414 | O39: =L39*M39 -> 9414
C40: PUNTILLA CON CABEZA 2" | K40: LB | L40: 8 | M40: 6758 | O40: =L40*M40 -> 54064
C41: REPISA EN ORDINARIO | K41: ML | L41: 7.26 | M41: 4142 | O41: =L41*M41 -> 30070.92
C42: TABLA BURRA CEDRO ROJO 0.28 | K42: ML | L42: 2.64 | M42: 23168 | O42: =L42*M42 -> 61163.52
C43: ANTISOL | K43: KG | L43: 0.01 | M43: 18828 | O43: =L43*M43 -> 188.28
C44: SUBTOTAL $ | O44: =SUM(O38:O43) -> 662554.76
C45: III. TRANSPORTES
C48: MATERIAL | J48: VOL. o PESO | K48: DISTANCIA | L48: M3 o Ton/Km | M48: TARIFA | O48: Vr. UNITARIO
C51: SUBTOTAL $
C52: IV. MANO DE OBRA
C55: TRABAJADOR | J55: JORNAL | K55: PRESTACIONES | L55: HORA TOTAL | M55: RENDIMIENTO | O55: Vr. UNITARIO
C56: MANO DE OBRA AA | J56: 190265 | K56: 2 | L56: =J56*K56 -> 380530 | M56: 0.8 | O56: =L56/M56 -> 475662.5
C60: SUBTOTAL $ | O60: =SUM(O56) -> 475662.5
C62: TOTAL COSTO DIRECTO $ | O62: =ROUND(O33+O60+O49+O44,0) -> 1203755
C63: V. COSTOS INDIRECTOS
C66: Descripción | L66: Porcentaje | M66: Valor Total
C67: ADMINISTRACION
C68: IMPREVISTOS
C69: UTILIDAD
C70: SUBTOTAL $
C72: Precio Unitario Total Aproximado al peso $
C74: Firma | H74: Firma
C75: Nombre: JUAN FELIPE VARON VASQUEZ | H75: Nombre: RICARDO JOSE GUTIERREZ PARRA
C76: SECRETARIO DE PLANEACION INFRAESTRUCTURA Y MEDIO AMBIENTE | H76: DIRECTOR ADMINISTRATIVO DE INFRAESTRUCTURA
C77: CEDULA : | H77: CEDULA :
C79: OBSERVACIONES INTERVENTORÍA
C83: APROBACIÓN POR INTERVENTORÍA
C84: Nota 1: Cuando se trate de análisis de Precios Unitarios correspondientes a ítems de la propuesta económica aprobada, el Interventor aprueba el desglose de los componentes manteniendo el mismo Precio Unitario de cada ítem, cumpliendo con las especificaciones de construcción vigentes para el proyecto.
C86: Nota 2: Cuando se trate de análisis de Precios Unitarios de ítems no previstos, el Interventor aprueba el desglose y Precio Unitario de cada ítem no previsto, exigiendo la aplicación de los costos correspondientes a insumos y tarifas de la propuesta económica inicial cuando estén contemplados, cumpliendo con las especificaciones de construcción vigente para el proyecto.
H89: Firma
H90: Nombre:
H91: Representante legal
H92: Matricula :

Sheet ICCU 4.2
C3: Formulario 1 - Propuesta económica - Documento tipo de selección abreviada de menor cuantía - versión 1
C4: Versión: 1 del 21 de agosto de 2025
C6: [La Entidad podrá utilizar este Formato para la presentación de los análisis de Precios Unitarios del Contratista en la oportunidad prevista en el numeral 8.2. del Documento Base]
D9: MUNICIPIO DE EL ESPINAL
L10: VERSIÓN
D11: [NÚMERO DEL PROCESO]
L12: PÁGINA | M12: 1 | N12: DE | O12: 1
D14: ANÁLISIS DE PRECIOS UNITARIOS
L16: FECHA | M16: DD | N16: MM | O16: AA
C18: ÍTEMS DE LA PROPUESTA ECONÓMICA
C22: DATOS ESPECÍFICOS
C24: ÍTEM | D24: DESCRIPCIÓN | M24: UNIDAD | O24: CANTIDAD
C25: 4.2 | D25: VIGA AÉREA 3500 PSI | M25: M3
C26: I. EQUIPO
C29: DESCRIPCIÓN | H29: UNIDAD | J29: TIPO | L29: TARIFA | M29: RENDIMIENTO | O29: Vr. UNITARIO
C30: SECCION DE 1,4 POR 1,4 H=2,0 - ANDAMIO CERTIFICADO | H30: D | L30: 30900 | M30: 2.4 | N30: 2.4 | O30: =L30/M30 -> 12875
C31: VIBRADOR PARA CONCRETO | H31: D | L31: 86639 | M31: 3.12 | N31: 3.12 | O31: =L31/M31 -> 27768.91
C32: SECCION DE 1,4 POR 1,4 H=2,0 - ANDAMIO CERTIFICADO | H32: D | L32: 30900 | M32: 2.4 | N32: 3.12 | O32: =L32/M32 -> 12875
C33: HERRAMIENTA MENOR | H33: GL | L33: 23783.13 | M33: 1 | N33: 1 | O33: =L33/M33 -> 23783.13
C34: SUBTOTAL $ | O34: =SUM(O30:O33) -> 77302.04
C35: II. MATERIALES
C38: DESCRIPCIÓN | K38: UNIDAD | L38: CANTIDAD | M38: PRECIO UNIT. | O38: Vr. UNITARIO
C39: ALAMBRE NEGRO NO. 18 | K39: KG | L39: 2.1 | M39: 12921 | O39: =L39*M39 -> 27134.1
C40: CONCRETO 3500 PSI | K40: M3 | L40: 1.03 | M40: 492868 | O40: =L40*M40 -> 507654.04
C41: PUNTILLA CON CABEZA 2" | K41: LB | L41: 3.99 | M41: 6758 | O41: =L41*M41 -> 26964.42
C42: REPISA EN ORDINARIO | K42: ML | L42: 4.76 | M42: 4142 | O42: =19701.42 -> 19701.42
C43: TABLA BURRA CEDRO ROJO 0.28 | K43: ML | L43: 7.35 | M43: 8096 | O43: =L43*M43 -> 59505.6
C45: SUBTOTAL $ | O45: =SUM(O39:O44) -> 640959.58
C46: III. TRANSPORTES
C49: MATERIAL | J49: VOL. o PESO | K49: DISTANCIA | L49: M3 o Ton/Km | M49: TARIFA | O49: Vr. UNITARIO
C52: SUBTOTAL $
C53: IV. MANO DE OBRA
C56: TRABAJADOR | J56: JORNAL | K56: PRESTACIONES | L56: HORA TOTAL | M56: RENDIMIENTO | O56: Vr. UNITARIO
C57: MANO DE OBRA AA | J57: 190265 | K57: 2 | L57: =J57*K57 -> 380530 | M57: 0.8 | O57: =L57/M57 -> 475662.5
C61: SUBTOTAL $ | O61: =SUM(O57) -> 475662.5
C63: TOTAL COSTO DIRECTO $ | O63: =ROUND(O34+O61+O50+O45,0) -> 1193924
C64: V. COSTOS INDIRECTOS
C67: Descripción | L67: Porcentaje | M67: Valor Total
C68: ADMINISTRACION
C69: IMPREVISTOS
C70: UTILIDAD
C71: SUBTOTAL $
C73: Precio Unitario Total Aproximado al peso $
C75: Firma | H75: Firma
C76: Nombre: JUAN FELIPE VARON VASQUEZ | H76: Nombre: RICARDO JOSE GUTIERREZ PARRA
C77: SECRETARIO DE PLANEACION INFRAESTRUCTURA Y MEDIO AMBIENTE | H77: DIRECTOR ADMINISTRATIVO DE INFRAESTRUCTURA
C78: CEDULA : | H78: CEDULA :
C80: OBSERVACIONES INTERVENTORÍA
C84: APROBACIÓN POR INTERVENTORÍA
C85: Nota 1: Cuando se trate de análisis de Precios Unitarios correspondientes a ítems de la propuesta económica aprobada, el Interventor aprueba el desglose de los componentes manteniendo el mismo Precio Unitario de cada ítem, cumpliendo con las especificaciones de construcción vigentes para el proyecto.
C87: Nota 2: Cuando se trate de análisis de Precios Unitarios de ítems no previstos, el Interventor aprueba el desglose y Precio Unitario de cada ítem no previsto, exigiendo la aplicación de los costos correspondientes a insumos y tarifas de la propuesta económica inicial cuando estén contemplados, cumpliendo con las especificaciones de construcción vigente para el proyecto.
H90: Firma
H91: Nombre:
H92: Representante legal
H93: Matricula :

Sheet ICCU 4.3
C3: Formulario 1 - Propuesta económica - Documento tipo de selección abreviada de menor cuantía - versión 1
C4: Versión: 1 del 21 de agosto de 2025
C6: [La Entidad podrá utilizar este Formato para la presentación de los análisis de Precios Unitarios del Contratista en la oportunidad prevista en el numeral 8.2. del Documento Base]
D9: MUNICIPIO DE EL ESPINAL
L10: VERSIÓN
D11: [NÚMERO DEL PROCESO]
L12: PÁGINA | M12: 1 | N12: DE | O12: 1
D14: ANÁLISIS DE PRECIOS UNITARIOS
L16: FECHA | M16: DD | N16: MM | O16: AA
C18: ÍTEMS DE LA PROPUESTA ECONÓMICA
C22: DATOS ESPECÍFICOS
C24: ÍTEM | D24: DESCRIPCIÓN | M24: UNIDAD | O24: CANTIDAD
C25: 4.3 | D25: ACERO FIGURADO 60000 PSI | M25: KG
C26: I. EQUIPO
C29: DESCRIPCIÓN | H29: UNIDAD | J29: TIPO | L29: TARIFA | M29: RENDIMIENTO | O29: Vr. UNITARIO
C30: HERRAMIENTA MENOR | H30: GL | L30: 59.46 | M30: 1 | N30: 1 | O30: =L30/M30 -> 59.46
C31: SUBTOTAL $ | O31: =SUM(O30:O30) -> 59.46
C32: II. MATERIALES
C35: DESCRIPCIÓN | K35: UNIDAD | L35: CANTIDAD | M35: PRECIO UNIT. | O35: Vr. UNITARIO
C36: ACERO DE REFUERZO 60000 PSI | K36: KG | L36: 1.05 | M36: 6262 | O36: =L36*M36 -> 6575.1
C37: ALAMBRE NEGRO NO. 18 | K37: KG | L37: 0.03 | M37: 12921 | O37: =L37*M37 -> 387.63
C38: SEGUETA | K38: UN | L38: 0.05 | M38: 6741 | O38: =L38*M38 -> 337.05
C42: SUBTOTAL $ | O42: =SUM(O36:O41) -> 7299.78
C43: III. TRANSPORTES
C46: MATERIAL | J46: VOL. o PESO | K46: DISTANCIA | L46: M3 o Ton/Km | M46: TARIFA | O46: Vr. UNITARIO
C49: SUBTOTAL $
C50: IV. MANO DE OBRA
C53: TRABAJADOR | J53: JORNAL | K53: PRESTACIONES | L53: HORA TOTAL | M53: RENDIMIENTO | O53: Vr. UNITARIO
C54: MANO DE OBRA AA | J54: 190265 | K54: 2 | L54: =J54*K54 -> 380530 | M54: 320 | O54: =L54/M54 -> 1189.1562
C58: SUBTOTAL $ | O58: =SUM(O54) -> 1189.1562
C60: TOTAL COSTO DIRECTO $ | O60: =ROUND(O31+O58+O47+O42,0) -> 8548
C61: V. COSTOS INDIRECTOS
C64: Descripción | L64: Porcentaje | M64: Valor Total
C65: ADMINISTRACION
C66: IMPREVISTOS
C67: UTILIDAD
C68: SUBTOTAL $
C70: Precio Unitario Total Aproximado al peso $
C72: Firma | H72: Firma
C73: Nombre: JUAN FELIPE VARON VASQUEZ | H73: Nombre: RICARDO JOSE GUTIERREZ PARRA
C74: SECRETARIO DE PLANEACION INFRAESTRUCTURA Y MEDIO AMBIENTE | H74: DIRECTOR ADMINISTRATIVO DE INFRAESTRUCTURA
C75: CEDULA : | H75: CEDULA :
C77: OBSERVACIONES INTERVENTORÍA
C81: APROBACIÓN POR INTERVENTORÍA
C82: Nota 1: Cuando se trate de análisis de Precios Unitarios correspondientes a ítems de la propuesta económica aprobada, el Interventor aprueba el desglose de los componentes manteniendo el mismo Precio Unitario de cada ítem, cumpliendo con las especificaciones de construcción vigentes para el proyecto.
C84: Nota 2: Cuando se trate de análisis de Precios Unitarios de ítems no previstos, el Interventor aprueba el desglose y Precio Unitario de cada ítem no previsto, exigiendo la aplicación de los costos correspondientes a insumos y tarifas de la propuesta económica inicial cuando estén contemplados, cumpliendo con las especificaciones de construcción vigente para el proyecto.
H87: Firma
H88: Nombre:
H89: Representante legal
H90: Matricula :

Sheet ICCU 4.4
C3: Formulario 1 - Propuesta económica - Documento tipo de selección abreviada de menor cuantía - versión 1
C4: Versión: 1 del 21 de agosto de 2025
C6: [La Entidad podrá utilizar este Formato para la presentación de los análisis de Precios Unitarios del Contratista en la oportunidad prevista en el numeral 8.2. del Documento Base]
D9: MUNICIPIO DE EL ESPINAL
L10: VERSIÓN
D11: [NÚMERO DEL PROCESO]
L12: PÁGINA | M12: 1 | N12: DE | O12: 1
D14: ANÁLISIS DE PRECIOS UNITARIOS
L16: FECHA | M16: DD | N16: MM | O16: AA
C18: ÍTEMS DE LA PROPUESTA ECONÓMICA
C22: DATOS ESPECÍFICOS
C24: ÍTEM | D24: DESCRIPCIÓN | M24: UNIDAD | O24: CANTIDAD
C25: 4.4 | D25: ESCALERA MACIZA 3500 PSI | M25: M3
C26: I. EQUIPO
C29: DESCRIPCIÓN | H29: UNIDAD | J29: TIPO | L29: TARIFA | M29: RENDIMIENTO | O29: Vr. UNITARIO
C30: VIBRADOR PARA CONCRETO | H30: D | I30: D | L30: 86639 | M30: 25 | N30: 25 | O30: =L30/M30 -> 3465.56
C31: FORMALETA ENTREPISOS | H31: MS | I31: MS | L31: 14498 | M31: 0.12 | N31: 0.12 | O31: =L31/M31 -> 120816.67
C32: HERRAMIENTA MENOR | H32: GL | I32: GL | L32: 27180.71 | M32: 1 | N32: 1 | O32: =L32/M32 -> 27180.71
C33: SECCION DE 1,4 POR 1,4 H=2,0 - ANDAMIO CERTIFICADO | H33: D | I33: D | L33: 30900 | M33: 2.1 | N33: 2.1 | O33: =L33/M33 -> 14714.286
C34: SUBTOTAL $ | O34: =SUM(O30:O33) -> 166177.22
C35: II. MATERIALES
C38: DESCRIPCIÓN | K38: UNIDAD | L38: CANTIDAD | M38: PRECIO UNIT. | O38: Vr. UNITARIO
C39: ALAMBRE NEGRO NO. 18 | K39: KG | L39: 0.12 | M39: 12921 | O39: =L39*M39 -> 1550.52
C40: CONCRETO 3500 PSI | K40: M3 | L40: 1.03 | M40: 492868 | O40: =L40*M40 -> 507654.04
C41: PUNTILLA CON CABEZA 2" | K41: LB | L41: 1.5 | M41: 6758 | O41: =L41*M41 -> 10137
C42: REPISA EN ORDINARIO | K42: ML | L42: 2.76 | M42: 4142 | O42: =L42*M42 -> 11431.92
C43: TABLA BURRA ORDINARIO 0.30 | K43: ML | L43: 9.21 | M43: 8096 | O43: =L43*M43 -> 74564.16
C45: SUBTOTAL $ | O45: =SUM(O39:O44) -> 605337.64
C46: III. TRANSPORTES
C49: MATERIAL | J49: VOL. o PESO | K49: DISTANCIA | L49: M3 o Ton/Km | M49: TARIFA | O49: Vr. UNITARIO
C52: SUBTOTAL $
C53: IV. MANO DE OBRA
C56: TRABAJADOR | J56: JORNAL | K56: PRESTACIONES | L56: HORA TOTAL | M56: RENDIMIENTO | O56: Vr. UNITARIO
C57: MANO DE OBRA AA | J57: 190265 | K57: 2 | L57: =J57*K57 -> 380530 | M57: 0.7 | O57: =L57/M57 -> 543614.29
C61: SUBTOTAL $ | O61: =SUM(O57) -> 543614.29
C63: TOTAL COSTO DIRECTO $ | O63: =ROUND(O34+O61+O50+O45,0) -> 1315129
C64: V. COSTOS INDIRECTOS
C67: Descripción | L67: Porcentaje | M67: Valor Total
C68: ADMINISTRACION
C69: IMPREVISTOS
C70: UTILIDAD
C71: SUBTOTAL $
C73: Precio Unitario Total Aproximado al peso $
C75: Firma | H75: Firma
C76: Nombre: JUAN FELIPE VARON VASQUEZ | H76: Nombre: RICARDO JOSE GUTIERREZ PARRA
C77: SECRETARIO DE PLANEACION INFRAESTRUCTURA Y MEDIO AMBIENTE | H77: DIRECTOR ADMINISTRATIVO DE INFRAESTRUCTURA
C78: CEDULA : | H78: CEDULA :
C80: OBSERVACIONES INTERVENTORÍA
C84: APROBACIÓN POR INTERVENTORÍA
C85: Nota 1: Cuando se trate de análisis de Precios Unitarios correspondientes a ítems de la propuesta económica aprobada, el Interventor aprueba el desglose de los componentes manteniendo el mismo Precio Unitario de cada ítem, cumpliendo con las especificaciones de construcción vigentes para el proyecto.
C87: Nota 2: Cuando se trate de análisis de Precios Unitarios de ítems no previstos, el Interventor aprueba el desglose y Precio Unitario de cada ítem no previsto, exigiendo la aplicación de los costos correspondientes a insumos y tarifas de la propuesta económica inicial cuando estén contemplados, cumpliendo con las especificaciones de construcción vigente para el proyecto.
H90: Firma
H91: Nombre:
H92: Representante legal
H93: Matricula :

Sheet ICCU 4.5
C3: Formulario 1 - Propuesta económica - Documento tipo de selección abreviada de menor cuantía - versión 1
C4: Versión: 1 del 21 de agosto de 2025
C6: [La Entidad podrá utilizar este Formato para la presentación de los análisis de Precios Unitarios del Contratista en la oportunidad prevista en el numeral 8.2. del Documento Base]
D9: MUNICIPIO DE EL ESPINAL
L10: VERSIÓN
D11: [NÚMERO DEL PROCESO]
L12: PÁGINA | M12: 1 | N12: DE | O12: 1
D14: ANÁLISIS DE PRECIOS UNITARIOS
L16: FECHA | M16: DD | N16: MM | O16: AA
C18: ÍTEMS DE LA PROPUESTA ECONÓMICA
C22: DATOS ESPECÍFICOS
C24: ÍTEM | D24: DESCRIPCIÓN | M24: UNIDAD | O24: CANTIDAD
C25: 4.5 | D25: ENTREPISO PLACA MACIZA 3500 PSI E=0.15 M | M25: M2
C26: I. EQUIPO
C29: DESCRIPCIÓN | H29: UNIDAD | J29: TIPO | L29: TARIFA | M29: RENDIMIENTO | O29: Vr. UNITARIO
C30: VIBRADOR PARA CONCRETO | H30: D | I30: D | L30: 86639 | M30: 16 | N30: 16 | O30: =L30/M30 -> 5414.9375
C31: FORMALETA ENTREPISOS | H31: MS | I31: MS | L31: 14498 | M31: 0.8 | N31: 0.8 | O31: =L31/M31 -> 18122.5
C32: HERRAMIENTA MENOR | H32: GL | I32: GL | L32: 1902.65 | M32: 1 | N32: 1 | O32: =L32/M32 -> 1902.65
C33: SECCION DE 1,4 POR 1,4 H=2,0 - ANDAMIO CERTIFICADO | H33: D | I33: D | L33: 30900 | M33: 20 | N33: 20 | O33: =L33/M33 -> 1545
C34: SUBTOTAL $ | O34: =SUM(O30:O33) -> 26985.088
C35: II. MATERIALES
C38: DESCRIPCIÓN | K38: UNIDAD | L38: CANTIDAD | M38: PRECIO UNIT. | O38: Vr. UNITARIO
C39: CONCRETO 3500 PSI | K39: M3 | L39: 0.158 | M39: 492868 | O39: =L39*M39 -> 77873.144
C41: SUBTOTAL $ | O41: =SUM(O39:O40) -> 77873.144
C42: III. TRANSPORTES
C45: MATERIAL | J45: VOL. o PESO | K45: DISTANCIA | L45: M3 o Ton/Km | M45: TARIFA | O45: Vr. UNITARIO
C48: SUBTOTAL $
C49: IV. MANO DE OBRA
C52: TRABAJADOR | J52: JORNAL | K52: PRESTACIONES | L52: HORA TOTAL | M52: RENDIMIENTO | O52: Vr. UNITARIO
C53: MANO DE OBRA AA | J53: 190265 | K53: 2 | L53: =J53*K53 -> 380530 | M53: 10 | O53: =L53/M53 -> 38053
C57: SUBTOTAL $ | O57: =SUM(O53) -> 38053
C59: TOTAL COSTO DIRECTO $ | O59: =ROUND(O34+O57+O46+O41,0) -> 142911
C60: V. COSTOS INDIRECTOS
C63: Descripción | L63: Porcentaje | M63: Valor Total
C64: ADMINISTRACION
C65: IMPREVISTOS
C66: UTILIDAD
C67: SUBTOTAL $
C69: Precio Unitario Total Aproximado al peso $
C71: Firma | H71: Firma
C72: Nombre: JUAN FELIPE VARON VASQUEZ | H72: Nombre: RICARDO JOSE GUTIERREZ PARRA
C73: SECRETARIO DE PLANEACION INFRAESTRUCTURA Y MEDIO AMBIENTE | H73: DIRECTOR ADMINISTRATIVO DE INFRAESTRUCTURA
C74: CEDULA : | H74: CEDULA :
C76: OBSERVACIONES INTERVENTORÍA
C80: APROBACIÓN POR INTERVENTORÍA
C81: Nota 1: Cuando se trate de análisis de Precios Unitarios correspondientes a ítems de la propuesta económica aprobada, el Interventor aprueba el desglose de los componentes manteniendo el mismo Precio Unitario de cada ítem, cumpliendo con las especificaciones de construcción vigentes para el proyecto.
C83: Nota 2: Cuando se trate de análisis de Precios Unitarios de ítems no previstos, el Interventor aprueba el desglose y Precio Unitario de cada ítem no previsto, exigiendo la aplicación de los costos correspondientes a insumos y tarifas de la propuesta económica inicial cuando estén contemplados, cumpliendo con las especificaciones de construcción vigente para el proyecto.
H86: Firma
H87: Nombre:
H88: Representante legal
H89: Matricula :

Sheet ICCU 4.6
C3: Formulario 1 - Propuesta económica - Documento tipo de selección abreviada de menor cuantía - versión 1
C4: Versión: 1 del 21 de agosto de 2025
C6: [La Entidad podrá utilizar este Formato para la presentación de los análisis de Precios Unitarios del Contratista en la oportunidad prevista en el numeral 8.2. del Documento Base]
D9: MUNICIPIO DE EL ESPINAL
L10: VERSIÓN
D11: [NÚMERO DEL PROCESO]
L12: PÁGINA | M12: 1 | N12: DE | O12: 1
D14: ANÁLISIS DE PRECIOS UNITARIOS
L16: FECHA | M16: DD | N16: MM | O16: AA
C18: ÍTEMS DE LA PROPUESTA ECONÓMICA
C22: DATOS ESPECÍFICOS
C24: ÍTEM | D24: DESCRIPCIÓN | M24: UNIDAD | O24: CANTIDAD
C25: 4.6 | D25: CONCRETO CICLÓPEO 2000 PSI, 40% RAJÓN | M25: M3
C26: I. EQUIPO
C29: DESCRIPCIÓN | H29: UNIDAD | J29: TIPO | L29: TARIFA | M29: RENDIMIENTO | O29: Vr. UNITARIO
C30: HERRAMIENTA MENOR | H30: GL | I30: GL | L30: 6342.17 | M30: 1 | N30: 1 | O30: =L30/M30 -> 6342.17
C31: SUBTOTAL $ | O31: =SUM(O30:O30) -> 6342.17
C32: II. MATERIALES
C35: DESCRIPCIÓN | K35: UNIDAD | L35: CANTIDAD | M35: PRECIO UNIT. | O35: Vr. UNITARIO
C36: AGUA | K36: LT | L36: 158 | M36: 75 | O36: =L36*M36 -> 11850
C37: CEMENTO GRIS | K37: KG | L37: 180 | M37: 750 | O37: =L37*M37 -> 135000
C38: ARENA LAVADA DE RÍO EN MUNICIPIO | K38: M3 | L38: 0.3 | M38: 47354 | O38: =L38*M38 -> 14206.2
C39: GRAVILLA DE RÍO EN MUNICIPIO | K39: M3 | L39: 0.57 | M39: 60585 | O39: =L39*M39 -> 34533.45
C40: RAJÓN | K40: M3 | L40: 0.42 | M40: 68395 | O40: =L40*M40 -> 28725.9
C41: SUBTOTAL $ | O41: =SUM(O36:O40) -> 224315.55
C42: III. TRANSPORTES
C45: MATERIAL | J45: VOL. o PESO | K45: DISTANCIA | L45: M3 o Ton/Km | M45: TARIFA | O45: Vr. UNITARIO
C46: TRANS. RAJÓN | J46: 0.42 | K46: 15 | L46: 6.3 | M46: 995 | O46: =M46*L46 -> 6268.5
C48: SUBTOTAL $ | O48: =O46 -> 6268.5
C49: IV. MANO DE OBRA
C52: TRABAJADOR | J52: JORNAL | K52: PRESTACIONES | L52: HORA TOTAL | M52: RENDIMIENTO | O52: Vr. UNITARIO
C53: MANO DE OBRA AA | J53: 190265 | K53: 2 | L53: =J53*K53 -> 380530 | M53: 3 | O53: =L53/M53 -> 126843.33
C57: SUBTOTAL $ | O57: =SUM(O53) -> 126843.33
C59: TOTAL COSTO DIRECTO $ | O59: =ROUND(O31+O57+O46+O41,0) -> 363770
C60: V. COSTOS INDIRECTOS
C63: Descripción | L63: Porcentaje | M63: Valor Total
C64: ADMINISTRACION
C65: IMPREVISTOS
C66: UTILIDAD
C67: SUBTOTAL $
C69: Precio Unitario Total Aproximado al peso $
C71: Firma | H71: Firma
C72: Nombre: JUAN FELIPE VARON VASQUEZ | H72: Nombre: RICARDO JOSE GUTIERREZ PARRA
C73: SECRETARIO DE PLANEACION INFRAESTRUCTURA Y MEDIO AMBIENTE | H73: DIRECTOR ADMINISTRATIVO DE INFRAESTRUCTURA
C74: CEDULA : | H74: CEDULA :
C76: OBSERVACIONES INTERVENTORÍA
C80: APROBACIÓN POR INTERVENTORÍA
C81: Nota 1: Cuando se trate de análisis de Precios Unitarios correspondientes a ítems de la propuesta económica aprobada, el Interventor aprueba el desglose de los componentes manteniendo el mismo Precio Unitario de cada ítem, cumpliendo con las especificaciones de construcción vigentes para el proyecto.
C83: Nota 2: Cuando se trate de análisis de Precios Unitarios de ítems no previstos, el Interventor aprueba el desglose y Precio Unitario de cada ítem no previsto, exigiendo la aplicación de los costos correspondientes a insumos y tarifas de la propuesta económica inicial cuando estén contemplados, cumpliendo con las especificaciones de construcción vigente para el proyecto.
H86: Firma
H87: Nombre:
H88: Representante legal
H89: Matricula :

Sheet ICCU 5.1
C3: Formulario 1 - Propuesta económica - Documento tipo de selección abreviada de menor cuantía - versión 1
C4: Versión: 1 del 21 de agosto de 2025
C6: [La Entidad podrá utilizar este Formato para la presentación de los análisis de Precios Unitarios del Contratista en la oportunidad prevista en el numeral 8.2. del Documento Base]
D9: MUNICIPIO DE EL ESPINAL
L10: VERSIÓN
D11: [NÚMERO DEL PROCESO]
L12: PÁGINA | M12: 1 | N12: DE | O12: 1
D14: ANÁLISIS DE PRECIOS UNITARIOS
L16: FECHA | M16: DD | N16: MM | O16: AA
C18: ÍTEMS DE LA PROPUESTA ECONÓMICA
C22: DATOS ESPECÍFICOS
C24: ÍTEM | D24: DESCRIPCIÓN | M24: UNIDAD | O24: CANTIDAD
C25: 5.1 | D25: MURO DRYWALL DOBLE CARA 0.12 M | M25: M2
C26: I. EQUIPO
C29: DESCRIPCIÓN | H29: UNIDAD | J29: TIPO | L29: TARIFA | M29: RENDIMIENTO | O29: Vr. UNITARIO
C30: SECCION DE 1,4 POR 1,4 H=2,0 - ANDAMIO CERTIFICADO | H30: D | L30: 30900 | M30: 14 | O30: =L30/M30 -> 2207.1429
C31: HERRAMIENTA MENOR | H31: GL | I31: GL | L31: 2718.07 | M31: 1 | N31: 1 | O31: =L31/M31 -> 2718.07
C32: SUBTOTAL $ | O32: =SUM(O30:O31) -> 4925.2129
C33: II. MATERIALES
C36: DESCRIPCIÓN | K36: UNIDAD | L36: CANTIDAD | M36: PRECIO UNIT. | O36: Vr. UNITARIO
C37: CANAL B 9X2.44 CAL. 26 | K37: UN | L37: 0.35 | M37: 12596 | O37: =L37*M37 -> 4408.6
C38: CARGA FULMINANTE FUERTE + CLAVO 5/16" B. VEL. 1" | K38: UN | L38: 1.61 | M38: 608 | O38: =L38*M38 -> 978.88
C39: CINTA DE PAPEL SUPERCINTA 250 | K39: RL | L39: 0.07 | M39: 11768 | O39: =L39*M39 -> 823.76
C40: LÁMINA DRYWALL 1/2" SUPERPLACA 1.22X2.44 | K40: UN | L40: 0.71 | M40: 75314 | O40: =L40*M40 -> 53472.94
C41: LIJA DE AGUA 150 SUPER | K41: UN | L41: 0.42 | M41: 1883 | O41: =L41*M41 -> 790.86
C42: MASILLA SUPERMÁSTICO 5GLN | K42: GLN | L42: 0.09 | M42: 86422 | O42: =L42*M42 -> 7777.98
C43: PARAL B 9X2.44 CAL. 26 | K43: UN | L43: 0.71 | M43: 17322 | O43: =L43*M43 -> 12298.62
C44: TORNILLO 7 X 7/16 | K44: UN | L44: 2.82 | M44: 32 | O44: =L44*M44 -> 90.24
C45: TORNILLO GRABER 6X1" | K45: UN | L45: 27.22 | M45: 32 | O45: =L45*M45 -> 871.04
C46: SUBTOTAL $ | O46: =SUM(O37:O45) -> 81512.92
C47: III. TRANSPORTES
C50: MATERIAL | J50: VOL. o PESO | K50: DISTANCIA | L50: M3 o Ton/Km | M50: TARIFA | O50: Vr. UNITARIO
C53: SUBTOTAL $ | O53: =O51 -> 0
C54: IV. MANO DE OBRA
C57: TRABAJADOR | J57: JORNAL | K57: PRESTACIONES | L57: HORA TOTAL | M57: RENDIMIENTO | O57: Vr. UNITARIO
C58: MANO DE OBRA AA | J58: 190265 | K58: 2 | L58: =J58*K58 -> 380530 | M58: 7 | O58: =L58/M58 -> 54361.429
C62: SUBTOTAL $ | O62: =SUM(O58) -> 54361.429
C64: TOTAL COSTO DIRECTO $ | O64: =ROUND(O32+O62+O51+O46,0) -> 140800
C65: V. COSTOS INDIRECTOS
C68: Descripción | L68: Porcentaje | M68: Valor Total
C69: ADMINISTRACION
C70: IMPREVISTOS
C71: UTILIDAD
C72: SUBTOTAL $
C74: Precio Unitario Total Aproximado al peso $
C76: Firma | H76: Firma
C77: Nombre: JUAN FELIPE VARON VASQUEZ | H77: Nombre: RICARDO JOSE GUTIERREZ PARRA
C78: SECRETARIO DE PLANEACION INFRAESTRUCTURA Y MEDIO AMBIENTE | H78: DIRECTOR ADMINISTRATIVO DE INFRAESTRUCTURA
C79: CEDULA : | H79: CEDULA :
C81: OBSERVACIONES INTERVENTORÍA
C85: APROBACIÓN POR INTERVENTORÍA
C86: Nota 1: Cuando se trate de análisis de Precios Unitarios correspondientes a ítems de la propuesta económica aprobada, el Interventor aprueba el desglose de los componentes manteniendo el mismo Precio Unitario de cada ítem, cumpliendo con las especificaciones de construcción vigentes para el proyecto.
C88: Nota 2: Cuando se trate de análisis de Precios Unitarios de ítems no previstos, el Interventor aprueba el desglose y Precio Unitario de cada ítem no previsto, exigiendo la aplicación de los costos correspondientes a insumos y tarifas de la propuesta económica inicial cuando estén contemplados, cumpliendo con las especificaciones de construcción vigente para el proyecto.
H91: Firma
H92: Nombre:
H93: Representante legal
H94: Matricula :

Sheet ICCU 5.2
C3: Formulario 1 - Propuesta económica - Documento tipo de selección abreviada de menor cuantía - versión 1
C4: Versión: 1 del 21 de agosto de 2025
C6: [La Entidad podrá utilizar este Formato para la presentación de los análisis de Precios Unitarios del Contratista en la oportunidad prevista en el numeral 8.2. del Documento Base]
D9: MUNICIPIO DE EL ESPINAL
L10: VERSIÓN
D11: [NÚMERO DEL PROCESO]
L12: PÁGINA | M12: 1 | N12: DE | O12: 1
D14: ANÁLISIS DE PRECIOS UNITARIOS
L16: FECHA | M16: DD | N16: MM | O16: AA
C18: ÍTEMS DE LA PROPUESTA ECONÓMICA
C22: DATOS ESPECÍFICOS
C24: ÍTEM | D24: DESCRIPCIÓN | M24: UNIDAD | O24: CANTIDAD
C25: 5.2 | D25: MURO SUPERBOARD 8MM DOBLE CARA 0.12 M | M25: M2
C26: I. EQUIPO
C29: DESCRIPCIÓN | H29: UNIDAD | J29: TIPO | L29: TARIFA | M29: RENDIMIENTO | O29: Vr. UNITARIO
C30: SECCION DE 1,4 POR 1,4 H=2,0 - ANDAMIO CERTIFICADO | H30: D | L30: 30900 | M30: 16 | O30: =L30/M30 -> 1931.25
C31: HERRAMIENTA MENOR | H31: GL | I31: GL | L31: 5707.95 | M31: 1 | N31: 1 | O31: =L31/M31 -> 5707.95
C32: SUBTOTAL $ | O32: =SUM(O30:O31) -> 7639.2
C33: II. MATERIALES
C36: DESCRIPCIÓN | K36: UNIDAD | L36: CANTIDAD | M36: PRECIO UNIT. | O36: Vr. UNITARIO
C37: CANAL 92 MM CAL. 20 | K37: ML | L37: 0.82 | M37: 44676 | O37: =L37*M37 -> 36634.32
C38: PARAL 92 MM CAL. 26 | K38: ML | L38: 1.7 | M38: 12992 | O38: =L38*M38 -> 22086.4
C39: CARGA FULMINANTE FUERTE + CLAVO 5/16" B. VEL. 1" | K39: UN | L39: 5 | M39: 608 | O39: =L39*M39 -> 3040
C40: TORNILLO CABEZA EXTRAPLANA 8 X 1/2" | K40: UN | L40: 10 | M40: 151 | O40: =L40*M40 -> 1510
C41: TORNILLO 7 X 7/16 | K41: M2 | L41: 1.1 | M41: 29050 | O41: =L41*M41 -> 31955
C42: MASILLA SUPERMÁSTICO 5GLN | K42: UN | L42: 6 | M42: 32 | O42: =L42*M42 -> 192
C43: CINTA EN FIBRA DE VIDRIO DE 50 MM, 90M | K43: RL | L43: 0.008 | M43: 14874 | O43: =L43*M43 -> 118.992
C44: MASILLA SUPERMÁSTICO 5GLN | K44: GLN | L44: 0.286 | M44: 86422 | O44: 24692
C45: LIJA DE AGUA 965 SUPER | K45: UN | L45: 1.5 | M45: 1939 | O45: =L45*M45 -> 2908.5
C46: SUBTOTAL $ | O46: =SUM(O37:O45) -> 123137.21
C47: III. TRANSPORTES
C50: MATERIAL | J50: VOL. o PESO | K50: DISTANCIA | L50: M3 o Ton/Km | M50: TARIFA | O50: Vr. UNITARIO
C53: SUBTOTAL $ | O53: =O51 -> 0
C54: IV. MANO DE OBRA
C57: TRABAJADOR | J57: JORNAL | K57: PRESTACIONES | L57: HORA TOTAL | M57: RENDIMIENTO | O57: Vr. UNITARIO
C58: MANO DE OBRA DD | J58: 228318 | K58: 2 | L58: =J58*K58 -> 456636 | M58: 8 | O58: =L58/M58 -> 57079.5
C62: SUBTOTAL $ | O62: =SUM(O58) -> 57079.5
C64: TOTAL COSTO DIRECTO $ | O64: =ROUND(O32+O62+O51+O46,0) -> 187856
C65: V. COSTOS INDIRECTOS
C68: Descripción | L68: Porcentaje | M68: Valor Total
C69: ADMINISTRACION
C70: IMPREVISTOS
C71: UTILIDAD
C72: SUBTOTAL $
C74: Precio Unitario Total Aproximado al peso $
C76: Firma | H76: Firma
C77: Nombre: JUAN FELIPE VARON VASQUEZ | H77: Nombre: RICARDO JOSE GUTIERREZ PARRA
C78: SECRETARIO DE PLANEACION INFRAESTRUCTURA Y MEDIO AMBIENTE | H78: DIRECTOR ADMINISTRATIVO DE INFRAESTRUCTURA
C79: CEDULA : | H79: CEDULA :
C81: OBSERVACIONES INTERVENTORÍA
C85: APROBACIÓN POR INTERVENTORÍA
C86: Nota 1: Cuando se trate de análisis de Precios Unitarios correspondientes a ítems de la propuesta económica aprobada, el Interventor aprueba el desglose de los componentes manteniendo el mismo Precio Unitario de cada ítem, cumpliendo con las especificaciones de construcción vigentes para el proyecto.
C88: Nota 2: Cuando se trate de análisis de Precios Unitarios de ítems no previstos, el Interventor aprueba el desglose y Precio Unitario de cada ítem no previsto, exigiendo la aplicación de los costos correspondientes a insumos y tarifas de la propuesta económica inicial cuando estén contemplados, cumpliendo con las especificaciones de construcción vigente para el proyecto.
H91: Firma
H92: Nombre:
H93: Representante legal
H94: Matricula :

Sheet ICCU 5.3
C3: Formulario 1 - Propuesta económica - Documento tipo de selección abreviada de menor cuantía - versión 1
C4: Versión: 1 del 21 de agosto de 2025
C6: [La Entidad podrá utilizar este Formato para la presentación de los análisis de Precios Unitarios del Contratista en la oportunidad prevista en el numeral 8.2. del Documento Base]
D9: MUNICIPIO DE EL ESPINAL
L10: VERSIÓN
D11: [NÚMERO DEL PROCESO]
L12: PÁGINA | M12: 1 | N12: DE | O12: 1
D14: ANÁLISIS DE PRECIOS UNITARIOS
L16: FECHA | M16: DD | N16: MM | O16: AA
C18: ÍTEMS DE LA PROPUESTA ECONÓMICA
C22: DATOS ESPECÍFICOS
C24: ÍTEM | D24: DESCRIPCIÓN | M24: UNIDAD | O24: CANTIDAD
C25: 5.3 | D25: MURO EN BLOQUE No. 5 E=0.12 | M25: M2
C26: I. EQUIPO
C29: DESCRIPCIÓN | H29: UNIDAD | J29: TIPO | L29: TARIFA | M29: RENDIMIENTO | O29: Vr. UNITARIO
C30: SECCION DE 1,4 POR 1,4 H=2,0 - ANDAMIO CERTIFICADO | H30: D | L30: 30900 | M30: 29 | O30: =L30/M30 -> 1065.5172
C31: HERRAMIENTA MENOR | H31: GL | I31: GL | L31: 1312.17 | M31: 1 | N31: 1 | O31: =L31/M31 -> 1312.17
C32: SUBTOTAL $ | O32: =SUM(O30:O31) -> 2377.6872
C33: II. MATERIALES
C36: DESCRIPCIÓN | K36: UNIDAD | L36: CANTIDAD | M36: PRECIO UNIT. | O36: Vr. UNITARIO
C37: BLOQUE No. 5 | K37: UN | L37: 12.7 | M37: 2233 | O37: =L37*M37 -> 28359.1
C38: MORTERO 1:4 ELABORADO EN OBRA | K38: M3 | L38: 0.015 | M38: 476043 | O38: =L38*M38 -> 7140.645
C46: SUBTOTAL $ | O46: =SUM(O37:O45) -> 35499.745
C47: III. TRANSPORTES
C50: MATERIAL | J50: VOL. o PESO | K50: DISTANCIA | L50: M3 o Ton/Km | M50: TARIFA | O50: Vr. UNITARIO
C53: SUBTOTAL $ | O53: =O51 -> 0
C54: IV. MANO DE OBRA
C57: TRABAJADOR | J57: JORNAL | K57: PRESTACIONES | L57: HORA TOTAL | M57: RENDIMIENTO | O57: Vr. UNITARIO
C58: MANO DE OBRA AA | J58: 190265 | K58: 2 | L58: =J58*K58 -> 380530 | M58: 14.5 | O58: =L58/M58 -> 26243.448
C62: SUBTOTAL $ | O62: =SUM(O58) -> 26243.448
C64: TOTAL COSTO DIRECTO $ | O64: =ROUND(O32+O62+O51+O46,0) -> 64121
C65: V. COSTOS INDIRECTOS
C68: Descripción | L68: Porcentaje | M68: Valor Total
C69: ADMINISTRACION
C70: IMPREVISTOS
C71: UTILIDAD
C72: SUBTOTAL $
C74: Precio Unitario Total Aproximado al peso $
C76: Firma | H76: Firma
C77: Nombre: JUAN FELIPE VARON VASQUEZ | H77: Nombre: RICARDO JOSE GUTIERREZ PARRA
C78: SECRETARIO DE PLANEACION INFRAESTRUCTURA Y MEDIO AMBIENTE | H78: DIRECTOR ADMINISTRATIVO DE INFRAESTRUCTURA
C79: CEDULA : | H79: CEDULA :
C81: OBSERVACIONES INTERVENTORÍA
C85: APROBACIÓN POR INTERVENTORÍA
C86: Nota 1: Cuando se trate de análisis de Precios Unitarios correspondientes a ítems de la propuesta económica aprobada, el Interventor aprueba el desglose de los componentes manteniendo el mismo Precio Unitario de cada ítem, cumpliendo con las especificaciones de construcción vigentes para el proyecto.
C88: Nota 2: Cuando se trate de análisis de Precios Unitarios de ítems no previstos, el Interventor aprueba el desglose y Precio Unitario de cada ítem no previsto, exigiendo la aplicación de los costos correspondientes a insumos y tarifas de la propuesta económica inicial cuando estén contemplados, cumpliendo con las especificaciones de construcción vigente para el proyecto.
H91: Firma
H92: Nombre:
H93: Representante legal
H94: Matricula :

Sheet ICCU 5.4
C3: Formulario 1 - Propuesta económica - Documento tipo de selección abreviada de menor cuantía - versión 1
C4: Versión: 1 del 21 de agosto de 2025
C6: [La Entidad podrá utilizar este Formato para la presentación de los análisis de Precios Unitarios del Contratista en la oportunidad prevista en el numeral 8.2. del Documento Base]
D9: MUNICIPIO DE EL ESPINAL
L10: VERSIÓN
D11: [NÚMERO DEL PROCESO]
L12: PÁGINA | M12: 1 | N12: DE | O12: 1
D14: ANÁLISIS DE PRECIOS UNITARIOS
L16: FECHA | M16: DD | N16: MM | O16: AA
C18: ÍTEMS DE LA PROPUESTA ECONÓMICA
C22: DATOS ESPECÍFICOS
C24: ÍTEM | D24: DESCRIPCIÓN | M24: UNIDAD | O24: CANTIDAD
C25: 5.4 | D25: DINTELES CONCRETO DE 2500 PSI 15x20, INC. ACERO | M25: ML
C26: I. EQUIPO
C29: DESCRIPCIÓN | H29: UNIDAD | J29: TIPO | L29: TARIFA | M29: RENDIMIENTO | O29: Vr. UNITARIO
C30: SECCION DE 1,4 POR 1,4 H=2,0 - ANDAMIO CERTIFICADO | H30: D | L30: 30900 | M30: 20 | O30: =L30/M30 -> 1545
C31: HERRAMIENTA MENOR | H31: GL | I31: GL | L31: 1902.65 | M31: 1 | N31: 1 | O31: =L31/M31 -> 1902.65
C32: SUBTOTAL $ | O32: =SUM(O30:O31) -> 3447.65
C33: II. MATERIALES
C36: DESCRIPCIÓN | K36: UNIDAD | L36: CANTIDAD | M36: PRECIO UNIT. | O36: Vr. UNITARIO
C37: ACERO DE REFUERZO 60000 PSI | K37: KG | L37: 2.9 | M37: 6262 | O37: =L37*M37 -> 18159.8
C38: ALAMBRE NEGRO No. 18 | K38: KG | L38: 0.11 | M38: 12921 | O38: =L38*M38 -> 1421.31
C39: CONCRETO 2500 PSI | K39: M3 | L39: 0.03 | M39: 416261 | O39: =L39*M39 -> 12487.83
C40: TABLA BURRA ORDINARIO 0.10 | K40: ML | L40: 0.15 | M40: 4142 | O40: =L40*M40 -> 621.3
C41: VARA CLAVO | K41: ML | L41: 0.01 | M41: 3013 | O41: =L41*M41 -> 30.13
C46: SUBTOTAL $ | O46: =SUM(O37:O45) -> 32720.37
C47: III. TRANSPORTES
C50: MATERIAL | J50: VOL. o PESO | K50: DISTANCIA | L50: M3 o Ton/Km | M50: TARIFA | O50: Vr. UNITARIO
C53: SUBTOTAL $ | O53: =O51 -> 0
C54: IV. MANO DE OBRA
C57: TRABAJADOR | J57: JORNAL | K57: PRESTACIONES | L57: HORA TOTAL | M57: RENDIMIENTO | O57: Vr. UNITARIO
C58: MANO DE OBRA AA | J58: 190265 | K58: 2 | L58: =J58*K58 -> 380530 | M58: 10 | O58: =L58/M58 -> 38053
C62: SUBTOTAL $ | O62: =SUM(O58) -> 38053
C64: TOTAL COSTO DIRECTO $ | O64: =ROUND(O32+O62+O51+O46,0) -> 74221
C65: V. COSTOS INDIRECTOS
C68: Descripción | L68: Porcentaje | M68: Valor Total
C69: ADMINISTRACION
C70: IMPREVISTOS
C71: UTILIDAD
C72: SUBTOTAL $
C74: Precio Unitario Total Aproximado al peso $
C76: Firma | H76: Firma
C77: Nombre: JUAN FELIPE VARON VASQUEZ | H77: Nombre: RICARDO JOSE GUTIERREZ PARRA
C78: SECRETARIO DE PLANEACION INFRAESTRUCTURA Y MEDIO AMBIENTE | H78: DIRECTOR ADMINISTRATIVO DE INFRAESTRUCTURA
C79: CEDULA : | H79: CEDULA :
C81: OBSERVACIONES INTERVENTORÍA
C85: APROBACIÓN POR INTERVENTORÍA
C86: Nota 1: Cuando se trate de análisis de Precios Unitarios correspondientes a ítems de la propuesta económica aprobada, el Interventor aprueba el desglose de los componentes manteniendo el mismo Precio Unitario de cada ítem, cumpliendo con las especificaciones de construcción vigentes para el proyecto.
C88: Nota 2: Cuando se trate de análisis de Precios Unitarios de ítems no previstos, el Interventor aprueba el desglose y Precio Unitario de cada ítem no previsto, exigiendo la aplicación de los costos correspondientes a insumos y tarifas de la propuesta económica inicial cuando estén contemplados, cumpliendo con las especificaciones de construcción vigente para el proyecto.
H91: Firma
H92: Nombre:
H93: Representante legal
H94: Matricula :

Sheet ICCU 6.1
C3: Formulario 1 - Propuesta económica - Documento tipo de selección abreviada de menor cuantía - versión 1
C4: Versión: 1 del 21 de agosto de 2025
C6: [La Entidad podrá utilizar este Formato para la presentación de los análisis de Precios Unitarios del Contratista en la oportunidad prevista en el numeral 8.2. del Documento Base]
D9: MUNICIPIO DE EL ESPINAL
L10: VERSIÓN
D11: [NÚMERO DEL PROCESO]
L12: PÁGINA | M12: 1 | N12: DE | O12: 1
D14: ANÁLISIS DE PRECIOS UNITARIOS
L16: FECHA | M16: DD | N16: MM | O16: AA
C18: ÍTEMS DE LA PROPUESTA ECONÓMICA
C22: DATOS ESPECÍFICOS
C24: ÍTEM | D24: DESCRIPCIÓN | M24: UNIDAD | O24: CANTIDAD
C25: 6.1 | D25: PAÑETE LISO MUROS 1:4, E=1.5 CM | M25: M2
C26: I. EQUIPO
C29: DESCRIPCIÓN | H29: UNIDAD | J29: TIPO | L29: TARIFA | M29: RENDIMIENTO | O29: Vr. UNITARIO
C30: SECCION DE 1,4 POR 1,4 H=2,0 - ANDAMIO CERTIFICADO | H30: D | L30: 30900 | M30: 40 | O30: =L30/M30 -> 772.5
C31: HERRAMIENTA MENOR | H31: GL | I31: GL | L31: 951.33 | M31: 1 | N31: 1 | O31: =L31/M31 -> 951.33
C32: SUBTOTAL $ | O32: =SUM(O30:O31) -> 1723.83
C33: II. MATERIALES
C36: DESCRIPCIÓN | K36: UNIDAD | L36: CANTIDAD | M36: PRECIO UNIT. | O36: Vr. UNITARIO
C37: MORTERO 1:4 ELABORADO EN OBRA | K37: KG | L37: 0.016 | M37: 476043 | O37: =L37*M37 -> 7616.688
C46: SUBTOTAL $ | O46: =SUM(O37:O45) -> 7616.688
C47: III. TRANSPORTES
C50: MATERIAL | J50: VOL. o PESO | K50: DISTANCIA | L50: M3 o Ton/Km | M50: TARIFA | O50: Vr. UNITARIO
C53: SUBTOTAL $ | O53: =O51 -> 0
C54: IV. MANO DE OBRA
C57: TRABAJADOR | J57: JORNAL | K57: PRESTACIONES | L57: HORA TOTAL | M57: RENDIMIENTO | O57: Vr. UNITARIO
C58: MANO DE OBRA AA | J58: 190265 | K58: 2 | L58: =J58*K58 -> 380530 | M58: 20 | O58: =L58/M58 -> 19026.5
C62: SUBTOTAL $ | O62: =SUM(O58) -> 19026.5
C64: TOTAL COSTO DIRECTO $ | O64: =ROUND(O32+O62+O51+O46,0) -> 28367
C65: V. COSTOS INDIRECTOS
C68: Descripción | L68: Porcentaje | M68: Valor Total
C69: ADMINISTRACION
C70: IMPREVISTOS
C71: UTILIDAD
C72: SUBTOTAL $
C74: Precio Unitario Total Aproximado al peso $
C76: Firma | H76: Firma
C77: Nombre: JUAN FELIPE VARON VASQUEZ | H77: Nombre: RICARDO JOSE GUTIERREZ PARRA
C78: SECRETARIO DE PLANEACION INFRAESTRUCTURA Y MEDIO AMBIENTE | H78: DIRECTOR ADMINISTRATIVO DE INFRAESTRUCTURA
C79: CEDULA : | H79: CEDULA :
C81: OBSERVACIONES INTERVENTORÍA
C85: APROBACIÓN POR INTERVENTORÍA
C86: Nota 1: Cuando se trate de análisis de Precios Unitarios correspondientes a ítems de la propuesta económica aprobada, el Interventor aprueba el desglose de los componentes manteniendo el mismo Precio Unitario de cada ítem, cumpliendo con las especificaciones de construcción vigentes para el proyecto.
C88: Nota 2: Cuando se trate de análisis de Precios Unitarios de ítems no previstos, el Interventor aprueba el desglose y Precio Unitario de cada ítem no previsto, exigiendo la aplicación de los costos correspondientes a insumos y tarifas de la propuesta económica inicial cuando estén contemplados, cumpliendo con las especificaciones de construcción vigente para el proyecto.
H91: Firma
H92: Nombre:
H93: Representante legal
H94: Matricula :

Sheet ICCU 6.2
C3: Formulario 1 - Propuesta económica - Documento tipo de selección abreviada de menor cuantía - versión 1
C4: Versión: 1 del 21 de agosto de 2025
C6: [La Entidad podrá utilizar este Formato para la presentación de los análisis de Precios Unitarios del Contratista en la oportunidad prevista en el numeral 8.2. del Documento Base]
D9: MUNICIPIO DE EL ESPINAL
L10: VERSIÓN
D11: [NÚMERO DEL PROCESO]
L12: PÁGINA | M12: 1 | N12: DE | O12: 1
D14: ANÁLISIS DE PRECIOS UNITARIOS
L16: FECHA | M16: DD | N16: MM | O16: AA
C18: ÍTEMS DE LA PROPUESTA ECONÓMICA
C22: DATOS ESPECÍFICOS
C24: ÍTEM | D24: DESCRIPCIÓN | M24: UNIDAD | O24: CANTIDAD
C25: 6.2 | D25: IMPERMEABILIZACIÓN INTEGRAL MORTERO SIKA | M25: M2
C26: I. EQUIPO
C29: DESCRIPCIÓN | H29: UNIDAD | J29: TIPO | L29: TARIFA | M29: RENDIMIENTO | O29: Vr. UNITARIO
C30: SECCION DE 1,4 POR 1,4 H=2,0 - ANDAMIO CERTIFICADO | H30: D | L30: 30900 | M30: 60 | O30: =L30/M30 -> 515
C31: HERRAMIENTA MENOR | H31: GL | I31: GL | L31: 634.22 | M31: 1 | N31: 1 | O31: =L31/M31 -> 634.22
C32: SUBTOTAL $ | O32: =SUM(O30:O31) -> 1149.22
C33: II. MATERIALES
C36: DESCRIPCIÓN | K36: UNIDAD | L36: CANTIDAD | M36: PRECIO UNIT. | O36: Vr. UNITARIO
C37: SIKA 1 | K37: KG | L37: 0.3 | M37: 15944 | O37: =L37*M37 -> 4783.2
C38: AGUA | K38: LT | L38: 2 | M38: 75 | O38: =L38*M38 -> 150
C39: ARENA DE PEÑA EN MUNICIPIO | K39: M3 | L39: 0.02 | M39: 47354 | O39: =L39*M39 -> 947.08
C40: CEMENTO GRIS | K40: KG | L40: 7 | M40: 750 | O40: =L40*M40 -> 5250
C46: SUBTOTAL $ | O46: =SUM(O37:O45) -> 11130.28
C47: III. TRANSPORTES
C50: MATERIAL | J50: VOL. o PESO | K50: DISTANCIA | L50: M3 o Ton/Km | M50: TARIFA | O50: Vr. UNITARIO
C53: SUBTOTAL $ | O53: =O51 -> 0
C54: IV. MANO DE OBRA
C57: TRABAJADOR | J57: JORNAL | K57: PRESTACIONES | L57: HORA TOTAL | M57: RENDIMIENTO | O57: Vr. UNITARIO
C58: MANO DE OBRA AA | J58: 190265 | K58: 2 | L58: =J58*K58 -> 380530 | M58: 30 | O58: =L58/M58 -> 12684.333
C62: SUBTOTAL $ | O62: =SUM(O58) -> 12684.333
C64: TOTAL COSTO DIRECTO $ | O64: =ROUND(O32+O62+O51+O46,0) -> 24964
C65: V. COSTOS INDIRECTOS
C68: Descripción | L68: Porcentaje | M68: Valor Total
C69: ADMINISTRACION
C70: IMPREVISTOS
C71: UTILIDAD
C72: SUBTOTAL $
C74: Precio Unitario Total Aproximado al peso $
C76: Firma | H76: Firma
C77: Nombre: JUAN FELIPE VARON VASQUEZ | H77: Nombre: RICARDO JOSE GUTIERREZ PARRA
C78: SECRETARIO DE PLANEACION INFRAESTRUCTURA Y MEDIO AMBIENTE | H78: DIRECTOR ADMINISTRATIVO DE INFRAESTRUCTURA
C79: CEDULA : | H79: CEDULA :
C81: OBSERVACIONES INTERVENTORÍA
C85: APROBACIÓN POR INTERVENTORÍA
C86: Nota 1: Cuando se trate de análisis de Precios Unitarios correspondientes a ítems de la propuesta económica aprobada, el Interventor aprueba el desglose de los componentes manteniendo el mismo Precio Unitario de cada ítem, cumpliendo con las especificaciones de construcción vigentes para el proyecto.
C88: Nota 2: Cuando se trate de análisis de Precios Unitarios de ítems no previstos, el Interventor aprueba el desglose y Precio Unitario de cada ítem no previsto, exigiendo la aplicación de los costos correspondientes a insumos y tarifas de la propuesta económica inicial cuando estén contemplados, cumpliendo con las especificaciones de construcción vigente para el proyecto.
H91: Firma
H92: Nombre:
H93: Representante legal
H94: Matricula :

Sheet ICCU 7.1
C3: Formulario 1 - Propuesta económica - Documento tipo de selección abreviada de menor cuantía - versión 1
C4: Versión: 1 del 21 de agosto de 2025
C6: [La Entidad podrá utilizar este Formato para la presentación de los análisis de Precios Unitarios del Contratista en la oportunidad prevista en el numeral 8.2. del Documento Base]
D9: MUNICIPIO DE EL ESPINAL
L10: VERSIÓN
D11: [NÚMERO DEL PROCESO]
L12: PÁGINA | M12: 1 | N12: DE | O12: 1
D14: ANÁLISIS DE PRECIOS UNITARIOS
L16: FECHA | M16: DD | N16: MM | O16: AA
C18: ÍTEMS DE LA PROPUESTA ECONÓMICA
C22: DATOS ESPECÍFICOS
C24: ÍTEM | D24: DESCRIPCIÓN | M24: UNIDAD | O24: CANTIDAD
C25: 7.1 | D25: PLACA BASE CONCRETO 0.10 2500 PSI | M25: M2
C26: I. EQUIPO
C29: DESCRIPCIÓN | H29: UNIDAD | J29: TIPO | L29: TARIFA | M29: RENDIMIENTO | O29: Vr. UNITARIO
C30: HERRAMIENTA MENOR | H30: GL | I30: GL | L30: 1189.16 | M30: 1 | N30: 1 | O30: =L30/M30 -> 1189.16
C31: SUBTOTAL $ | O31: =SUM(O30:O30) -> 1189.16
C32: II. MATERIALES
C35: DESCRIPCIÓN | K35: UNIDAD | L35: CANTIDAD | M35: PRECIO UNIT. | O35: Vr. UNITARIO
C36: CONCRETO 2500 PSI | K36: KG | L36: 0.11 | M36: 416261 | O36: =L36*M36 -> 45788.71
C37: TABLA CHAPA ORDINARIO 0.10 | K37: ML | L37: 0.51 | M37: 3050 | O37: =L37*M37 -> 1555.5
C45: SUBTOTAL $ | O45: =SUM(O36:O44) -> 47344.21
C46: III. TRANSPORTES
C49: MATERIAL | J49: VOL. o PESO | K49: DISTANCIA | L49: M3 o Ton/Km | M49: TARIFA | O49: Vr. UNITARIO
C52: SUBTOTAL $ | O52: =O50 -> 0
C53: IV. MANO DE OBRA
C56: TRABAJADOR | J56: JORNAL | K56: PRESTACIONES | L56: HORA TOTAL | M56: RENDIMIENTO | O56: Vr. UNITARIO
C57: MANO DE OBRA AA | J57: 190265 | K57: 2 | L57: =J57*K57 -> 380530 | M57: 16 | O57: =L57/M57 -> 23783.125
C61: SUBTOTAL $ | O61: =SUM(O57) -> 23783.125
C63: TOTAL COSTO DIRECTO $ | O63: =ROUND(O31+O61+O50+O45,0) -> 72316
C64: V. COSTOS INDIRECTOS
C67: Descripción | L67: Porcentaje | M67: Valor Total
C68: ADMINISTRACION
C69: IMPREVISTOS
C70: UTILIDAD
C71: SUBTOTAL $
C73: Precio Unitario Total Aproximado al peso $
C75: Firma | H75: Firma
C76: Nombre: JUAN FELIPE VARON VASQUEZ | H76: Nombre: RICARDO JOSE GUTIERREZ PARRA
C77: SECRETARIO DE PLANEACION INFRAESTRUCTURA Y MEDIO AMBIENTE | H77: DIRECTOR ADMINISTRATIVO DE INFRAESTRUCTURA
C78: CEDULA : | H78: CEDULA :
C80: OBSERVACIONES INTERVENTORÍA
C84: APROBACIÓN POR INTERVENTORÍA
C85: Nota 1: Cuando se trate de análisis de Precios Unitarios correspondientes a ítems de la propuesta económica aprobada, el Interventor aprueba el desglose de los componentes manteniendo el mismo Precio Unitario de cada ítem, cumpliendo con las especificaciones de construcción vigentes para el proyecto.
C87: Nota 2: Cuando se trate de análisis de Precios Unitarios de ítems no previstos, el Interventor aprueba el desglose y Precio Unitario de cada ítem no previsto, exigiendo la aplicación de los costos correspondientes a insumos y tarifas de la propuesta económica inicial cuando estén contemplados, cumpliendo con las especificaciones de construcción vigente para el proyecto.
H90: Firma
H91: Nombre:
H92: Representante legal
H93: Matricula :

Sheet ICCU 8.1
C3: Formulario 1 - Propuesta económica - Documento tipo de selección abreviada de menor cuantía - versión 1
C4: Versión: 1 del 21 de agosto de 2025
C6: [La Entidad podrá utilizar este Formato para la presentación de los análisis de Precios Unitarios del Contratista en la oportunidad prevista en el numeral 8.2. del Documento Base]
D9: MUNICIPIO DE EL ESPINAL
L10: VERSIÓN
D11: [NÚMERO DEL PROCESO]
L12: PÁGINA | M12: 1 | N12: DE | O12: 1
D14: ANÁLISIS DE PRECIOS UNITARIOS
L16: FECHA | M16: DD | N16: MM | O16: AA
C18: ÍTEMS DE LA PROPUESTA ECONÓMICA
C22: DATOS ESPECÍFICOS
C24: ÍTEM | D24: DESCRIPCIÓN | M24: UNIDAD | O24: CANTIDAD
C25: 8.1 | D25: CIELO RASO EN PVC e=7 mm (INCLUYE ESTRUCTURA DE APOYO) | M25: M2
C26: I. EQUIPO
C29: DESCRIPCIÓN | H29: UNIDAD | J29: TIPO | L29: TARIFA | M29: RENDIMIENTO | O29: Vr. UNITARIO
C30: SECCION DE 1,4 POR 1,4 H=2,0 - ANDAMIO CERTIFICADO | H30: D | L30: 30900 | M30: 15 | O30: =L30/M30 -> 2060
C31: TALADRO | H31: D | L31: 52677 | M31: 100 | O31: =L31/M31 -> 526.77
C32: HERRAMIENTA MENOR | H32: GL | I32: GL | L32: 1522.12 | M32: 1 | N32: 1 | O32: =L32/M32 -> 1522.12
C33: SUBTOTAL $ | O33: =SUM(O30:O32) -> 4108.89
C34: II. MATERIALES
C37: DESCRIPCIÓN | K37: UNIDAD | L37: CANTIDAD | M37: PRECIO UNIT. | O37: Vr. UNITARIO
C38: CIELO RASO DE PVC e=7mm | K38: M2 | L38: 1.1 | M38: 28184 | O38: =L38*M38 -> 31002.4
C39: ÁNGULO CAL.26 LÁMINA GALV. 2.44 M | K39: UN | L39: 0.45 | M39: 6515 | O39: =L39*M39 -> 2931.75
C40: CHAZO PLÁSTICO 1/4" | K40: UN | L40: 3 | M40: 169 | O40: =L40*M40 -> 507
C41: PERNO 1/2" ALT. VEL. 1 3/4 | K41: UN | L41: 2 | M41: 941 | O41: =L41*M41 -> 1882
C42: PERFIL OMEGA METÁLICO 63 MM X 3,05 M | K42: UN | L42: 2 | M42: 9602 | O42: =L42*M42 -> 19204
C47: SUBTOTAL $ | O47: =SUM(O38:O46) -> 55527.15
C48: III. TRANSPORTES
C51: MATERIAL | J51: VOL. o PESO | K51: DISTANCIA | L51: M3 o Ton/Km | M51: TARIFA | O51: Vr. UNITARIO
C54: SUBTOTAL $ | O54: =O52 -> 0
C55: IV. MANO DE OBRA
C58: TRABAJADOR | J58: JORNAL | K58: PRESTACIONES | L58: HORA TOTAL | M58: RENDIMIENTO | O58: Vr. UNITARIO
C59: MANO DE OBRA DD | J59: 228318 | K59: 2 | L59: =J59*K59 -> 456636 | M59: 15 | O59: =L59/M59 -> 30442.4
C63: SUBTOTAL $ | O63: =SUM(O59) -> 30442.4
C65: TOTAL COSTO DIRECTO $ | O65: =ROUND(O33+O63+O52+O47,0) -> 90078
C66: V. COSTOS INDIRECTOS
C69: Descripción | L69: Porcentaje | M69: Valor Total
C70: ADMINISTRACION
C71: IMPREVISTOS
C72: UTILIDAD
C73: SUBTOTAL $
C75: Precio Unitario Total Aproximado al peso $
C77: Firma | H77: Firma
C78: Nombre: JUAN FELIPE VARON VASQUEZ | H78: Nombre: RICARDO JOSE GUTIERREZ PARRA
C79: SECRETARIO DE PLANEACION INFRAESTRUCTURA Y MEDIO AMBIENTE | H79: DIRECTOR ADMINISTRATIVO DE INFRAESTRUCTURA
C80: CEDULA : | H80: CEDULA :
C82: OBSERVACIONES INTERVENTORÍA
C86: APROBACIÓN POR INTERVENTORÍA
C87: Nota 1: Cuando se trate de análisis de Precios Unitarios correspondientes a ítems de la propuesta económica aprobada, el Interventor aprueba el desglose de los componentes manteniendo el mismo Precio Unitario de cada ítem, cumpliendo con las especificaciones de construcción vigentes para el proyecto.
C89: Nota 2: Cuando se trate de análisis de Precios Unitarios de ítems no previstos, el Interventor aprueba el desglose y Precio Unitario de cada ítem no previsto, exigiendo la aplicación de los costos correspondientes a insumos y tarifas de la propuesta económica inicial cuando estén contemplados, cumpliendo con las especificaciones de construcción vigente para el proyecto.
H92: Firma
H93: Nombre:
H94: Representante legal
H95: Matricula :

Sheet ICCU 8.2
C3: Formulario 1 - Propuesta económica - Documento tipo de selección abreviada de menor cuantía - versión 1
C4: Versión: 1 del 21 de agosto de 2025
C6: [La Entidad podrá utilizar este Formato para la presentación de los análisis de Precios Unitarios del Contratista en la oportunidad prevista en el numeral 8.2. del Documento Base]
D9: MUNICIPIO DE EL ESPINAL
L10: VERSIÓN
D11: [NÚMERO DEL PROCESO]
L12: PÁGINA | M12: 1 | N12: DE | O12: 1
D14: ANÁLISIS DE PRECIOS UNITARIOS
L16: FECHA | M16: DD | N16: MM | O16: AA
C18: ÍTEMS DE LA PROPUESTA ECONÓMICA
C22: DATOS ESPECÍFICOS
C24: ÍTEM | D24: DESCRIPCIÓN | M24: UNIDAD | O24: CANTIDAD
C25: 8.2 | D25: CIELO RASO PLANO DRYWALL (INCLUYE PINTURA) | M25: M2
C26: I. EQUIPO
C29: DESCRIPCIÓN | H29: UNIDAD | J29: TIPO | L29: TARIFA | M29: RENDIMIENTO | O29: Vr. UNITARIO
C30: SECCION DE 1,4 POR 1,4 H=2,0 - ANDAMIO CERTIFICADO | H30: D | L30: 30900 | M30: 15 | O30: =L30/M30 -> 2060
C31: TALADRO | H31: D | L31: 52677 | M31: 100 | O31: =L31/M31 -> 526.77
C32: HERRAMIENTA MENOR | H32: GL | I32: GL | L32: 1522.12 | M32: 1 | N32: 1 | O32: =L32/M32 -> 1522.12
C33: SUBTOTAL $ | O33: =SUM(O30:O32) -> 4108.89
C34: II. MATERIALES
C37: DESCRIPCIÓN | K37: UNIDAD | L37: CANTIDAD | M37: PRECIO UNIT. | O37: Vr. UNITARIO
C38: LÁMINA DRYWALL 1/2" SUPERPLACA | K38: M2 | L38: 1.05 | M38: 14121 | O38: =L38*M38 -> 14827.05
C39: VINILO TIPO 1 | K39: GLN | L39: 0.04 | M39: 100450 | O39: =L39*M39 -> 4018
C40: ÁNGULO CAL.26 LÁMINA GALV. 2.44 M | K40: UN | L40: 0.45 | M40: 6515 | O40: =L40*M40 -> 2931.75
C41: CHAZO PLÁSTICO 1/4" | K41: UN | L41: 3 | M41: 169 | O41: =L41*M41 -> 507
C42: CINTA DE PAPEL SUPERCINTA 250 | K42: UN | L42: 0.07 | M42: 11768 | O42: =L42*M42 -> 823.76
C43: MASILLA SUPERMÁSTICO 5GLN | K43: GLN | L43: 0.06 | M43: 86422 | O43: =L43*M43 -> 5185.32
C44: LIJA DE AGUA 150 SUPER | K44: UN | L44: 1 | M44: 1883 | O44: =L44*M44 -> 1883
C45: PERNO 1/2" ALT. VEL. 1 3/4" | K45: UN | L45: 2 | M45: 941 | O45: =L45*M45 -> 1882
C46: PERFIL OMEGA METÁLICO 63 MM X 3,05 M | K46: UN | L46: 1.25 | M46: 9602 | O46: =L46*M46 -> 12002.5
C47: SUBTOTAL $ | O47: =SUM(O38:O46) -> 44060.38
C48: III. TRANSPORTES
C51: MATERIAL | J51: VOL. o PESO | K51: DISTANCIA | L51: M3 o Ton/Km | M51: TARIFA | O51: Vr. UNITARIO
C54: SUBTOTAL $ | O54: =O52 -> 0
C55: IV. MANO DE OBRA
C58: TRABAJADOR | J58: JORNAL | K58: PRESTACIONES | L58: HORA TOTAL | M58: RENDIMIENTO | O58: Vr. UNITARIO
C59: MANO DE OBRA DD | J59: 228318 | K59: 2 | L59: =J59*K59 -> 456636 | M59: 15 | O59: =L59/M59 -> 30442.4
C63: SUBTOTAL $ | O63: =SUM(O59) -> 30442.4
C65: TOTAL COSTO DIRECTO $ | O65: =ROUND(O33+O63+O52+O47,0) -> 78612
C66: V. COSTOS INDIRECTOS
C69: Descripción | L69: Porcentaje | M69: Valor Total
C70: ADMINISTRACION
C71: IMPREVISTOS
C72: UTILIDAD
C73: SUBTOTAL $
C75: Precio Unitario Total Aproximado al peso $
C77: Firma | H77: Firma
C78: Nombre: JUAN FELIPE VARON VASQUEZ | H78: Nombre: RICARDO JOSE GUTIERREZ PARRA
C79: SECRETARIO DE PLANEACION INFRAESTRUCTURA Y MEDIO AMBIENTE | H79: DIRECTOR ADMINISTRATIVO DE INFRAESTRUCTURA
C80: CEDULA : | H80: CEDULA :
C82: OBSERVACIONES INTERVENTORÍA
C86: APROBACIÓN POR INTERVENTORÍA
C87: Nota 1: Cuando se trate de análisis de Precios Unitarios correspondientes a ítems de la propuesta económica aprobada, el Interventor aprueba el desglose de los componentes manteniendo el mismo Precio Unitario de cada ítem, cumpliendo con las especificaciones de construcción vigentes para el proyecto.
C89: Nota 2: Cuando se trate de análisis de Precios Unitarios de ítems no previstos, el Interventor aprueba el desglose y Precio Unitario de cada ítem no previsto, exigiendo la aplicación de los costos correspondientes a insumos y tarifas de la propuesta económica inicial cuando estén contemplados, cumpliendo con las especificaciones de construcción vigente para el proyecto.
H92: Firma
H93: Nombre:
H94: Representante legal
H95: Matricula :

Sheet  8.3
C3: Formulario 1 - Propuesta económica - Documento tipo de selección abreviada de menor cuantía - versión 1
C4: Versión: 1 del 21 de agosto de 2025
C6: [La Entidad podrá utilizar este Formato para la presentación de los análisis de Precios Unitarios del Contratista en la oportunidad prevista en el numeral 8.2. del Documento Base]
D9: MUNICIPIO DE EL ESPINAL
L10: VERSIÓN
D11: [NÚMERO DEL PROCESO]
L12: PÁGINA | M12: 1 | N12: DE | O12: 1
D14: ANÁLISIS DE PRECIOS UNITARIOS
L16: FECHA | M16: DD | N16: MM | O16: AA
C18: ÍTEMS DE LA PROPUESTA ECONÓMICA
C22: DATOS ESPECÍFICOS
C24: ÍTEM | D24: DESCRIPCIÓN | M24: UNIDAD | O24: CANTIDAD
C25: 8.3 | D25: ARMADURA MADERA Y MALLA | M25: M2
C26: I. EQUIPO
C29: DESCRIPCIÓN | H29: UNIDAD | J29: TIPO | L29: TARIFA | M29: RENDIMIENTO | O29: Vr. UNITARIO
C30: HERRAMIENTA MENOR | H30: GL | I30: GL | L30: 433.56 | M30: 1 | N30: 1 | O30: =L30/M30 -> 433.56
C31: SUBTOTAL $ | O31: =SUM(O30:O30) -> 433.56
C32: II. MATERIALES
C35: DESCRIPCIÓN | K35: UNIDAD | L35: CANTIDAD | M35: PRECIO UNIT. | O35: Vr. UNITARIO
C36: MALLA GALLINERO 1 1/4 DE PULGADAS | K36: ML | L36: 1 | M36: =((115400+139500)/2)/30 -> 4248.3333 | N36: =((115400+139500)/2)/30 -> 4248.3333 | O36: =L36*M36 -> 4248.3333
C37: PUNTILLA CON CABEZA 2" | K37: LB | L37: 0.04 | M37: 6430 | N37: 6430 | O37: =L37*M37 -> 257.2
C38: REPISA EN ORDINARIO | K38: ML | L38: 2.16 | M38: 3941 | N38: 3941 | O38: =L38*M38 -> 8512.56
C45: SUBTOTAL $ | O45: =SUM(O36:O44) -> 13018.093
C46: III. TRANSPORTES
C49: MATERIAL | J49: VOL. o PESO | K49: DISTANCIA | L49: M3 o Ton/Km | M49: TARIFA | O49: Vr. UNITARIO
C52: SUBTOTAL $ | O52: =O50 -> 0
C53: IV. MANO DE OBRA
C56: TRABAJADOR | J56: JORNAL | K56: PRESTACIONES | L56: HORA TOTAL | M56: RENDIMIENTO | O56: Vr. UNITARIO
C57: MANO DE OBRA AA | J57: 154687 | K57: 2 | L57: =J57*K57 -> 309374 | M57: 7.27 | O57: =L57/M57 -> 42554.883
C61: SUBTOTAL $ | O61: =SUM(O57) -> 42554.883
C63: TOTAL COSTO DIRECTO $ | O63: =ROUND(O31+O61+O50+O45,0) -> 56007
C64: V. COSTOS INDIRECTOS
C67: Descripción | L67: Porcentaje | M67: Valor Total
C68: ADMINISTRACION
C69: IMPREVISTOS
C70: UTILIDAD
C71: SUBTOTAL $
C73: Precio Unitario Total Aproximado al peso $
C75: Firma | H75: Firma
C76: Nombre: JUAN FELIPE VARON VASQUEZ | H76: Nombre: RICARDO JOSE GUTIERREZ PARRA
C77: SECRETARIO DE PLANEACION INFRAESTRUCTURA Y MEDIO AMBIENTE | H77: DIRECTOR ADMINISTRATIVO DE INFRAESTRUCTURA
C78: CEDULA : | H78: CEDULA :
C80: OBSERVACIONES INTERVENTORÍA
C84: APROBACIÓN POR INTERVENTORÍA
C85: Nota 1: Cuando se trate de análisis de Precios Unitarios correspondientes a ítems de la propuesta económica aprobada, el Interventor aprueba el desglose de los componentes manteniendo el mismo Precio Unitario de cada ítem, cumpliendo con las especificaciones de construcción vigentes para el proyecto.
C87: Nota 2: Cuando se trate de análisis de Precios Unitarios de ítems no previstos, el Interventor aprueba el desglose y Precio Unitario de cada ítem no previsto, exigiendo la aplicación de los costos correspondientes a insumos y tarifas de la propuesta económica inicial cuando estén contemplados, cumpliendo con las especificaciones de construcción vigente para el proyecto.
H90: Firma
H91: Nombre:
H92: Representante legal
H93: Matricula :

Sheet 9.1
C3: Formulario 1 - Propuesta económica - Documento tipo de selección abreviada de menor cuantía - versión 1
C4: Versión: 1 del 21 de agosto de 2025
C6: [La Entidad podrá utilizar este Formato para la presentación de los análisis de Precios Unitarios del Contratista en la oportunidad prevista en el numeral 8.2. del Documento Base]
D9: MUNICIPIO DE EL ESPINAL
L10: VERSIÓN
D11: [NÚMERO DEL PROCESO]
L12: PÁGINA | M12: 1 | N12: DE | O12: 1
D14: ANÁLISIS DE PRECIOS UNITARIOS
L16: FECHA | M16: DD | N16: MM | O16: AA
C18: ÍTEMS DE LA PROPUESTA ECONÓMICA
C22: DATOS ESPECÍFICOS
C24: ÍTEM | D24: DESCRIPCIÓN | M24: UNIDAD | O24: CANTIDAD
C25: 9.1 | D25: SELLADO DE VENTANAS | M25: ML
C26: I. EQUIPO
C29: DESCRIPCIÓN | H29: UNIDAD | J29: TIPO | L29: TARIFA | M29: RENDIMIENTO | O29: Vr. UNITARIO
C30: HERRAMIENTA MENOR | H30: D | K30: 951 | L30: 951 | M30: 1 | O30: =L30/M30 -> 951
C31: TALADRO | H31: GL | I31: GL | K31: 52677 | L31: 52677 | M31: 40 | N31: 1 | O31: =L31/M31 -> 1316.925
C32: SUBTOTAL $ | O32: =SUM(O30:O31) -> 2267.925
C33: II. MATERIALES
C36: DESCRIPCIÓN | K36: UNIDAD | L36: CANTIDAD | M36: PRECIO UNIT. | O36: Vr. UNITARIO
C37: Sikaflex Construction+ I-Cure Sellador Para Fachadas Sin Burbujas Blanco 300ml | K37: ML | L37: 0.333 | M37: =(35900+41903+44326)/3 -> 40709.667 | N37: =(35900+41903+44326)/3 -> 40709.667 | O37: =L37*M37 -> 13556.319
N38: 6430
N39: 3941
C46: SUBTOTAL $ | O46: =SUM(O37:O45) -> 13556.319
C47: III. TRANSPORTES
C50: MATERIAL | J50: VOL. o PESO | K50: DISTANCIA | L50: M3 o Ton/Km | M50: TARIFA | O50: Vr. UNITARIO
C53: SUBTOTAL $ | O53: =O51 -> 0
C54: IV. MANO DE OBRA
C57: TRABAJADOR | J57: JORNAL | K57: PRESTACIONES | L57: HORA TOTAL | M57: RENDIMIENTO | O57: Vr. UNITARIO
C58: MANO DE OBRA AA | J58: 190265 | K58: 2 | L58: =J58*K58 -> 380530 | M58: 60 | O58: =L58/M58 -> 6342.1667
C62: SUBTOTAL $ | O62: =SUM(O58) -> 6342.1667
C64: TOTAL COSTO DIRECTO $ | O64: =ROUND(O32+O62+O51+O46,0) -> 22166
C65: V. COSTOS INDIRECTOS
C68: Descripción | L68: Porcentaje | M68: Valor Total
C69: ADMINISTRACION
C70: IMPREVISTOS
C71: UTILIDAD
C72: SUBTOTAL $
C74: Precio Unitario Total Aproximado al peso $
C76: Firma | H76: Firma
C77: Nombre: JUAN FELIPE VARON VASQUEZ | H77: Nombre: RICARDO JOSE GUTIERREZ PARRA
C78: SECRETARIO DE PLANEACION INFRAESTRUCTURA Y MEDIO AMBIENTE | H78: DIRECTOR ADMINISTRATIVO DE INFRAESTRUCTURA
C79: CEDULA : | H79: CEDULA :
C81: OBSERVACIONES INTERVENTORÍA
C85: APROBACIÓN POR INTERVENTORÍA
C86: Nota 1: Cuando se trate de análisis de Precios Unitarios correspondientes a ítems de la propuesta económica aprobada, el Interventor aprueba el desglose de los componentes manteniendo el mismo Precio Unitario de cada ítem, cumpliendo con las especificaciones de construcción vigentes para el proyecto.
C88: Nota 2: Cuando se trate de análisis de Precios Unitarios de ítems no previstos, el Interventor aprueba el desglose y Precio Unitario de cada ítem no previsto, exigiendo la aplicación de los costos correspondientes a insumos y tarifas de la propuesta económica inicial cuando estén contemplados, cumpliendo con las especificaciones de construcción vigente para el proyecto.
H91: Firma
H92: Nombre:
H93: Representante legal
H94: Matricula :

Sheet 9.2
C3: Formulario 1 - Propuesta económica - Documento tipo de selección abreviada de menor cuantía - versión 1
C4: Versión: 1 del 21 de agosto de 2025
C6: [La Entidad podrá utilizar este Formato para la presentación de los análisis de Precios Unitarios del Contratista en la oportunidad prevista en el numeral 8.2. del Documento Base]
D9: MUNICIPIO DE EL ESPINAL
L10: VERSIÓN
D11: [NÚMERO DEL PROCESO]
L12: PÁGINA | M12: 1 | N12: DE | O12: 1
D14: ANÁLISIS DE PRECIOS UNITARIOS
L16: FECHA | M16: DD | N16: MM | O16: AA
C18: ÍTEMS DE LA PROPUESTA ECONÓMICA
C22: DATOS ESPECÍFICOS
C24: ÍTEM | D24: DESCRIPCIÓN | M24: UNIDAD | O24: CANTIDAD
C25: 9.2 | D25: IMPERMEABILIZACIÓN PLACA EN SIKAFILL POWER 12 AÑOS | M25: M2
C26: I. EQUIPO
C29: DESCRIPCIÓN | H29: UNIDAD | J29: TIPO | L29: TARIFA | M29: RENDIMIENTO | O29: Vr. UNITARIO
C30: HERRAMIENTA MENOR | H30: GL | K30: 951 | L30: 474.21 | M30: 1 | O30: =L30/M30 -> 474.21
C31: SISTEMA LÍNEA DE VIDA FIJA TEMPORAL | H31: D | L31: 450000 | M31: 75 | O31: =L31/M31 -> 6000
C32: KIT TRABAJO EN ALTURAS COMPLETO | H32: D | K32: 52677 | L32: 180000 | M32: 70 | N32: 1 | O32: =L32/M32 -> 2571.4286
C33: SUBTOTAL $ | O33: =SUM(O30:O32) -> 9045.6386
C34: II. MATERIALES
C37: DESCRIPCIÓN | K37: UNIDAD | L37: CANTIDAD | M37: PRECIO UNIT. | O37: Vr. UNITARIO
C38: Sikafill-12 Power Impermeabilizante Acrilico Cubierta Blanco 4.4kg | K38: KG | L38: 2 | M38: 109900 | N38: =(35900+41903+44326)/3 -> 40709.667 | O38: =M38/L38 -> 54950
C39: Sikaflex 401 Pavement Sellante Autonivelante En Pisos 300Ml | K39: ML | L39: 300 | M39: =(65078+65900+69776)/3 -> 66918 | N39: =(65078+65900+69776)/3 -> 66918 | O39: =M39/L39 -> 223.06
N40: 3941
C47: SUBTOTAL $ | O47: =SUM(O38:O46) -> 55173.06
C48: III. TRANSPORTES
C51: MATERIAL | J51: VOL. o PESO | K51: DISTANCIA | L51: M3 o Ton/Km | M51: TARIFA | O51: Vr. UNITARIO
C54: SUBTOTAL $ | O54: =O52 -> 0
C55: IV. MANO DE OBRA
C58: TRABAJADOR | J58: JORNAL | K58: PRESTACIONES | L58: HORA TOTAL | M58: RENDIMIENTO | O58: Vr. UNITARIO
C59: MANO DE OBRA AA | J59: 190265 | K59: 2 | L59: =J59*K59 -> 380530 | M59: 18 | O59: =L59/M59 -> 21140.556
C63: SUBTOTAL $ | O63: =SUM(O59) -> 21140.556
C65: TOTAL COSTO DIRECTO $ | O65: =ROUND(O33+O63+O52+O47,0) -> 85359
C66: V. COSTOS INDIRECTOS
C69: Descripción | L69: Porcentaje | M69: Valor Total
C70: ADMINISTRACION
C71: IMPREVISTOS
C72: UTILIDAD
C73: SUBTOTAL $
C75: Precio Unitario Total Aproximado al peso $
C77: Firma | H77: Firma
C78: Nombre: JUAN FELIPE VARON VASQUEZ | H78: Nombre: RICARDO JOSE GUTIERREZ PARRA
C79: SECRETARIO DE PLANEACION INFRAESTRUCTURA Y MEDIO AMBIENTE | H79: DIRECTOR ADMINISTRATIVO DE INFRAESTRUCTURA
C80: CEDULA : | H80: CEDULA :
C82: OBSERVACIONES INTERVENTORÍA
C86: APROBACIÓN POR INTERVENTORÍA
C87: Nota 1: Cuando se trate de análisis de Precios Unitarios correspondientes a ítems de la propuesta económica aprobada, el Interventor aprueba el desglose de los componentes manteniendo el mismo Precio Unitario de cada ítem, cumpliendo con las especificaciones de construcción vigentes para el proyecto.
C89: Nota 2: Cuando se trate de análisis de Precios Unitarios de ítems no previstos, el Interventor aprueba el desglose y Precio Unitario de cada ítem no previsto, exigiendo la aplicación de los costos correspondientes a insumos y tarifas de la propuesta económica inicial cuando estén contemplados, cumpliendo con las especificaciones de construcción vigente para el proyecto.
H92: Firma
H93: Nombre:
H94: Representante legal
H95: Matricula :

Sheet 9.3
C3: Formulario 1 - Propuesta económica - Documento tipo de selección abreviada de menor cuantía - versión 1
C4: Versión: 1 del 21 de agosto de 2025
C6: [La Entidad podrá utilizar este Formato para la presentación de los análisis de Precios Unitarios del Contratista en la oportunidad prevista en el numeral 8.2. del Documento Base]
D9: MUNICIPIO DE EL ESPINAL
L10: VERSIÓN
D11: [NÚMERO DEL PROCESO]
L12: PÁGINA | M12: 1 | N12: DE | O12: 1
D14: ANÁLISIS DE PRECIOS UNITARIOS
L16: FECHA | M16: DD | N16: MM | O16: AA
C18: ÍTEMS DE LA PROPUESTA ECONÓMICA
C22: DATOS ESPECÍFICOS
C24: ÍTEM | D24: DESCRIPCIÓN | M24: UNIDAD | O24: CANTIDAD
C25: 9.3 | D25: IMPERMEABILIZACIÓN FACHADA EN SIKA TRANSPARENTE 10 AÑOS | M25: M2
C26: I. EQUIPO
C29: DESCRIPCIÓN | H29: UNIDAD | J29: TIPO | L29: TARIFA | M29: RENDIMIENTO | O29: Vr. UNITARIO
C30: HERRAMIENTA MENOR | H30: GL | K30: 951 | L30: 474.21 | M30: 1 | N30: 1 | O30: =L30/M30 -> 474.21
C31: SECCION DE 1,4 POR 1,4 H=2,0 - ANDAMIO CERTIFICADO | H31: D | L31: 30900 | M31: 16 | N31: 16 | O31: =L31/M31 -> 1931.25
C32: SISTEMA LÍNEA DE VIDA FIJA TEMPORAL | H32: D | L32: 450000 | M32: 75 | N32: 75 | O32: =L32/M32 -> 6000
C33: KIT TRABAJO EN ALTURAS COMPLETO | H33: D | K33: 52677 | L33: 180000 | M33: 70 | N33: 70 | O33: =L33/M33 -> 2571.4286
C34: SUBTOTAL $ | O34: =SUM(O30:O33) -> 10976.889
C35: II. MATERIALES
C38: DESCRIPCIÓN | K38: UNIDAD | L38: CANTIDAD | M38: PRECIO UNIT. | O38: Vr. UNITARIO
C39: SIKA TRANSPARENTE 10 | K39: KG | L39: 0.06 | M39: 88456 | N39: =(35900+41903+44326)/3 -> 40709.667 | O39: =M39*L39 -> 5307.36
C40: Sika Felt Fpp-30 Refuerzo En Impermeabilizaciones Acrilicas Y Poliuretanos 1x50m | K40: M2 | L40: 50 | M40: =(170900+178161+179990)/3 -> 176350.33 | N40: =(170900+178161+179990)/3 -> 176350.33 | O40: =M40/L40 -> 3527.0067
C41: Impermeabilizante Sikafill Power 7 Años | K41: KG | L41: 0.6 | M41: 30783.5 | N41: 3941 | O41: =M41*L41 -> 18470.1
C48: SUBTOTAL $ | O48: =SUM(O39:O47) -> 27304.467
C49: III. TRANSPORTES
C52: MATERIAL | J52: VOL. o PESO | K52: DISTANCIA | L52: M3 o Ton/Km | M52: TARIFA | O52: Vr. UNITARIO
C55: SUBTOTAL $ | O55: =O53 -> 0
C56: IV. MANO DE OBRA
C59: TRABAJADOR | J59: JORNAL | K59: PRESTACIONES | L59: HORA TOTAL | M59: RENDIMIENTO | O59: Vr. UNITARIO
C60: AYUDANTE (1) AA | J60: 75873 | K60: 2 | L60: =J60*K60 -> 151746 | M60: 10 | O60: =L60/M60 -> 15174.6
C64: SUBTOTAL $ | O64: =SUM(O60) -> 15174.6
C66: TOTAL COSTO DIRECTO $ | O66: =ROUND(O34+O64+O53+O48,0) -> 53456
C67: V. COSTOS INDIRECTOS
C70: Descripción | L70: Porcentaje | M70: Valor Total
C71: ADMINISTRACION
C72: IMPREVISTOS
C73: UTILIDAD
C74: SUBTOTAL $
C76: Precio Unitario Total Aproximado al peso $
C78: Firma | H78: Firma
C79: Nombre: JUAN FELIPE VARON VASQUEZ | H79: Nombre: RICARDO JOSE GUTIERREZ PARRA
C80: SECRETARIO DE PLANEACION INFRAESTRUCTURA Y MEDIO AMBIENTE | H80: DIRECTOR ADMINISTRATIVO DE INFRAESTRUCTURA
C81: CEDULA : | H81: CEDULA :
C83: OBSERVACIONES INTERVENTORÍA
C87: APROBACIÓN POR INTERVENTORÍA
C88: Nota 1: Cuando se trate de análisis de Precios Unitarios correspondientes a ítems de la propuesta económica aprobada, el Interventor aprueba el desglose de los componentes manteniendo el mismo Precio Unitario de cada ítem, cumpliendo con las especificaciones de construcción vigentes para el proyecto.
C90: Nota 2: Cuando se trate de análisis de Precios Unitarios de ítems no previstos, el Interventor aprueba el desglose y Precio Unitario de cada ítem no previsto, exigiendo la aplicación de los costos correspondientes a insumos y tarifas de la propuesta económica inicial cuando estén contemplados, cumpliendo con las especificaciones de construcción vigente para el proyecto.
H93: Firma
H94: Nombre:
H95: Representante legal
H96: Matricula :

Sheet ICCU 9.4
C3: Formulario 1 - Propuesta económica - Documento tipo de selección abreviada de menor cuantía - versión 1
C4: Versión: 1 del 21 de agosto de 2025
C6: [La Entidad podrá utilizar este Formato para la presentación de los análisis de Precios Unitarios del Contratista en la oportunidad prevista en el numeral 8.2. del Documento Base]
D9: MUNICIPIO DE EL ESPINAL
L10: VERSIÓN
D11: [NÚMERO DEL PROCESO]
L12: PÁGINA | M12: 1 | N12: DE | O12: 1
D14: ANÁLISIS DE PRECIOS UNITARIOS
L16: FECHA | M16: DD | N16: MM | O16: AA
C18: ÍTEMS DE LA PROPUESTA ECONÓMICA
C22: DATOS ESPECÍFICOS
C24: ÍTEM | D24: DESCRIPCIÓN | M24: UNIDAD | O24: CANTIDAD
C25: 9.4 | D25: COLORPLAST FACHADA SOBRE FACHADA | M25: M2
C26: I. EQUIPO
C29: DESCRIPCIÓN | H29: UNIDAD | J29: TIPO | L29: TARIFA | M29: RENDIMIENTO | O29: Vr. UNITARIO
C30: HERRAMIENTA MENOR | H30: GL | K30: 951 | L30: 547.01 | M30: 1 | N30: 1 | O30: =L30/M30 -> 547.01
C31: SECCION DE 1,4 POR 1,4 H=2,0 - ANDAMIO CERTIFICADO | H31: D | L31: 30900 | M31: 40 | N31: 16 | O31: =L31/M31 -> 772.5
N32: 75
K33: 52677 | N33: 70
C34: SUBTOTAL $ | O34: =SUM(O30:O33) -> 1319.51
C35: II. MATERIALES
C38: DESCRIPCIÓN | K38: UNIDAD | L38: CANTIDAD | M38: PRECIO UNIT. | O38: Vr. UNITARIO
C39: ESGRAFIADO GRANIPLAST | K39: KG | L39: 3 | M39: 28582 | N39: =(35900+41903+44326)/3 -> 40709.667 | O39: =M39*L39 -> 85746
N40: =(170900+178161+179990)/3 -> 176350.33
N41: 3941
C48: SUBTOTAL $ | O48: =SUM(O39:O47) -> 85746
C49: III. TRANSPORTES
C52: MATERIAL | J52: VOL. o PESO | K52: DISTANCIA | L52: M3 o Ton/Km | M52: TARIFA | O52: Vr. UNITARIO
C55: SUBTOTAL $ | O55: =O53 -> 0
C56: IV. MANO DE OBRA
C59: TRABAJADOR | J59: JORNAL | K59: PRESTACIONES | L59: HORA TOTAL | M59: RENDIMIENTO | O59: Vr. UNITARIO
C60: MANO DE OBRA CC | J60: 218805 | K60: 2 | L60: =J60*K60 -> 437610 | M60: 40 | O60: =L60/M60 -> 10940.25
C64: SUBTOTAL $ | O64: =SUM(O60) -> 10940.25
C66: TOTAL COSTO DIRECTO $ | O66: =ROUND(O34+O64+O53+O48,0) -> 98006
C67: V. COSTOS INDIRECTOS
C70: Descripción | L70: Porcentaje | M70: Valor Total
C71: ADMINISTRACION
C72: IMPREVISTOS
C73: UTILIDAD
C74: SUBTOTAL $
C76: Precio Unitario Total Aproximado al peso $
C78: Firma | H78: Firma
C79: Nombre: JUAN FELIPE VARON VASQUEZ | H79: Nombre: RICARDO JOSE GUTIERREZ PARRA
C80: SECRETARIO DE PLANEACION INFRAESTRUCTURA Y MEDIO AMBIENTE | H80: DIRECTOR ADMINISTRATIVO DE INFRAESTRUCTURA
C81: CEDULA : | H81: CEDULA :
C83: OBSERVACIONES INTERVENTORÍA
C87: APROBACIÓN POR INTERVENTORÍA
C88: Nota 1: Cuando se trate de análisis de Precios Unitarios correspondientes a ítems de la propuesta económica aprobada, el Interventor aprueba el desglose de los componentes manteniendo el mismo Precio Unitario de cada ítem, cumpliendo con las especificaciones de construcción vigentes para el proyecto.
C90: Nota 2: Cuando se trate de análisis de Precios Unitarios de ítems no previstos, el Interventor aprueba el desglose y Precio Unitario de cada ítem no previsto, exigiendo la aplicación de los costos correspondientes a insumos y tarifas de la propuesta económica inicial cuando estén contemplados, cumpliendo con las especificaciones de construcción vigente para el proyecto.
H93: Firma
H94: Nombre:
H95: Representante legal
H96: Matricula :

Sheet ICCU 9.5
C3: Formulario 1 - Propuesta económica - Documento tipo de selección abreviada de menor cuantía - versión 1
C4: Versión: 1 del 21 de agosto de 2025
C6: [La Entidad podrá utilizar este Formato para la presentación de los análisis de Precios Unitarios del Contratista en la oportunidad prevista en el numeral 8.2. del Documento Base]
D9: MUNICIPIO DE EL ESPINAL
L10: VERSIÓN
D11: [NÚMERO DEL PROCESO]
L12: PÁGINA | M12: 1 | N12: DE | O12: 1
D14: ANÁLISIS DE PRECIOS UNITARIOS
L16: FECHA | M16: DD | N16: MM | O16: AA
C18: ÍTEMS DE LA PROPUESTA ECONÓMICA
C22: DATOS ESPECÍFICOS
C24: ÍTEM | D24: DESCRIPCIÓN | M24: UNIDAD | O24: CANTIDAD
C25: 9.5 | D25: VINILO SOBRE PAÑETE 2 MANOS | M25: M2
C26: I. EQUIPO
C29: DESCRIPCIÓN | H29: UNIDAD | J29: TIPO | L29: TARIFA | M29: RENDIMIENTO | O29: Vr. UNITARIO
C30: HERRAMIENTA MENOR | H30: GL | K30: 951 | L30: 547.01 | M30: 1 | N30: 1 | O30: =L30/M30 -> 547.01
C31: SECCION DE 1,4 POR 1,4 H=2,0 - ANDAMIO CERTIFICADO | H31: D | L31: 30900 | M31: 80 | N31: 16 | O31: =L31/M31 -> 386.25
N32: 75
K33: 52677 | N33: 70
C34: SUBTOTAL $ | O34: =SUM(O30:O33) -> 933.26
C35: II. MATERIALES
C38: DESCRIPCIÓN | K38: UNIDAD | L38: CANTIDAD | M38: PRECIO UNIT. | O38: Vr. UNITARIO
C39: VINILO TIPO 1 | K39: GLN | L39: 0.06 | M39: 100450 | N39: =(35900+41903+44326)/3 -> 40709.667 | O39: =M39*L39 -> 6027
N40: =(170900+178161+179990)/3 -> 176350.33
N41: 3941
C48: SUBTOTAL $ | O48: =SUM(O39:O47) -> 6027
C49: III. TRANSPORTES
C52: MATERIAL | J52: VOL. o PESO | K52: DISTANCIA | L52: M3 o Ton/Km | M52: TARIFA | O52: Vr. UNITARIO
C55: SUBTOTAL $ | O55: =O53 -> 0
C56: IV. MANO DE OBRA
C59: TRABAJADOR | J59: JORNAL | K59: PRESTACIONES | L59: HORA TOTAL | M59: RENDIMIENTO | O59: Vr. UNITARIO
C60: MANO DE OBRA CC | J60: 218805 | K60: 2 | L60: =J60*K60 -> 437610 | M60: 40 | O60: =L60/M60 -> 10940.25
C64: SUBTOTAL $ | O64: =SUM(O60) -> 10940.25
C66: TOTAL COSTO DIRECTO $ | O66: =ROUND(O34+O64+O53+O48,0) -> 17901
C67: V. COSTOS INDIRECTOS
C70: Descripción | L70: Porcentaje | M70: Valor Total
C71: ADMINISTRACION
C72: IMPREVISTOS
C73: UTILIDAD
C74: SUBTOTAL $
C76: Precio Unitario Total Aproximado al peso $
C78: Firma | H78: Firma
C79: Nombre: JUAN FELIPE VARON VASQUEZ | H79: Nombre: RICARDO JOSE GUTIERREZ PARRA
C80: SECRETARIO DE PLANEACION INFRAESTRUCTURA Y MEDIO AMBIENTE | H80: DIRECTOR ADMINISTRATIVO DE INFRAESTRUCTURA
C81: CEDULA : | H81: CEDULA :
C83: OBSERVACIONES INTERVENTORÍA
C87: APROBACIÓN POR INTERVENTORÍA
C88: Nota 1: Cuando se trate de análisis de Precios Unitarios correspondientes a ítems de la propuesta económica aprobada, el Interventor aprueba el desglose de los componentes manteniendo el mismo Precio Unitario de cada ítem, cumpliendo con las especificaciones de construcción vigentes para el proyecto.
C90: Nota 2: Cuando se trate de análisis de Precios Unitarios de ítems no previstos, el Interventor aprueba el desglose y Precio Unitario de cada ítem no previsto, exigiendo la aplicación de los costos correspondientes a insumos y tarifas de la propuesta económica inicial cuando estén contemplados, cumpliendo con las especificaciones de construcción vigente para el proyecto.
H93: Firma
H94: Nombre:
H95: Representante legal
H96: Matricula :

Sheet ICCU 9.6
C3: Formulario 1 - Propuesta económica - Documento tipo de selección abreviada de menor cuantía - versión 1
C4: Versión: 1 del 21 de agosto de 2025
C6: [La Entidad podrá utilizar este Formato para la presentación de los análisis de Precios Unitarios del Contratista en la oportunidad prevista en el numeral 8.2. del Documento Base]
D9: MUNICIPIO DE EL ESPINAL
L10: VERSIÓN
D11: [NÚMERO DEL PROCESO]
L12: PÁGINA | M12: 1 | N12: DE | O12: 1
D14: ANÁLISIS DE PRECIOS UNITARIOS
L16: FECHA | M16: DD | N16: MM | O16: AA
C18: ÍTEMS DE LA PROPUESTA ECONÓMICA
C22: DATOS ESPECÍFICOS
C24: ÍTEM | D24: DESCRIPCIÓN | M24: UNIDAD | O24: CANTIDAD
C25: 9.6 | D25: ESTUCO Y VINILO 3 MANOS | M25: M2
C26: I. EQUIPO
C29: DESCRIPCIÓN | H29: UNIDAD | J29: TIPO | L29: TARIFA | M29: RENDIMIENTO | O29: Vr. UNITARIO
C30: HERRAMIENTA MENOR | H30: GL | K30: 951 | L30: 984.72 | M30: 1 | N30: 1 | O30: =L30/M30 -> 984.72
C31: SECCION DE 1,4 POR 1,4 H=2,0 - ANDAMIO CERTIFICADO | H31: D | L31: 30900 | M31: 44.44 | N31: 16 | O31: =L31/M31 -> 695.31953
N32: 75
K33: 52677 | N33: 70
C34: SUBTOTAL $ | O34: =SUM(O30:O33) -> 1680.0395
C35: II. MATERIALES
C38: DESCRIPCIÓN | K38: UNIDAD | L38: CANTIDAD | M38: PRECIO UNIT. | O38: Vr. UNITARIO
C39: CAOLIN | K39: BT | L39: 0.09 | M39: 19017 | N39: =(35900+41903+44326)/3 -> 40709.667 | O39: =M39*L39 -> 1711.53
C40: CEMENTO GRIS | K40: KG | L40: 0.26 | M40: 750 | N40: =(170900+178161+179990)/3 -> 176350.33 | O40: =M40*L40 -> 195
C41: LIJA DE AGUA 150 SUPER | K41: UN | L41: 0.02 | M41: 1883 | N41: 3941 | O41: =M41*L41 -> 37.66
C42: YESO CORRIENTE VENCEDOR | K42: BT | L42: 0.01 | M42: 43117 | O42: =M42*L42 -> 431.17
C43: VINILO TIPO 1 | K43: GLN | L43: 0.06 | M43: 100450 | O43: =M43*L43 -> 6027
C48: SUBTOTAL $ | O48: =SUM(O39:O47) -> 8402.36
C49: III. TRANSPORTES
C52: MATERIAL | J52: VOL. o PESO | K52: DISTANCIA | L52: M3 o Ton/Km | M52: TARIFA | O52: Vr. UNITARIO
C55: SUBTOTAL $ | O55: =O53 -> 0
C56: IV. MANO DE OBRA
C59: TRABAJADOR | J59: JORNAL | K59: PRESTACIONES | L59: HORA TOTAL | M59: RENDIMIENTO | O59: Vr. UNITARIO
C60: MANO DE OBRA CC | J60: 218805 | K60: 2 | L60: =J60*K60 -> 437610 | M60: 22.22 | O60: =L60/M60 -> 19694.419
C64: SUBTOTAL $ | O64: =SUM(O60) -> 19694.419
C66: TOTAL COSTO DIRECTO $ | O66: =ROUND(O34+O64+O53+O48,0) -> 29777
C67: V. COSTOS INDIRECTOS
C70: Descripción | L70: Porcentaje | M70: Valor Total
C71: ADMINISTRACION
C72: IMPREVISTOS
C73: UTILIDAD
C74: SUBTOTAL $
C76: Precio Unitario Total Aproximado al peso $
C78: Firma | H78: Firma
C79: Nombre: JUAN FELIPE VARON VASQUEZ | H79: Nombre: RICARDO JOSE GUTIERREZ PARRA
C80: SECRETARIO DE PLANEACION INFRAESTRUCTURA Y MEDIO AMBIENTE | H80: DIRECTOR ADMINISTRATIVO DE INFRAESTRUCTURA
C81: CEDULA : | H81: CEDULA :
C83: OBSERVACIONES INTERVENTORÍA
C87: APROBACIÓN POR INTERVENTORÍA
C88: Nota 1: Cuando se trate de análisis de Precios Unitarios correspondientes a ítems de la propuesta económica aprobada, el Interventor aprueba el desglose de los componentes manteniendo el mismo Precio Unitario de cada ítem, cumpliendo con las especificaciones de construcción vigentes para el proyecto.
C90: Nota 2: Cuando se trate de análisis de Precios Unitarios de ítems no previstos, el Interventor aprueba el desglose y Precio Unitario de cada ítem no previsto, exigiendo la aplicación de los costos correspondientes a insumos y tarifas de la propuesta económica inicial cuando estén contemplados, cumpliendo con las especificaciones de construcción vigente para el proyecto.
H93: Firma
H94: Nombre:
H95: Representante legal
H96: Matricula :

Sheet  9.7
C3: Formulario 1 - Propuesta económica - Documento tipo de selección abreviada de menor cuantía - versión 1
C4: Versión: 1 del 21 de agosto de 2025
C6: [La Entidad podrá utilizar este Formato para la presentación de los análisis de Precios Unitarios del Contratista en la oportunidad prevista en el numeral 8.2. del Documento Base]
D9: MUNICIPIO DE EL ESPINAL
L10: VERSIÓN
D11: [NÚMERO DEL PROCESO]
L12: PÁGINA | M12: 1 | N12: DE | O12: 1
D14: ANÁLISIS DE PRECIOS UNITARIOS
L16: FECHA | M16: DD | N16: MM | O16: AA
C18: ÍTEMS DE LA PROPUESTA ECONÓMICA
C22: DATOS ESPECÍFICOS
C24: ÍTEM | D24: DESCRIPCIÓN | M24: UNIDAD | O24: CANTIDAD
C25: 9.7 | D25: VINILO 3 MANOS | M25: M2
C26: I. EQUIPO
C29: DESCRIPCIÓN | H29: UNIDAD | J29: TIPO | L29: TARIFA | M29: RENDIMIENTO | O29: Vr. UNITARIO
K30: 951 | N30: 1
N31: 16
N32: 75
K33: 52677 | N33: 70
C34: SUBTOTAL $ | O34: =SUM(O30:O33) -> 0
C35: II. MATERIALES
C38: DESCRIPCIÓN | K38: UNIDAD | L38: CANTIDAD | M38: PRECIO UNIT. | O38: Vr. UNITARIO
C39: LIJA DE AGUA 150 SUPER | K39: UN | L39: 0.02 | M39: 1883 | N39: =(35900+41903+44326)/3 -> 40709.667 | O39: =M39*L39 -> 37.66
C40: VINILO TIPO 1 | K40: GLN | L40: 0.06 | M40: 100450 | N40: =(170900+178161+179990)/3 -> 176350.33 | O40: =M40*L40 -> 6027
N41: 3941
C48: SUBTOTAL $ | O48: =SUM(O39:O47) -> 6064.66
C49: III. TRANSPORTES
C52: MATERIAL | J52: VOL. o PESO | K52: DISTANCIA | L52: M3 o Ton/Km | M52: TARIFA | O52: Vr. UNITARIO
C55: SUBTOTAL $ | O55: =O53 -> 0
C56: IV. MANO DE OBRA
C59: TRABAJADOR | J59: JORNAL | K59: PRESTACIONES | L59: HORA TOTAL | M59: RENDIMIENTO | O59: Vr. UNITARIO
C60: MANO DE OBRA CC | J60: 218805 | K60: 2 | L60: =J60*K60 -> 437610 | M60: 22.22 | O60: =L60/M60 -> 19694.419
C64: SUBTOTAL $ | O64: =SUM(O60) -> 19694.419
C66: TOTAL COSTO DIRECTO $ | O66: =ROUND(O34+O64+O53+O48,0) -> 25759
C67: V. COSTOS INDIRECTOS
C70: Descripción | L70: Porcentaje | M70: Valor Total
C71: ADMINISTRACION
C72: IMPREVISTOS
C73: UTILIDAD
C74: SUBTOTAL $
C76: Precio Unitario Total Aproximado al peso $
C78: Firma | H78: Firma
C79: Nombre: JUAN FELIPE VARON VASQUEZ | H79: Nombre: RICARDO JOSE GUTIERREZ PARRA
C80: SECRETARIO DE PLANEACION INFRAESTRUCTURA Y MEDIO AMBIENTE | H80: DIRECTOR ADMINISTRATIVO DE INFRAESTRUCTURA
C81: CEDULA : | H81: CEDULA :
C83: OBSERVACIONES INTERVENTORÍA
C87: APROBACIÓN POR INTERVENTORÍA
C88: Nota 1: Cuando se trate de análisis de Precios Unitarios correspondientes a ítems de la propuesta económica aprobada, el Interventor aprueba el desglose de los componentes manteniendo el mismo Precio Unitario de cada ítem, cumpliendo con las especificaciones de construcción vigentes para el proyecto.
C90: Nota 2: Cuando se trate de análisis de Precios Unitarios de ítems no previstos, el Interventor aprueba el desglose y Precio Unitario de cada ítem no previsto, exigiendo la aplicación de los costos correspondientes a insumos y tarifas de la propuesta económica inicial cuando estén contemplados, cumpliendo con las especificaciones de construcción vigente para el proyecto.
H93: Firma
H94: Nombre:
H95: Representante legal
H96: Matricula :

Sheet ICCU 9.8
C3: Formulario 1 - Propuesta económica - Documento tipo de selección abreviada de menor cuantía - versión 1
C4: Versión: 1 del 21 de agosto de 2025
C6: [La Entidad podrá utilizar este Formato para la presentación de los análisis de Precios Unitarios del Contratista en la oportunidad prevista en el numeral 8.2. del Documento Base]
D9: MUNICIPIO DE EL ESPINAL
L10: VERSIÓN
D11: [NÚMERO DEL PROCESO]
L12: PÁGINA | M12: 1 | N12: DE | O12: 1
D14: ANÁLISIS DE PRECIOS UNITARIOS
L16: FECHA | M16: DD | N16: MM | O16: AA
C18: ÍTEMS DE LA PROPUESTA ECONÓMICA
C22: DATOS ESPECÍFICOS
C24: ÍTEM | D24: DESCRIPCIÓN | M24: UNIDAD | O24: CANTIDAD
C25: 9.8 | D25: PINTURA TIPO KORAZA PARA EXTERIOR | M25: M2
C26: I. EQUIPO
C29: DESCRIPCIÓN | H29: UNIDAD | J29: TIPO | L29: TARIFA | M29: RENDIMIENTO | O29: Vr. UNITARIO
C30: SECCION DE 1,4 POR 1,4 H=2,0 - ANDAMIO CERTIFICADO | H30: D | K30: 951 | L30: 30900 | M30: 70 | N30: 1 | O30: =L30/M30 -> 441.42857
C31: HERRAMIENTA MENOR | H31: GL | L31: 625.16 | M31: 1 | N31: 16 | O31: =L31/M31 -> 625.16
N32: 75
K33: 52677 | N33: 70
C34: SUBTOTAL $ | O34: =SUM(O30:O33) -> 1066.5886
C35: II. MATERIALES
C38: DESCRIPCIÓN | K38: UNIDAD | L38: CANTIDAD | M38: PRECIO UNIT. | O38: Vr. UNITARIO
C39: PINTURA TIPO KORAZA PARA EXTERIOR | K39: GLN | L39: 0.09 | M39: 152015 | N39: =(35900+41903+44326)/3 -> 40709.667 | O39: =M39*L39 -> 13681.35
C40: LIJA DE AGUA 150 SUPER | K40: UN | L40: 0.1 | M40: 1883 | N40: =(170900+178161+179990)/3 -> 176350.33 | O40: =M40*L40 -> 188.3
N41: 3941
C48: SUBTOTAL $ | O48: =SUM(O39:O47) -> 13869.65
C49: III. TRANSPORTES
C52: MATERIAL | J52: VOL. o PESO | K52: DISTANCIA | L52: M3 o Ton/Km | M52: TARIFA | O52: Vr. UNITARIO
C55: SUBTOTAL $ | O55: =O53 -> 0
C56: IV. MANO DE OBRA
C59: TRABAJADOR | J59: JORNAL | K59: PRESTACIONES | L59: HORA TOTAL | M59: RENDIMIENTO | O59: Vr. UNITARIO
C60: MANO DE OBRA CC | J60: 218805 | K60: 2 | L60: =J60*K60 -> 437610 | M60: 35 | O60: =L60/M60 -> 12503.143
C64: SUBTOTAL $ | O64: =SUM(O60) -> 12503.143
C66: TOTAL COSTO DIRECTO $ | O66: =ROUND(O34+O64+O53+O48,0) -> 27439
C67: V. COSTOS INDIRECTOS
C70: Descripción | L70: Porcentaje | M70: Valor Total
C71: ADMINISTRACION
C72: IMPREVISTOS
C73: UTILIDAD
C74: SUBTOTAL $
C76: Precio Unitario Total Aproximado al peso $
C78: Firma | H78: Firma
C79: Nombre: JUAN FELIPE VARON VASQUEZ | H79: Nombre: RICARDO JOSE GUTIERREZ PARRA
C80: SECRETARIO DE PLANEACION INFRAESTRUCTURA Y MEDIO AMBIENTE | H80: DIRECTOR ADMINISTRATIVO DE INFRAESTRUCTURA
C81: CEDULA : | H81: CEDULA :
C83: OBSERVACIONES INTERVENTORÍA
C87: APROBACIÓN POR INTERVENTORÍA
C88: Nota 1: Cuando se trate de análisis de Precios Unitarios correspondientes a ítems de la propuesta económica aprobada, el Interventor aprueba el desglose de los componentes manteniendo el mismo Precio Unitario de cada ítem, cumpliendo con las especificaciones de construcción vigentes para el proyecto.
C90: Nota 2: Cuando se trate de análisis de Precios Unitarios de ítems no previstos, el Interventor aprueba el desglose y Precio Unitario de cada ítem no previsto, exigiendo la aplicación de los costos correspondientes a insumos y tarifas de la propuesta económica inicial cuando estén contemplados, cumpliendo con las especificaciones de construcción vigente para el proyecto.
H93: Firma
H94: Nombre:
H95: Representante legal
H96: Matricula :

Sheet 10.1
C3: Formulario 1 - Propuesta económica - Documento tipo de selección abreviada de menor cuantía - versión 1
C4: Versión: 1 del 21 de agosto de 2025
C6: [La Entidad podrá utilizar este Formato para la presentación de los análisis de Precios Unitarios del Contratista en la oportunidad prevista en el numeral 8.2. del Documento Base]
D9: MUNICIPIO DE EL ESPINAL
L10: VERSIÓN
D11: [NÚMERO DEL PROCESO]
L12: PÁGINA | M12: 1 | N12: DE | O12: 1
D14: ANÁLISIS DE PRECIOS UNITARIOS
L16: FECHA | M16: DD | N16: MM | O16: AA
C18: ÍTEMS DE LA PROPUESTA ECONÓMICA
C22: DATOS ESPECÍFICOS
C24: ÍTEM | D24: DESCRIPCIÓN | M24: UNIDAD | O24: CANTIDAD
C25: 10.1 | D25: SUMINSTRO E INSTALACIÓN DE ESTRUCTURA METALICA PARA CUBIERTA | M25: M2
C26: I. EQUIPO
C29: DESCRIPCIÓN | H29: UNIDAD | J29: TIPO | L29: TARIFA | M29: RENDIMIENTO | O29: Vr. UNITARIO
C30: SECCION DE 1,4 POR 1,4 H=2,0 - ANDAMIO CERTIFICADO | H30: D | K30: 951 | L30: 30900 | M30: 13 | N30: 1 | O30: =L30/M30 -> 2376.9231
C31: HERRAMIENTA MENOR | H31: GL | L31: 1463.58 | M31: 1 | N31: 16 | O31: =L31/M31 -> 1463.58
N32: 75
K33: 52677 | N33: 70
C34: SUBTOTAL $ | O34: =SUM(O30:O33) -> 3840.5031
C35: II. MATERIALES
C38: DESCRIPCIÓN | K38: UNIDAD | L38: CANTIDAD | M38: PRECIO UNIT. | O38: Vr. UNITARIO
C39: TUBO RECTANGULAR 100 X 40 | K39: ML | L39: 0.91 | M39: =(17816.66+23291.67)/2 -> 20554.165 | N39: =(17816.66+23291.67)/2 -> 20554.165 | O39: =M39*L39 -> 18704.29
C40: SOLDADURA ELECTRICA | K40: KG | L40: 0.3 | M40: 28814 | N40: =(170900+178161+179990)/3 -> 176350.33 | O40: =M40*L40 -> 8644.2
C41: ANTICORROSIVO | K41: GLN | L41: 0.02 | M41: 69289 | N41: 3941 | O41: =M41*L41 -> 1385.78
C48: SUBTOTAL $ | O48: =SUM(O39:O47) -> 28734.27
C49: III. TRANSPORTES
C52: MATERIAL | J52: VOL. o PESO | K52: DISTANCIA | L52: M3 o Ton/Km | M52: TARIFA | O52: Vr. UNITARIO
C55: SUBTOTAL $ | O55: =O53 -> 0
C56: IV. MANO DE OBRA
C59: TRABAJADOR | J59: JORNAL | K59: PRESTACIONES | L59: HORA TOTAL | M59: RENDIMIENTO | O59: Vr. UNITARIO
C60: MANO DE OBRA AA | J60: 190265 | K60: 2 | L60: =J60*K60 -> 380530 | M60: 13 | O60: =L60/M60 -> 29271.538
C64: SUBTOTAL $ | O64: =SUM(O60) -> 29271.538
C66: TOTAL COSTO DIRECTO $ | O66: =ROUND(O34+O64+O53+O48,0) -> 61846
C67: V. COSTOS INDIRECTOS
C70: Descripción | L70: Porcentaje | M70: Valor Total
C71: ADMINISTRACION
C72: IMPREVISTOS
C73: UTILIDAD
C74: SUBTOTAL $
C76: Precio Unitario Total Aproximado al peso $
C78: Firma | H78: Firma
C79: Nombre: JUAN FELIPE VARON VASQUEZ | H79: Nombre: RICARDO JOSE GUTIERREZ PARRA
C80: SECRETARIO DE PLANEACION INFRAESTRUCTURA Y MEDIO AMBIENTE | H80: DIRECTOR ADMINISTRATIVO DE INFRAESTRUCTURA
C81: CEDULA : | H81: CEDULA :
C83: OBSERVACIONES INTERVENTORÍA
C87: APROBACIÓN POR INTERVENTORÍA
C88: Nota 1: Cuando se trate de análisis de Precios Unitarios correspondientes a ítems de la propuesta económica aprobada, el Interventor aprueba el desglose de los componentes manteniendo el mismo Precio Unitario de cada ítem, cumpliendo con las especificaciones de construcción vigentes para el proyecto.
C90: Nota 2: Cuando se trate de análisis de Precios Unitarios de ítems no previstos, el Interventor aprueba el desglose y Precio Unitario de cada ítem no previsto, exigiendo la aplicación de los costos correspondientes a insumos y tarifas de la propuesta económica inicial cuando estén contemplados, cumpliendo con las especificaciones de construcción vigente para el proyecto.
H93: Firma
H94: Nombre:
H95: Representante legal
H96: Matricula :

Sheet ICCU 10.2
C3: Formulario 1 - Propuesta económica - Documento tipo de selección abreviada de menor cuantía - versión 1
C4: Versión: 1 del 21 de agosto de 2025
C6: [La Entidad podrá utilizar este Formato para la presentación de los análisis de Precios Unitarios del Contratista en la oportunidad prevista en el numeral 8.2. del Documento Base]
D9: MUNICIPIO DE EL ESPINAL
L10: VERSIÓN
D11: [NÚMERO DEL PROCESO]
L12: PÁGINA | M12: 1 | N12: DE | O12: 1
D14: ANÁLISIS DE PRECIOS UNITARIOS
L16: FECHA | M16: DD | N16: MM | O16: AA
C18: ÍTEMS DE LA PROPUESTA ECONÓMICA
C22: DATOS ESPECÍFICOS
C24: ÍTEM | D24: DESCRIPCIÓN | M24: UNIDAD | O24: CANTIDAD
C25: 10.2 | D25: TEJA EN LÁMINA GALVANIZADA CAL 26 PINTADA | M25: M2
C26: I. EQUIPO
C29: DESCRIPCIÓN | H29: UNIDAD | J29: TIPO | L29: TARIFA | M29: RENDIMIENTO | O29: Vr. UNITARIO
C30: SECCION DE 1,4 POR 1,4 H=2,0 - ANDAMIO CERTIFICADO | H30: D | K30: 951 | L30: 30900 | M30: 36 | N30: 1 | O30: =L30/M30 -> 858.33333
C31: HERRAMIENTA MENOR | H31: GL | L31: 1057.03 | M31: 1 | N31: 16 | O31: =L31/M31 -> 1057.03
N32: 75
K33: 52677 | N33: 70
C34: SUBTOTAL $ | O34: =SUM(O30:O33) -> 1915.3633
C35: II. MATERIALES
C38: DESCRIPCIÓN | K38: UNIDAD | L38: CANTIDAD | M38: PRECIO UNIT. | O38: Vr. UNITARIO
C39: TEJA EN LM. GALVANIZADA PINTADA CAL.26 | K39: M2 | L39: 1.05 | M39: 53153 | N39: =(17816.66+23291.67)/2 -> 20554.165 | O39: =M39*L39 -> 55810.65
C40: TORNILLO AUTOPERFORANTE | K40: UN | L40: 1.6 | M40: 188 | N40: =(170900+178161+179990)/3 -> 176350.33 | O40: =M40*L40 -> 300.8
N41: 3941
C48: SUBTOTAL $ | O48: =SUM(O39:O47) -> 56111.45
C49: III. TRANSPORTES
C52: MATERIAL | J52: VOL. o PESO | K52: DISTANCIA | L52: M3 o Ton/Km | M52: TARIFA | O52: Vr. UNITARIO
C55: SUBTOTAL $ | O55: =O53 -> 0
C56: IV. MANO DE OBRA
C59: TRABAJADOR | J59: JORNAL | K59: PRESTACIONES | L59: HORA TOTAL | M59: RENDIMIENTO | O59: Vr. UNITARIO
C60: MANO DE OBRA AA | J60: 190265 | K60: 2 | L60: =J60*K60 -> 380530 | M60: 18 | O60: =L60/M60 -> 21140.556
C64: SUBTOTAL $ | O64: =SUM(O60) -> 21140.556
C66: TOTAL COSTO DIRECTO $ | O66: =ROUND(O34+O64+O53+O48,0) -> 79167
C67: V. COSTOS INDIRECTOS
C70: Descripción | L70: Porcentaje | M70: Valor Total
C71: ADMINISTRACION
C72: IMPREVISTOS
C73: UTILIDAD
C74: SUBTOTAL $
C76: Precio Unitario Total Aproximado al peso $
C78: Firma | H78: Firma
C79: Nombre: JUAN FELIPE VARON VASQUEZ | H79: Nombre: RICARDO JOSE GUTIERREZ PARRA
C80: SECRETARIO DE PLANEACION INFRAESTRUCTURA Y MEDIO AMBIENTE | H80: DIRECTOR ADMINISTRATIVO DE INFRAESTRUCTURA
C81: CEDULA : | H81: CEDULA :
C83: OBSERVACIONES INTERVENTORÍA
C87: APROBACIÓN POR INTERVENTORÍA
C88: Nota 1: Cuando se trate de análisis de Precios Unitarios correspondientes a ítems de la propuesta económica aprobada, el Interventor aprueba el desglose de los componentes manteniendo el mismo Precio Unitario de cada ítem, cumpliendo con las especificaciones de construcción vigentes para el proyecto.
C90: Nota 2: Cuando se trate de análisis de Precios Unitarios de ítems no previstos, el Interventor aprueba el desglose y Precio Unitario de cada ítem no previsto, exigiendo la aplicación de los costos correspondientes a insumos y tarifas de la propuesta económica inicial cuando estén contemplados, cumpliendo con las especificaciones de construcción vigente para el proyecto.
H93: Firma
H94: Nombre:
H95: Representante legal
H96: Matricula :

Sheet ICCU 10.3
C3: Formulario 1 - Propuesta económica - Documento tipo de selección abreviada de menor cuantía - versión 1
C4: Versión: 1 del 21 de agosto de 2025
C6: [La Entidad podrá utilizar este Formato para la presentación de los análisis de Precios Unitarios del Contratista en la oportunidad prevista en el numeral 8.2. del Documento Base]
D9: MUNICIPIO DE EL ESPINAL
L10: VERSIÓN
D11: [NÚMERO DEL PROCESO]
L12: PÁGINA | M12: 1 | N12: DE | O12: 1
D14: ANÁLISIS DE PRECIOS UNITARIOS
L16: FECHA | M16: DD | N16: MM | O16: AA
C18: ÍTEMS DE LA PROPUESTA ECONÓMICA
C22: DATOS ESPECÍFICOS
C24: ÍTEM | D24: DESCRIPCIÓN | M24: UNIDAD | O24: CANTIDAD
C25: 10.3 | D25: FLANCHE EN LÁMINA GALVANIZADA CAL. 22; DS=20 | M25: ML
C26: I. EQUIPO
C29: DESCRIPCIÓN | H29: UNIDAD | J29: TIPO | L29: TARIFA | M29: RENDIMIENTO | O29: Vr. UNITARIO
C30: SECCION DE 1,4 POR 1,4 H=2,0 - ANDAMIO CERTIFICADO | H30: D | K30: 951 | L30: 30900 | M30: 50 | N30: 1 | O30: =L30/M30 -> 618
C31: HERRAMIENTA MENOR | H31: GL | L31: 913.27 | M31: 1 | N31: 16 | O31: =L31/M31 -> 913.27
N32: 75
K33: 52677 | N33: 70
C34: SUBTOTAL $ | O34: =SUM(O30:O33) -> 1531.27
C35: II. MATERIALES
C38: DESCRIPCIÓN | K38: UNIDAD | L38: CANTIDAD | M38: PRECIO UNIT. | O38: Vr. UNITARIO
C39: LAMINA GALVANIZADA CAL.22 1.20 x 2.40 | K39: UN | L39: 0.076 | M39: 93201 | N39: =(17816.66+23291.67)/2 -> 20554.165 | O39: =M39*L39 -> 7083.276
C40: SOLDADURA ELÉCTRICA LM. GALVANIZADA | K40: ML | L40: 0.2 | M40: 23328 | N40: =(170900+178161+179990)/3 -> 176350.33 | O40: =M40*L40 -> 4665.6
N41: 3941
C48: SUBTOTAL $ | O48: =SUM(O39:O47) -> 11748.876
C49: III. TRANSPORTES
C52: MATERIAL | J52: VOL. o PESO | K52: DISTANCIA | L52: M3 o Ton/Km | M52: TARIFA | O52: Vr. UNITARIO
C55: SUBTOTAL $ | O55: =O53 -> 0
C56: IV. MANO DE OBRA
C59: TRABAJADOR | J59: JORNAL | K59: PRESTACIONES | L59: HORA TOTAL | M59: RENDIMIENTO | O59: Vr. UNITARIO
C60: MANO DE OBRA DD | J60: 228318 | K60: 2 | L60: =J60*K60 -> 456636 | M60: 25 | O60: =L60/M60 -> 18265.44
C64: SUBTOTAL $ | O64: =SUM(O60) -> 18265.44
C66: TOTAL COSTO DIRECTO $ | O66: =ROUND(O34+O64+O53+O48,0) -> 31546
C67: V. COSTOS INDIRECTOS
C70: Descripción | L70: Porcentaje | M70: Valor Total
C71: ADMINISTRACION
C72: IMPREVISTOS
C73: UTILIDAD
C74: SUBTOTAL $
C76: Precio Unitario Total Aproximado al peso $
C78: Firma | H78: Firma
C79: Nombre: JUAN FELIPE VARON VASQUEZ | H79: Nombre: RICARDO JOSE GUTIERREZ PARRA
C80: SECRETARIO DE PLANEACION INFRAESTRUCTURA Y MEDIO AMBIENTE | H80: DIRECTOR ADMINISTRATIVO DE INFRAESTRUCTURA
C81: CEDULA : | H81: CEDULA :
C83: OBSERVACIONES INTERVENTORÍA
C87: APROBACIÓN POR INTERVENTORÍA
C88: Nota 1: Cuando se trate de análisis de Precios Unitarios correspondientes a ítems de la propuesta económica aprobada, el Interventor aprueba el desglose de los componentes manteniendo el mismo Precio Unitario de cada ítem, cumpliendo con las especificaciones de construcción vigentes para el proyecto.
C90: Nota 2: Cuando se trate de análisis de Precios Unitarios de ítems no previstos, el Interventor aprueba el desglose y Precio Unitario de cada ítem no previsto, exigiendo la aplicación de los costos correspondientes a insumos y tarifas de la propuesta económica inicial cuando estén contemplados, cumpliendo con las especificaciones de construcción vigente para el proyecto.
H93: Firma
H94: Nombre:
H95: Representante legal
H96: Matricula :

Sheet 10.4
C3: Formulario 1 - Propuesta económica - Documento tipo de selección abreviada de menor cuantía - versión 1
C4: Versión: 1 del 21 de agosto de 2025
C6: [La Entidad podrá utilizar este Formato para la presentación de los análisis de Precios Unitarios del Contratista en la oportunidad prevista en el numeral 8.2. del Documento Base]
D9: MUNICIPIO DE EL ESPINAL
L10: VERSIÓN
D11: [NÚMERO DEL PROCESO]
L12: PÁGINA | M12: 1 | N12: DE | O12: 1
D14: ANÁLISIS DE PRECIOS UNITARIOS
L16: FECHA | M16: DD | N16: MM | O16: AA
C18: ÍTEMS DE LA PROPUESTA ECONÓMICA
C22: DATOS ESPECÍFICOS
C24: ÍTEM | D24: DESCRIPCIÓN | M24: UNIDAD | O24: CANTIDAD
C25: 10.4 | D25: LIMPIEZA Y MANTENIMIENTO PREVENTIVO DE CUBIERTA ( INCLUYE TAPAR GOTERAS ) | M25: M2
C26: I. EQUIPO
C29: DESCRIPCIÓN | H29: UNIDAD | J29: TIPO | L29: TARIFA | M29: RENDIMIENTO | O29: Vr. UNITARIO
C30: SECCION DE 1,4 POR 1,4 H=2,0 - ANDAMIO CERTIFICADO | H30: D | K30: 951 | L30: 30900 | M30: 15 | N30: 1 | O30: =L30/M30 -> 2060
C31: HERRAMIENTA MENOR | H31: GL | L31: 1057.03 | M31: 1 | N31: 0.86 | O31: =L31/M31 -> 1057.03
C32: SISTEMA LÍNEA DE VIDA FIJA TEMPORAL | H32: D | L32: 450000 | M32: 75 | N32: 75 | O32: =L32/M32 -> 6000
C33: KIT TRABAJO EN ALTURAS COMPLETO | H33: D | K33: 52677 | L33: 180000 | M33: 70 | N33: 70 | O33: =L33/M33 -> 2571.4286
C34: SUBTOTAL $ | O34: =SUM(O30:O33) -> 11688.459
C35: II. MATERIALES
C38: DESCRIPCIÓN | K38: UNIDAD | L38: CANTIDAD | M38: PRECIO UNIT. | O38: Vr. UNITARIO
N39: =(17816.66+23291.67)/2 -> 20554.165
N40: =(170900+178161+179990)/3 -> 176350.33
N41: 3941
C48: SUBTOTAL $ | O48: =SUM(O39:O47) -> 0
C49: III. TRANSPORTES
C52: MATERIAL | J52: VOL. o PESO | K52: DISTANCIA | L52: M3 o Ton/Km | M52: TARIFA | O52: Vr. UNITARIO
C55: SUBTOTAL $ | O55: =O53 -> 0
C56: IV. MANO DE OBRA
C59: TRABAJADOR | J59: JORNAL | K59: PRESTACIONES | L59: HORA TOTAL | M59: RENDIMIENTO | O59: Vr. UNITARIO
C60: MANO DE OBRA AA | J60: 190265 | K60: 2 | L60: =J60*K60 -> 380530 | M60: 20 | O60: =L60/M60 -> 19026.5
C64: SUBTOTAL $ | O64: =SUM(O60) -> 19026.5
C66: TOTAL COSTO DIRECTO $ | O66: =ROUND(O34+O64+O53+O48,0) -> 30715
C67: V. COSTOS INDIRECTOS
C70: Descripción | L70: Porcentaje | M70: Valor Total
C71: ADMINISTRACION
C72: IMPREVISTOS
C73: UTILIDAD
C74: SUBTOTAL $
C76: Precio Unitario Total Aproximado al peso $
C78: Firma | H78: Firma
C79: Nombre: JUAN FELIPE VARON VASQUEZ | H79: Nombre: RICARDO JOSE GUTIERREZ PARRA
C80: SECRETARIO DE PLANEACION INFRAESTRUCTURA Y MEDIO AMBIENTE | H80: DIRECTOR ADMINISTRATIVO DE INFRAESTRUCTURA
C81: CEDULA : | H81: CEDULA :
C83: OBSERVACIONES INTERVENTORÍA
C87: APROBACIÓN POR INTERVENTORÍA
C88: Nota 1: Cuando se trate de análisis de Precios Unitarios correspondientes a ítems de la propuesta económica aprobada, el Interventor aprueba el desglose de los componentes manteniendo el mismo Precio Unitario de cada ítem, cumpliendo con las especificaciones de construcción vigentes para el proyecto.
C90: Nota 2: Cuando se trate de análisis de Precios Unitarios de ítems no previstos, el Interventor aprueba el desglose y Precio Unitario de cada ítem no previsto, exigiendo la aplicación de los costos correspondientes a insumos y tarifas de la propuesta económica inicial cuando estén contemplados, cumpliendo con las especificaciones de construcción vigente para el proyecto.
H93: Firma
H94: Nombre:
H95: Representante legal
H96: Matricula :

Sheet 10.5
C3: Formulario 1 - Propuesta económica - Documento tipo de selección abreviada de menor cuantía - versión 1
C4: Versión: 1 del 21 de agosto de 2025
C6: [La Entidad podrá utilizar este Formato para la presentación de los análisis de Precios Unitarios del Contratista en la oportunidad prevista en el numeral 8.2. del Documento Base]
D9: MUNICIPIO DE EL ESPINAL
L10: VERSIÓN
D11: [NÚMERO DEL PROCESO]
L12: PÁGINA | M12: 1 | N12: DE | O12: 1
D14: ANÁLISIS DE PRECIOS UNITARIOS
L16: FECHA | M16: DD | N16: MM | O16: AA
C18: ÍTEMS DE LA PROPUESTA ECONÓMICA
C22: DATOS ESPECÍFICOS
C24: ÍTEM | D24: DESCRIPCIÓN | M24: UNIDAD | O24: CANTIDAD
C25: 10.5 | D25: INTALACION DE CINTA MULTISEAL | M25: ML
C26: I. EQUIPO
C29: DESCRIPCIÓN | H29: UNIDAD | J29: TIPO | L29: TARIFA | M29: RENDIMIENTO | O29: Vr. UNITARIO
C30: SECCION DE 1,4 POR 1,4 H=2,0 - ANDAMIO CERTIFICADO | H30: D | K30: 951 | L30: 30900 | M30: 2 | N30: 1 | O30: =L30/M30 -> 15450
C31: HERRAMIENTA MENOR | H31: GL | L31: 1141.59 | M31: 1 | N31: 0.86 | O31: =L31/M31 -> 1141.59
C32: SISTEMA LÍNEA DE VIDA FIJA TEMPORAL | H32: D | L32: 450000 | M32: 75 | N32: 75 | O32: =L32/M32 -> 6000
C33: KIT TRABAJO EN ALTURAS COMPLETO | H33: D | K33: 52677 | L33: 180000 | M33: 70 | N33: 70 | O33: =L33/M33 -> 2571.4286
C34: SUBTOTAL $ | O34: =SUM(O30:O33) -> 25163.019
C35: II. MATERIALES
C38: DESCRIPCIÓN | K38: UNIDAD | L38: CANTIDAD | M38: PRECIO UNIT. | O38: Vr. UNITARIO
C39: CINTA MULTISEAL | K39: UN | L39: 15 | M39: =(144900+144692+129990)/3 -> 139860.67 | N39: =(144900+144692+129990)/3 -> 139860.67 | O39: =M39/L39 -> 9324.0444
N40: =(170900+178161+179990)/3 -> 176350.33
N41: 3941
C48: SUBTOTAL $ | O48: =SUM(O39:O47) -> 9324.0444
C49: III. TRANSPORTES
C52: MATERIAL | J52: VOL. o PESO | K52: DISTANCIA | L52: M3 o Ton/Km | M52: TARIFA | O52: Vr. UNITARIO
C55: SUBTOTAL $ | O55: =O53 -> 0
C56: IV. MANO DE OBRA
C59: TRABAJADOR | J59: JORNAL | K59: PRESTACIONES | L59: HORA TOTAL | M59: RENDIMIENTO | O59: Vr. UNITARIO
C60: MANO DE OBRA AA | J60: 190265 | K60: 2 | L60: =J60*K60 -> 380530 | M60: 10 | O60: =L60/M60 -> 38053
C64: SUBTOTAL $ | O64: =SUM(O60) -> 38053
C66: TOTAL COSTO DIRECTO $ | O66: =ROUND(O34+O64+O53+O48,0) -> 72540
C67: V. COSTOS INDIRECTOS
C70: Descripción | L70: Porcentaje | M70: Valor Total
C71: ADMINISTRACION
C72: IMPREVISTOS
C73: UTILIDAD
C74: SUBTOTAL $
C76: Precio Unitario Total Aproximado al peso $
C78: Firma | H78: Firma
C79: Nombre: JUAN FELIPE VARON VASQUEZ | H79: Nombre: RICARDO JOSE GUTIERREZ PARRA
C80: SECRETARIO DE PLANEACION INFRAESTRUCTURA Y MEDIO AMBIENTE | H80: DIRECTOR ADMINISTRATIVO DE INFRAESTRUCTURA
C81: CEDULA : | H81: CEDULA :
C83: OBSERVACIONES INTERVENTORÍA
C87: APROBACIÓN POR INTERVENTORÍA
C88: Nota 1: Cuando se trate de análisis de Precios Unitarios correspondientes a ítems de la propuesta económica aprobada, el Interventor aprueba el desglose de los componentes manteniendo el mismo Precio Unitario de cada ítem, cumpliendo con las especificaciones de construcción vigentes para el proyecto.
C90: Nota 2: Cuando se trate de análisis de Precios Unitarios de ítems no previstos, el Interventor aprueba el desglose y Precio Unitario de cada ítem no previsto, exigiendo la aplicación de los costos correspondientes a insumos y tarifas de la propuesta económica inicial cuando estén contemplados, cumpliendo con las especificaciones de construcción vigente para el proyecto.
H93: Firma
H94: Nombre:
H95: Representante legal
H96: Matricula :

Sheet ICCU 10.6
C3: Formulario 1 - Propuesta económica - Documento tipo de selección abreviada de menor cuantía - versión 1
C4: Versión: 1 del 21 de agosto de 2025
C6: [La Entidad podrá utilizar este Formato para la presentación de los análisis de Precios Unitarios del Contratista en la oportunidad prevista en el numeral 8.2. del Documento Base]
D9: MUNICIPIO DE EL ESPINAL
L10: VERSIÓN
D11: [NÚMERO DEL PROCESO]
L12: PÁGINA | M12: 1 | N12: DE | O12: 1
D14: ANÁLISIS DE PRECIOS UNITARIOS
L16: FECHA | M16: DD | N16: MM | O16: AA
C18: ÍTEMS DE LA PROPUESTA ECONÓMICA
C22: DATOS ESPECÍFICOS
C24: ÍTEM | D24: DESCRIPCIÓN | M24: UNIDAD | O24: CANTIDAD
C25: 10.6 | D25: CANAL EN LÁMINA GALVANIZADA CAL. 22; DS=50 | M25: ML
C26: I. EQUIPO
C29: DESCRIPCIÓN | H29: UNIDAD | J29: TIPO | L29: TARIFA | M29: RENDIMIENTO | O29: Vr. UNITARIO
C30: SECCION DE 1,4 POR 1,4 H=2,0 - ANDAMIO CERTIFICADO | H30: D | K30: 951 | L30: 30900 | M30: 20 | N30: 1 | O30: =L30/M30 -> 1545
C31: HERRAMIENTA MENOR | H31: GL | L31: 1141.59 | M31: 1 | N31: 0.86 | O31: =L31/M31 -> 1141.59
N32: 75
K33: 52677 | N33: 70
C34: SUBTOTAL $ | O34: =SUM(O30:O33) -> 2686.59
C35: II. MATERIALES
C38: DESCRIPCIÓN | K38: UNIDAD | L38: CANTIDAD | M38: PRECIO UNIT. | O38: Vr. UNITARIO
C39: LAMINA GALVANIZADA CAL.22 1.20 x 2.40 | K39: UN | L39: 0.19 | M39: 93201 | N39: =(144900+144692+129990)/3 -> 139860.67 | O39: =M39*L39 -> 17708.19
C40: SOLDADURA ELÉCTRICA LM. GALVANIZADA | K40: ML | L40: 0.3 | M40: 23328 | N40: =(170900+178161+179990)/3 -> 176350.33 | O40: =M40*L40 -> 6998.4
N41: 3941
C48: SUBTOTAL $ | O48: =SUM(O39:O47) -> 24706.59
C49: III. TRANSPORTES
C52: MATERIAL | J52: VOL. o PESO | K52: DISTANCIA | L52: M3 o Ton/Km | M52: TARIFA | O52: Vr. UNITARIO
C55: SUBTOTAL $ | O55: =O53 -> 0
C56: IV. MANO DE OBRA
C59: TRABAJADOR | J59: JORNAL | K59: PRESTACIONES | L59: HORA TOTAL | M59: RENDIMIENTO | O59: Vr. UNITARIO
C60: MANO DE OBRA DD | J60: 228318 | K60: 2 | L60: =J60*K60 -> 456636 | M60: 20 | O60: =L60/M60 -> 22831.8
C64: SUBTOTAL $ | O64: =SUM(O60) -> 22831.8
C66: TOTAL COSTO DIRECTO $ | O66: =ROUND(O34+O64+O53+O48,0) -> 50225
C67: V. COSTOS INDIRECTOS
C70: Descripción | L70: Porcentaje | M70: Valor Total
C71: ADMINISTRACION
C72: IMPREVISTOS
C73: UTILIDAD
C74: SUBTOTAL $
C76: Precio Unitario Total Aproximado al peso $
C78: Firma | H78: Firma
C79: Nombre: JUAN FELIPE VARON VASQUEZ | H79: Nombre: RICARDO JOSE GUTIERREZ PARRA
C80: SECRETARIO DE PLANEACION INFRAESTRUCTURA Y MEDIO AMBIENTE | H80: DIRECTOR ADMINISTRATIVO DE INFRAESTRUCTURA
C81: CEDULA : | H81: CEDULA :
C83: OBSERVACIONES INTERVENTORÍA
C87: APROBACIÓN POR INTERVENTORÍA
C88: Nota 1: Cuando se trate de análisis de Precios Unitarios correspondientes a ítems de la propuesta económica aprobada, el Interventor aprueba el desglose de los componentes manteniendo el mismo Precio Unitario de cada ítem, cumpliendo con las especificaciones de construcción vigentes para el proyecto.
C90: Nota 2: Cuando se trate de análisis de Precios Unitarios de ítems no previstos, el Interventor aprueba el desglose y Precio Unitario de cada ítem no previsto, exigiendo la aplicación de los costos correspondientes a insumos y tarifas de la propuesta económica inicial cuando estén contemplados, cumpliendo con las especificaciones de construcción vigente para el proyecto.
H93: Firma
H94: Nombre:
H95: Representante legal
H96: Matricula :

Sheet ICCU 10.7
C3: Formulario 1 - Propuesta económica - Documento tipo de selección abreviada de menor cuantía - versión 1
C4: Versión: 1 del 21 de agosto de 2025
C6: [La Entidad podrá utilizar este Formato para la presentación de los análisis de Precios Unitarios del Contratista en la oportunidad prevista en el numeral 8.2. del Documento Base]
D9: MUNICIPIO DE EL ESPINAL
L10: VERSIÓN
D11: [NÚMERO DEL PROCESO]
L12: PÁGINA | M12: 1 | N12: DE | O12: 1
D14: ANÁLISIS DE PRECIOS UNITARIOS
L16: FECHA | M16: DD | N16: MM | O16: AA
C18: ÍTEMS DE LA PROPUESTA ECONÓMICA
C22: DATOS ESPECÍFICOS
C24: ÍTEM | D24: DESCRIPCIÓN | M24: UNIDAD | O24: CANTIDAD
C25: 10.7 | D25: BAJANTE PVC AGUAS LLUVIAS D=3". INC ACCESORIOS | M25: ML
C26: I. EQUIPO
C29: DESCRIPCIÓN | H29: UNIDAD | J29: TIPO | L29: TARIFA | M29: RENDIMIENTO | O29: Vr. UNITARIO
C30: SECCION DE 1,4 POR 1,4 H=2,0 - ANDAMIO CERTIFICADO | H30: D | K30: 951 | L30: 30900 | M30: 25 | N30: 1 | O30: =L30/M30 -> 1236
C31: HERRAMIENTA MENOR | H31: GL | L31: 837.17 | M31: 1 | N31: 0.86 | O31: =L31/M31 -> 837.17
N32: 75
K33: 52677 | N33: 70
C34: SUBTOTAL $ | O34: =SUM(O30:O33) -> 2073.17
C35: II. MATERIALES
C38: DESCRIPCIÓN | K38: UNIDAD | L38: CANTIDAD | M38: PRECIO UNIT. | O38: Vr. UNITARIO
C39: CODO 90 D 3" ALL | K39: UN | L39: 0.17 | M39: 10732 | N39: =(144900+144692+129990)/3 -> 139860.67 | O39: =M39*L39 -> 1824.44
C40: TUBO PVC D 3" ALL | K40: ML | L40: 1.1 | M40: 15053 | N40: =(170900+178161+179990)/3 -> 176350.33 | O40: =M40*L40 -> 16558.3
C41: SOLDADURA PVC LÍQUIDA 1/4 | K41: UN | L41: 0.01 | M41: 90188 | N41: 3941 | O41: =M41*L41 -> 901.88
C42: LIMPIADOR PVC 1/4 | K42: UN | L42: 0.01 | M42: 65289 | O42: =M42*L42 -> 652.89
C48: SUBTOTAL $ | O48: =SUM(O39:O47) -> 19937.51
C49: III. TRANSPORTES
C52: MATERIAL | J52: VOL. o PESO | K52: DISTANCIA | L52: M3 o Ton/Km | M52: TARIFA | O52: Vr. UNITARIO
C55: SUBTOTAL $ | O55: =O53 -> 0
C56: IV. MANO DE OBRA
C59: TRABAJADOR | J59: JORNAL | K59: PRESTACIONES | L59: HORA TOTAL | M59: RENDIMIENTO | O59: Vr. UNITARIO
C60: MANO DE OBRA BB | J60: 209292 | K60: 2 | L60: =J60*K60 -> 418584 | M60: 25 | O60: =L60/M60 -> 16743.36
C64: SUBTOTAL $ | O64: =SUM(O60) -> 16743.36
C66: TOTAL COSTO DIRECTO $ | O66: =ROUND(O34+O64+O53+O48,0) -> 38754
C67: V. COSTOS INDIRECTOS
C70: Descripción | L70: Porcentaje | M70: Valor Total
C71: ADMINISTRACION
C72: IMPREVISTOS
C73: UTILIDAD
C74: SUBTOTAL $
C76: Precio Unitario Total Aproximado al peso $
C78: Firma | H78: Firma
C79: Nombre: JUAN FELIPE VARON VASQUEZ | H79: Nombre: RICARDO JOSE GUTIERREZ PARRA
C80: SECRETARIO DE PLANEACION INFRAESTRUCTURA Y MEDIO AMBIENTE | H80: DIRECTOR ADMINISTRATIVO DE INFRAESTRUCTURA
C81: CEDULA : | H81: CEDULA :
C83: OBSERVACIONES INTERVENTORÍA
C87: APROBACIÓN POR INTERVENTORÍA
C88: Nota 1: Cuando se trate de análisis de Precios Unitarios correspondientes a ítems de la propuesta económica aprobada, el Interventor aprueba el desglose de los componentes manteniendo el mismo Precio Unitario de cada ítem, cumpliendo con las especificaciones de construcción vigentes para el proyecto.
C90: Nota 2: Cuando se trate de análisis de Precios Unitarios de ítems no previstos, el Interventor aprueba el desglose y Precio Unitario de cada ítem no previsto, exigiendo la aplicación de los costos correspondientes a insumos y tarifas de la propuesta económica inicial cuando estén contemplados, cumpliendo con las especificaciones de construcción vigente para el proyecto.
H93: Firma
H94: Nombre:
H95: Representante legal
H96: Matricula :

Sheet ICCU 11.1
C3: Formulario 1 - Propuesta económica - Documento tipo de selección abreviada de menor cuantía - versión 1
C4: Versión: 1 del 21 de agosto de 2025
C6: [La Entidad podrá utilizar este Formato para la presentación de los análisis de Precios Unitarios del Contratista en la oportunidad prevista en el numeral 8.2. del Documento Base]
D9: MUNICIPIO DE EL ESPINAL
L10: VERSIÓN
D11: [NÚMERO DEL PROCESO]
L12: PÁGINA | M12: 1 | N12: DE | O12: 1
D14: ANÁLISIS DE PRECIOS UNITARIOS
L16: FECHA | M16: DD | N16: MM | O16: AA
C18: ÍTEMS DE LA PROPUESTA ECONÓMICA
C22: DATOS ESPECÍFICOS
C24: ÍTEM | D24: DESCRIPCIÓN | M24: UNIDAD | O24: CANTIDAD
C25: 11.1 | D25: VENTANA EN ALUMINIO CORREDIZA | M25: M2
C26: I. EQUIPO
C29: DESCRIPCIÓN | H29: UNIDAD | J29: TIPO | L29: TARIFA | M29: RENDIMIENTO | O29: Vr. UNITARIO
C30: HERRAMIENTA MENOR | H30: GL | L30: 3261.69 | M30: 1 | N30: 0.86 | O30: =L30/M30 -> 3261.69
N31: 75
K32: 52677 | N32: 70
C33: SUBTOTAL $ | O33: =SUM(O30:O32) -> 3261.69
C34: II. MATERIALES
C37: DESCRIPCIÓN | K37: UNIDAD | L37: CANTIDAD | M37: PRECIO UNIT. | O37: Vr. UNITARIO
C38: VENTANA ALUMINIO CORREDIZA | K38: M2 | L38: 1 | M38: 345878 | N38: =(144900+144692+129990)/3 -> 139860.67 | O38: =M38*L38 -> 345878
N39: =(170900+178161+179990)/3 -> 176350.33
N40: 3941
C47: SUBTOTAL $ | O47: =SUM(O38:O46) -> 345878
C48: III. TRANSPORTES
C51: MATERIAL | J51: VOL. o PESO | K51: DISTANCIA | L51: M3 o Ton/Km | M51: TARIFA | O51: Vr. UNITARIO
C54: SUBTOTAL $ | O54: =O52 -> 0
C55: IV. MANO DE OBRA
C58: TRABAJADOR | J58: JORNAL | K58: PRESTACIONES | L58: HORA TOTAL | M58: RENDIMIENTO | O58: Vr. UNITARIO
C59: MANO DE OBRA DD | J59: 228318 | K59: 2 | L59: =J59*K59 -> 456636 | M59: 7 | O59: =L59/M59 -> 65233.714
C63: SUBTOTAL $ | O63: =SUM(O59) -> 65233.714
C65: TOTAL COSTO DIRECTO $ | O65: =ROUND(O33+O63+O52+O47,0) -> 414373
C66: V. COSTOS INDIRECTOS
C69: Descripción | L69: Porcentaje | M69: Valor Total
C70: ADMINISTRACION
C71: IMPREVISTOS
C72: UTILIDAD
C73: SUBTOTAL $
C75: Precio Unitario Total Aproximado al peso $
C77: Firma | H77: Firma
C78: Nombre: JUAN FELIPE VARON VASQUEZ | H78: Nombre: RICARDO JOSE GUTIERREZ PARRA
C79: SECRETARIO DE PLANEACION INFRAESTRUCTURA Y MEDIO AMBIENTE | H79: DIRECTOR ADMINISTRATIVO DE INFRAESTRUCTURA
C80: CEDULA : | H80: CEDULA :
C82: OBSERVACIONES INTERVENTORÍA
C86: APROBACIÓN POR INTERVENTORÍA
C87: Nota 1: Cuando se trate de análisis de Precios Unitarios correspondientes a ítems de la propuesta económica aprobada, el Interventor aprueba el desglose de los componentes manteniendo el mismo Precio Unitario de cada ítem, cumpliendo con las especificaciones de construcción vigentes para el proyecto.
C89: Nota 2: Cuando se trate de análisis de Precios Unitarios de ítems no previstos, el Interventor aprueba el desglose y Precio Unitario de cada ítem no previsto, exigiendo la aplicación de los costos correspondientes a insumos y tarifas de la propuesta económica inicial cuando estén contemplados, cumpliendo con las especificaciones de construcción vigente para el proyecto.
H92: Firma
H93: Nombre:
H94: Representante legal
H95: Matricula :

Sheet ICCU 11.2
C3: Formulario 1 - Propuesta económica - Documento tipo de selección abreviada de menor cuantía - versión 1
C4: Versión: 1 del 21 de agosto de 2025
C6: [La Entidad podrá utilizar este Formato para la presentación de los análisis de Precios Unitarios del Contratista en la oportunidad prevista en el numeral 8.2. del Documento Base]
D9: MUNICIPIO DE EL ESPINAL
L10: VERSIÓN
D11: [NÚMERO DEL PROCESO]
L12: PÁGINA | M12: 1 | N12: DE | O12: 1
D14: ANÁLISIS DE PRECIOS UNITARIOS
L16: FECHA | M16: DD | N16: MM | O16: AA
C18: ÍTEMS DE LA PROPUESTA ECONÓMICA
C22: DATOS ESPECÍFICOS
C24: ÍTEM | D24: DESCRIPCIÓN | M24: UNIDAD | O24: CANTIDAD
C25: 11.2 | D25: PUERTA EN LAMINA CAL 18 INC. ANTICORROSIVO | M25: M2
C26: I. EQUIPO
C29: DESCRIPCIÓN | H29: UNIDAD | J29: TIPO | L29: TARIFA | M29: RENDIMIENTO | O29: Vr. UNITARIO
C30: HERRAMIENTA MENOR | H30: GL | L30: 6008.37 | M30: 1 | N30: 0.86 | O30: =L30/M30 -> 6008.37
N31: 75
K32: 52677 | N32: 70
C33: SUBTOTAL $ | O33: =SUM(O30:O32) -> 6008.37
C34: II. MATERIALES
C37: DESCRIPCIÓN | K37: UNIDAD | L37: CANTIDAD | M37: PRECIO UNIT. | O37: Vr. UNITARIO
C38: ANTICORROSIVO | K38: GLN | L38: 0.05 | M38: 69289 | N38: =(144900+144692+129990)/3 -> 139860.67 | O38: =M38*L38 -> 3464.45
C39: LÁMINA COLD ROLLED CAL. 18 1.0 x 2.0 | K39: UN | L39: 1.55 | M39: 120314 | N39: =(170900+178161+179990)/3 -> 176350.33 | O39: =M39*L39 -> 186486.7
C40: SOLDADURA ELÉCTRICA 0.004 KG DE 3/23" | K40: KG | L40: 0.97 | M40: 26814 | N40: 3941 | O40: =M40*L40 -> 26009.58
C47: SUBTOTAL $ | O47: =SUM(O38:O46) -> 215960.73
C48: III. TRANSPORTES
C51: MATERIAL | J51: VOL. o PESO | K51: DISTANCIA | L51: M3 o Ton/Km | M51: TARIFA | O51: Vr. UNITARIO
C54: SUBTOTAL $ | O54: =O52 -> 0
C55: IV. MANO DE OBRA
C58: TRABAJADOR | J58: JORNAL | K58: PRESTACIONES | L58: HORA TOTAL | M58: RENDIMIENTO | O58: Vr. UNITARIO
C59: MANO DE OBRA DD | J59: 228318 | K59: 2 | L59: =J59*K59 -> 456636 | M59: 3.8 | O59: =L59/M59 -> 120167.37
C63: SUBTOTAL $ | O63: =SUM(O59) -> 120167.37
C65: TOTAL COSTO DIRECTO $ | O65: =ROUND(O33+O63+O52+O47,0) -> 342136
C66: V. COSTOS INDIRECTOS
C69: Descripción | L69: Porcentaje | M69: Valor Total
C70: ADMINISTRACION
C71: IMPREVISTOS
C72: UTILIDAD
C73: SUBTOTAL $
C75: Precio Unitario Total Aproximado al peso $
C77: Firma | H77: Firma
C78: Nombre: JUAN FELIPE VARON VASQUEZ | H78: Nombre: RICARDO JOSE GUTIERREZ PARRA
C79: SECRETARIO DE PLANEACION INFRAESTRUCTURA Y MEDIO AMBIENTE | H79: DIRECTOR ADMINISTRATIVO DE INFRAESTRUCTURA
C80: CEDULA : | H80: CEDULA :
C82: OBSERVACIONES INTERVENTORÍA
C86: APROBACIÓN POR INTERVENTORÍA
C87: Nota 1: Cuando se trate de análisis de Precios Unitarios correspondientes a ítems de la propuesta económica aprobada, el Interventor aprueba el desglose de los componentes manteniendo el mismo Precio Unitario de cada ítem, cumpliendo con las especificaciones de construcción vigentes para el proyecto.
C89: Nota 2: Cuando se trate de análisis de Precios Unitarios de ítems no previstos, el Interventor aprueba el desglose y Precio Unitario de cada ítem no previsto, exigiendo la aplicación de los costos correspondientes a insumos y tarifas de la propuesta económica inicial cuando estén contemplados, cumpliendo con las especificaciones de construcción vigente para el proyecto.
H92: Firma
H93: Nombre:
H94: Representante legal
H95: Matricula :

Sheet ICCU 11.3
C3: Formulario 1 - Propuesta económica - Documento tipo de selección abreviada de menor cuantía - versión 1
C4: Versión: 1 del 21 de agosto de 2025
C6: [La Entidad podrá utilizar este Formato para la presentación de los análisis de Precios Unitarios del Contratista en la oportunidad prevista en el numeral 8.2. del Documento Base]
D9: MUNICIPIO DE EL ESPINAL
L10: VERSIÓN
D11: [NÚMERO DEL PROCESO]
L12: PÁGINA | M12: 1 | N12: DE | O12: 1
D14: ANÁLISIS DE PRECIOS UNITARIOS
L16: FECHA | M16: DD | N16: MM | O16: AA
C18: ÍTEMS DE LA PROPUESTA ECONÓMICA
C22: DATOS ESPECÍFICOS
C24: ÍTEM | D24: DESCRIPCIÓN | M24: UNIDAD | O24: CANTIDAD
C25: 11.3 | D25: PUERTA VENTANA EN LAMINA CAL 18 INC. ANTICORROSIVO | M25: M2
C26: I. EQUIPO
C29: DESCRIPCIÓN | H29: UNIDAD | J29: TIPO | L29: TARIFA | M29: RENDIMIENTO | O29: Vr. UNITARIO
C30: HERRAMIENTA MENOR | H30: GL | L30: 5707.95 | M30: 1 | N30: 0.86 | O30: =L30/M30 -> 5707.95
N31: 75
K32: 52677 | N32: 70
C33: SUBTOTAL $ | O33: =SUM(O30:O32) -> 5707.95
C34: II. MATERIALES
C37: DESCRIPCIÓN | K37: UNIDAD | L37: CANTIDAD | M37: PRECIO UNIT. | O37: Vr. UNITARIO
C38: ÁNGULO HIERRO 3/4" X 1/8" | K38: ML | L38: 1.05 | M38: 4462 | N38: =(144900+144692+129990)/3 -> 139860.67 | O38: =M38*L38 -> 4685.1
C39: ANTICORROSIVO | K39: GLN | L39: 0.23 | M39: 69289 | N39: =(170900+178161+179990)/3 -> 176350.33 | O39: =M39*L39 -> 15936.47
C40: BISAGRA ALUMINIO EXTERIOR 3" | K40: UN | L40: 1.75 | M40: 7720 | N40: 3941 | O40: =M40*L40 -> 13510
C41: LÁMINA COLD ROLLED CAL. 18 1.0 x 2.0 | K41: UN | L41: 0.55 | M41: 120314 | O41: =M41*L41 -> 66172.7
C42: SOLDADURA ELÉCTRICA 0.004 KG DE 3/23" | K42: KG | L42: 0.16 | M42: 26814 | O42: =M42*L42 -> 4290.24
C47: SUBTOTAL $ | O47: =SUM(O38:O46) -> 104594.51
C48: III. TRANSPORTES
C51: MATERIAL | J51: VOL. o PESO | K51: DISTANCIA | L51: M3 o Ton/Km | M51: TARIFA | O51: Vr. UNITARIO
C54: SUBTOTAL $ | O54: =O52 -> 0
C55: IV. MANO DE OBRA
C58: TRABAJADOR | J58: JORNAL | K58: PRESTACIONES | L58: HORA TOTAL | M58: RENDIMIENTO | O58: Vr. UNITARIO
C59: MANO DE OBRA DD | J59: 228318 | K59: 2 | L59: =J59*K59 -> 456636 | M59: 4 | O59: =L59/M59 -> 114159
C63: SUBTOTAL $ | O63: =SUM(O59) -> 114159
C65: TOTAL COSTO DIRECTO $ | O65: =ROUND(O33+O63+O52+O47,0) -> 224461
C66: V. COSTOS INDIRECTOS
C69: Descripción | L69: Porcentaje | M69: Valor Total
C70: ADMINISTRACION
C71: IMPREVISTOS
C72: UTILIDAD
C73: SUBTOTAL $
C75: Precio Unitario Total Aproximado al peso $
C77: Firma | H77: Firma
C78: Nombre: JUAN FELIPE VARON VASQUEZ | H78: Nombre: RICARDO JOSE GUTIERREZ PARRA
C79: SECRETARIO DE PLANEACION INFRAESTRUCTURA Y MEDIO AMBIENTE | H79: DIRECTOR ADMINISTRATIVO DE INFRAESTRUCTURA
C80: CEDULA : | H80: CEDULA :
C82: OBSERVACIONES INTERVENTORÍA
C86: APROBACIÓN POR INTERVENTORÍA
C87: Nota 1: Cuando se trate de análisis de Precios Unitarios correspondientes a ítems de la propuesta económica aprobada, el Interventor aprueba el desglose de los componentes manteniendo el mismo Precio Unitario de cada ítem, cumpliendo con las especificaciones de construcción vigentes para el proyecto.
C89: Nota 2: Cuando se trate de análisis de Precios Unitarios de ítems no previstos, el Interventor aprueba el desglose y Precio Unitario de cada ítem no previsto, exigiendo la aplicación de los costos correspondientes a insumos y tarifas de la propuesta económica inicial cuando estén contemplados, cumpliendo con las especificaciones de construcción vigente para el proyecto.
H92: Firma
H93: Nombre:
H94: Representante legal
H95: Matricula :

Sheet 12.1
C3: Formulario 1 - Propuesta económica - Documento tipo de selección abreviada de menor cuantía - versión 1
C4: Versión: 1 del 21 de agosto de 2025
C6: [La Entidad podrá utilizar este Formato para la presentación de los análisis de Precios Unitarios del Contratista en la oportunidad prevista en el numeral 8.2. del Documento Base]
D9: MUNICIPIO DE EL ESPINAL
L10: VERSIÓN
D11: [NÚMERO DEL PROCESO]
L12: PÁGINA | M12: 1 | N12: DE | O12: 1
D14: ANÁLISIS DE PRECIOS UNITARIOS
L16: FECHA | M16: DD | N16: MM | O16: AA
C18: ÍTEMS DE LA PROPUESTA ECONÓMICA
C22: DATOS ESPECÍFICOS
C24: ÍTEM | D24: DESCRIPCIÓN | M24: UNIDAD | O24: CANTIDAD
C25: 12.1 | D25: REGATA | M25: ML
C26: I. EQUIPO
C29: DESCRIPCIÓN | H29: UNIDAD | J29: TIPO | L29: TARIFA | M29: RENDIMIENTO | O29: Vr. UNITARIO
C30: HERRAMIENTA MENOR | H30: GL | L30: 2023.27 | M30: 1 | N30: 0.86 | O30: =L30/M30 -> 2023.27
N31: 75
K32: 52677 | N32: 70
C33: SUBTOTAL $ | O33: =SUM(O30:O32) -> 2023.27
C34: II. MATERIALES
C37: DESCRIPCIÓN | K37: UNIDAD | L37: CANTIDAD | M37: PRECIO UNIT. | O37: Vr. UNITARIO
N38: =(144900+144692+129990)/3 -> 139860.67
N39: =(170900+178161+179990)/3 -> 176350.33
N40: 3941
C47: SUBTOTAL $ | O47: =SUM(O38:O46) -> 0
C48: III. TRANSPORTES
C51: MATERIAL | J51: VOL. o PESO | K51: DISTANCIA | L51: M3 o Ton/Km | M51: TARIFA | O51: Vr. UNITARIO
C54: SUBTOTAL $ | O54: =O52 -> 0
C55: IV. MANO DE OBRA
C58: TRABAJADOR | J58: JORNAL | K58: PRESTACIONES | L58: HORA TOTAL | M58: RENDIMIENTO | O58: Vr. UNITARIO
C59: AYUDANTE (1) AA | J59: 75873 | K59: 2 | L59: =J59*K59 -> 151746 | M59: 30 | O59: =L59/M59 -> 5058.2
C63: SUBTOTAL $ | O63: =SUM(O59) -> 5058.2
C65: TOTAL COSTO DIRECTO $ | O65: =ROUND(O33+O63+O52+O47,0) -> 7081
C66: V. COSTOS INDIRECTOS
C69: Descripción | L69: Porcentaje | M69: Valor Total
C70: ADMINISTRACION
C71: IMPREVISTOS
C72: UTILIDAD
C73: SUBTOTAL $
C75: Precio Unitario Total Aproximado al peso $
C77: Firma | H77: Firma
C78: Nombre: JUAN FELIPE VARON VASQUEZ | H78: Nombre: RICARDO JOSE GUTIERREZ PARRA
C79: SECRETARIO DE PLANEACION INFRAESTRUCTURA Y MEDIO AMBIENTE | H79: DIRECTOR ADMINISTRATIVO DE INFRAESTRUCTURA
C80: CEDULA : | H80: CEDULA :
C82: OBSERVACIONES INTERVENTORÍA
C86: APROBACIÓN POR INTERVENTORÍA
C87: Nota 1: Cuando se trate de análisis de Precios Unitarios correspondientes a ítems de la propuesta económica aprobada, el Interventor aprueba el desglose de los componentes manteniendo el mismo Precio Unitario de cada ítem, cumpliendo con las especificaciones de construcción vigentes para el proyecto.
C89: Nota 2: Cuando se trate de análisis de Precios Unitarios de ítems no previstos, el Interventor aprueba el desglose y Precio Unitario de cada ítem no previsto, exigiendo la aplicación de los costos correspondientes a insumos y tarifas de la propuesta económica inicial cuando estén contemplados, cumpliendo con las especificaciones de construcción vigente para el proyecto.
H92: Firma
H93: Nombre:
H94: Representante legal
H95: Matricula :

Sheet 12.2
C3: Formulario 1 - Propuesta económica - Documento tipo de selección abreviada de menor cuantía - versión 1
C4: Versión: 1 del 21 de agosto de 2025
C6: [La Entidad podrá utilizar este Formato para la presentación de los análisis de Precios Unitarios del Contratista en la oportunidad prevista en el numeral 8.2. del Documento Base]
D9: MUNICIPIO DE EL ESPINAL
L10: VERSIÓN
D11: [NÚMERO DEL PROCESO]
L12: PÁGINA | M12: 1 | N12: DE | O12: 1
D14: ANÁLISIS DE PRECIOS UNITARIOS
L16: FECHA | M16: DD | N16: MM | O16: AA
C18: ÍTEMS DE LA PROPUESTA ECONÓMICA
C22: DATOS ESPECÍFICOS
C24: ÍTEM | D24: DESCRIPCIÓN | M24: UNIDAD | O24: CANTIDAD
C25: 12.2 | D25: CANALETA PLÁSTICA 13X7 MM | M25: ML
C26: I. EQUIPO
C29: DESCRIPCIÓN | H29: UNIDAD | J29: TIPO | L29: TARIFA | M29: RENDIMIENTO | O29: Vr. UNITARIO
C30: HERRAMIENTA MENOR | H30: GL | L30: 2023.27 | M30: 1 | N30: 0.86 | O30: =L30/M30 -> 2023.27
N31: 75
K32: 52677 | N32: 70
C33: SUBTOTAL $ | O33: =SUM(O30:O32) -> 2023.27
C34: II. MATERIALES
C37: DESCRIPCIÓN | K37: UNIDAD | L37: CANTIDAD | M37: PRECIO UNIT. | O37: Vr. UNITARIO
C38: Canaleta plastica 2 metros 13 MM x 7 MM con adhesivo Dexson ref. DXN10031 | K38: ML | L38: 2 | M38: 6091 | N38: =(7399+4783)/2 -> 6091 | O38: =M38/L38 -> 3045.5
N39: =(170900+178161+179990)/3 -> 176350.33
N40: 3941
C47: SUBTOTAL $ | O47: =SUM(O38:O46) -> 3045.5
C48: III. TRANSPORTES
C51: MATERIAL | J51: VOL. o PESO | K51: DISTANCIA | L51: M3 o Ton/Km | M51: TARIFA | O51: Vr. UNITARIO
C54: SUBTOTAL $ | O54: =O52 -> 0
C55: IV. MANO DE OBRA
C58: TRABAJADOR | J58: JORNAL | K58: PRESTACIONES | L58: HORA TOTAL | M58: RENDIMIENTO | O58: Vr. UNITARIO
C59: AYUDANTE (1) AA | J59: 75873 | K59: 2 | L59: =J59*K59 -> 151746 | M59: 40 | O59: =L59/M59 -> 3793.65
C63: SUBTOTAL $ | O63: =SUM(O59) -> 3793.65
C65: TOTAL COSTO DIRECTO $ | O65: =ROUND(O33+O63+O52+O47,0) -> 8862
C66: V. COSTOS INDIRECTOS
C69: Descripción | L69: Porcentaje | M69: Valor Total
C70: ADMINISTRACION
C71: IMPREVISTOS
C72: UTILIDAD
C73: SUBTOTAL $
C75: Precio Unitario Total Aproximado al peso $
C77: Firma | H77: Firma
C78: Nombre: JUAN FELIPE VARON VASQUEZ | H78: Nombre: RICARDO JOSE GUTIERREZ PARRA
C79: SECRETARIO DE PLANEACION INFRAESTRUCTURA Y MEDIO AMBIENTE | H79: DIRECTOR ADMINISTRATIVO DE INFRAESTRUCTURA
C80: CEDULA : | H80: CEDULA :
C82: OBSERVACIONES INTERVENTORÍA
C86: APROBACIÓN POR INTERVENTORÍA
C87: Nota 1: Cuando se trate de análisis de Precios Unitarios correspondientes a ítems de la propuesta económica aprobada, el Interventor aprueba el desglose de los componentes manteniendo el mismo Precio Unitario de cada ítem, cumpliendo con las especificaciones de construcción vigentes para el proyecto.
C89: Nota 2: Cuando se trate de análisis de Precios Unitarios de ítems no previstos, el Interventor aprueba el desglose y Precio Unitario de cada ítem no previsto, exigiendo la aplicación de los costos correspondientes a insumos y tarifas de la propuesta económica inicial cuando estén contemplados, cumpliendo con las especificaciones de construcción vigente para el proyecto.
H92: Firma
H93: Nombre:
H94: Representante legal
H95: Matricula :

Sheet ICCU 12.3
C3: Formulario 1 - Propuesta económica - Documento tipo de selección abreviada de menor cuantía - versión 1
C4: Versión: 1 del 21 de agosto de 2025
C6: [La Entidad podrá utilizar este Formato para la presentación de los análisis de Precios Unitarios del Contratista en la oportunidad prevista en el numeral 8.2. del Documento Base]
D9: MUNICIPIO DE EL ESPINAL
L10: VERSIÓN
D11: [NÚMERO DEL PROCESO]
L12: PÁGINA | M12: 1 | N12: DE | O12: 1
D14: ANÁLISIS DE PRECIOS UNITARIOS
L16: FECHA | M16: DD | N16: MM | O16: AA
C18: ÍTEMS DE LA PROPUESTA ECONÓMICA
C22: DATOS ESPECÍFICOS
C24: ÍTEM | D24: DESCRIPCIÓN | M24: UNIDAD | O24: CANTIDAD
C25: 12.3 | D25: SALIDA LÁMPARA TOMA EMT COMPLETA. INC INTERRUPTOR | M25: UN
C26: I. EQUIPO
C29: DESCRIPCIÓN | H29: UNIDAD | J29: TIPO | L29: TARIFA | M29: RENDIMIENTO | O29: Vr. UNITARIO
C30: HERRAMIENTA MENOR | H30: GL | I30: GL | L30: 2092.92 | M30: 1 | N30: 0.86 | O30: =L30/M30 -> 2092.92
C31: SECCION DE 1,4 POR 1,4 H=2,0 - ANDAMIO CERTIFICADO | H31: D | I31: D | L31: 30900 | M31: 20 | N31: 75 | O31: =L31/M31 -> 1545
K32: 52677 | N32: 70
C33: SUBTOTAL $ | O33: =SUM(O30:O32) -> 3637.92
C34: II. MATERIALES
C37: DESCRIPCIÓN | K37: UNIDAD | L37: CANTIDAD | M37: PRECIO UNIT. | O37: Vr. UNITARIO
C38: ADAPTADOR EMT 1/2" CONDUIT | K38: UN | L38: 2.61 | M38: 1676 | N38: =(7399+4783)/2 -> 6091 | O38: =M38*L38 -> 4374.36
C39: ALAMBRE CU THW # 12 AWG | K39: ML | L39: 5.6 | M39: 3662 | N39: =(170900+178161+179990)/3 -> 176350.33 | O39: =M39*L39 -> 20507.2
C40: ALAMBRE CU THW # 14 AWG | K40: ML | L40: 2.79 | M40: 2564 | N40: 3941 | O40: =M40*L40 -> 7153.56
C41: CAJA OCTAGONAL | K41: UN | L41: 1 | M41: 3954 | O41: =M41*L41 -> 3954
C42: CAJA GALVANIZADA 5800 | K42: UN | L42: 1 | M42: 2824 | O42: =M42*L42 -> 2824
C43: INTERRUPTOR DOBLE | K43: UN | L43: 1 | M43: 16757 | O43: =M43*L43 -> 16757
C44: ROCETA | K44: UN | L44: 1 | M44: 2824 | O44: =M44*L44 -> 2824
C45: TUBO EMT 1/2" CONDUIT | K45: ML | L45: 3.38 | M45: 6667 | O45: =M45*L45 -> 22534.46
C46: SOLDADURA PVC LÍQUIDA 1/4 | K46: UN | L46: 0.01 | M46: 90188 | O46: =M46*L46 -> 901.88
C47: LIMPIADOR PVC 1/4 | K47: UN | L47: 0.01 | M47: 65289 | O47: =M47*L47 -> 652.89
C48: SUBTOTAL $ | O48: =SUM(O38:O47) -> 82483.35
C49: III. TRANSPORTES
C52: MATERIAL | J52: VOL. o PESO | K52: DISTANCIA | L52: M3 o Ton/Km | M52: TARIFA | O52: Vr. UNITARIO
C55: SUBTOTAL $ | O55: =O53 -> 0
C56: IV. MANO DE OBRA
C59: TRABAJADOR | J59: JORNAL | K59: PRESTACIONES | L59: HORA TOTAL | M59: RENDIMIENTO | O59: Vr. UNITARIO
C60: MANO DE OBRA BB | J60: 209292 | K60: 2 | L60: =J60*K60 -> 418584 | M60: 10 | O60: =L60/M60 -> 41858.4
C64: SUBTOTAL $ | O64: =SUM(O60) -> 41858.4
C66: TOTAL COSTO DIRECTO $ | O66: =ROUND(O33+O64+O53+O48,0) -> 127980
C67: V. COSTOS INDIRECTOS
C70: Descripción | L70: Porcentaje | M70: Valor Total
C71: ADMINISTRACION
C72: IMPREVISTOS
C73: UTILIDAD
C74: SUBTOTAL $
C76: Precio Unitario Total Aproximado al peso $
C78: Firma | H78: Firma
C79: Nombre: JUAN FELIPE VARON VASQUEZ | H79: Nombre: RICARDO JOSE GUTIERREZ PARRA
C80: SECRETARIO DE PLANEACION INFRAESTRUCTURA Y MEDIO AMBIENTE | H80: DIRECTOR ADMINISTRATIVO DE INFRAESTRUCTURA
C81: CEDULA : | H81: CEDULA :
C83: OBSERVACIONES INTERVENTORÍA
C87: APROBACIÓN POR INTERVENTORÍA
C88: Nota 1: Cuando se trate de análisis de Precios Unitarios correspondientes a ítems de la propuesta económica aprobada, el Interventor aprueba el desglose de los componentes manteniendo el mismo Precio Unitario de cada ítem, cumpliendo con las especificaciones de construcción vigentes para el proyecto.
C90: Nota 2: Cuando se trate de análisis de Precios Unitarios de ítems no previstos, el Interventor aprueba el desglose y Precio Unitario de cada ítem no previsto, exigiendo la aplicación de los costos correspondientes a insumos y tarifas de la propuesta económica inicial cuando estén contemplados, cumpliendo con las especificaciones de construcción vigente para el proyecto.
H93: Firma
H94: Nombre:
H95: Representante legal
H96: Matricula :

Sheet ICCU 12.4
C3: Formulario 1 - Propuesta económica - Documento tipo de selección abreviada de menor cuantía - versión 1
C4: Versión: 1 del 21 de agosto de 2025
C6: [La Entidad podrá utilizar este Formato para la presentación de los análisis de Precios Unitarios del Contratista en la oportunidad prevista en el numeral 8.2. del Documento Base]
D9: MUNICIPIO DE EL ESPINAL
L10: VERSIÓN
D11: [NÚMERO DEL PROCESO]
L12: PÁGINA | M12: 1 | N12: DE | O12: 1
D14: ANÁLISIS DE PRECIOS UNITARIOS
L16: FECHA | M16: DD | N16: MM | O16: AA
C18: ÍTEMS DE LA PROPUESTA ECONÓMICA
C22: DATOS ESPECÍFICOS
C24: ÍTEM | D24: DESCRIPCIÓN | M24: UNIDAD | O24: CANTIDAD
C25: 12.4 | D25: LUMINARIA PANEL LED REDONDO - 24W - 4000K/6000K - IP20 - 120V - DE | M25: UN
C26: I. EQUIPO
C29: DESCRIPCIÓN | H29: UNIDAD | J29: TIPO | L29: TARIFA | M29: RENDIMIENTO | O29: Vr. UNITARIO
C30: HERRAMIENTA MENOR | H30: GL | I30: GL | L30: 837.17 | M30: 1 | N30: 0.86 | O30: =L30/M30 -> 837.17
C31: SECCION DE 1,4 POR 1,4 H=2,0 - ANDAMIO CERTIFICADO | H31: D | I31: D | L31: 30900 | M31: 25 | N31: 75 | O31: =L31/M31 -> 1236
K32: 52677 | N32: 70
C33: SUBTOTAL $ | O33: =SUM(O30:O32) -> 2073.17
C34: II. MATERIALES
C37: DESCRIPCIÓN | K37: UNIDAD | L37: CANTIDAD | M37: PRECIO UNIT. | O37: Vr. UNITARIO
C38: LUMINARIA PANEL LED REDONDO - 24W - 4000K/6000K - IP20 - 120V - DE INCRUSTAR 30cmX3cm | K38: UN | L38: 1 | M38: 39247 | N38: =(7399+4783)/2 -> 6091 | O38: =M38*L38 -> 39247
C39: ACCESORIOS DE INSTALACION | K39: ML | L39: 0.118 | M39: 10000 | N39: =(170900+178161+179990)/3 -> 176350.33 | O39: 1177.41
N40: 3941
C48: SUBTOTAL $ | O48: =SUM(O38:O47) -> 40424.41
C49: III. TRANSPORTES
C52: MATERIAL | J52: VOL. o PESO | K52: DISTANCIA | L52: M3 o Ton/Km | M52: TARIFA | O52: Vr. UNITARIO
C55: SUBTOTAL $ | O55: =O53 -> 0
C56: IV. MANO DE OBRA
C59: TRABAJADOR | J59: JORNAL | K59: PRESTACIONES | L59: HORA TOTAL | M59: RENDIMIENTO | O59: Vr. UNITARIO
C60: MANO DE OBRA BB | J60: 209292 | K60: 2 | L60: =J60*K60 -> 418584 | M60: 25 | O60: =L60/M60 -> 16743.36
C64: SUBTOTAL $ | O64: =SUM(O60) -> 16743.36
C66: TOTAL COSTO DIRECTO $ | O66: =ROUND(O33+O64+O53+O48,0) -> 59241
C67: V. COSTOS INDIRECTOS
C70: Descripción | L70: Porcentaje | M70: Valor Total
C71: ADMINISTRACION
C72: IMPREVISTOS
C73: UTILIDAD
C74: SUBTOTAL $
C76: Precio Unitario Total Aproximado al peso $
C78: Firma | H78: Firma
C79: Nombre: JUAN FELIPE VARON VASQUEZ | H79: Nombre: RICARDO JOSE GUTIERREZ PARRA
C80: SECRETARIO DE PLANEACION INFRAESTRUCTURA Y MEDIO AMBIENTE | H80: DIRECTOR ADMINISTRATIVO DE INFRAESTRUCTURA
C81: CEDULA : | H81: CEDULA :
C83: OBSERVACIONES INTERVENTORÍA
C87: APROBACIÓN POR INTERVENTORÍA
C88: Nota 1: Cuando se trate de análisis de Precios Unitarios correspondientes a ítems de la propuesta económica aprobada, el Interventor aprueba el desglose de los componentes manteniendo el mismo Precio Unitario de cada ítem, cumpliendo con las especificaciones de construcción vigentes para el proyecto.
C90: Nota 2: Cuando se trate de análisis de Precios Unitarios de ítems no previstos, el Interventor aprueba el desglose y Precio Unitario de cada ítem no previsto, exigiendo la aplicación de los costos correspondientes a insumos y tarifas de la propuesta económica inicial cuando estén contemplados, cumpliendo con las especificaciones de construcción vigente para el proyecto.
H93: Firma
H94: Nombre:
H95: Representante legal
H96: Matricula :

Sheet 12.5
C3: Formulario 1 - Propuesta económica - Documento tipo de selección abreviada de menor cuantía - versión 1
C4: Versión: 1 del 21 de agosto de 2025
C6: [La Entidad podrá utilizar este Formato para la presentación de los análisis de Precios Unitarios del Contratista en la oportunidad prevista en el numeral 8.2. del Documento Base]
D9: MUNICIPIO DE EL ESPINAL
L10: VERSIÓN
D11: [NÚMERO DEL PROCESO]
L12: PÁGINA | M12: 1 | N12: DE | O12: 1
D14: ANÁLISIS DE PRECIOS UNITARIOS
L16: FECHA | M16: DD | N16: MM | O16: AA
C18: ÍTEMS DE LA PROPUESTA ECONÓMICA
C22: DATOS ESPECÍFICOS
C24: ÍTEM | D24: DESCRIPCIÓN | M24: UNIDAD | O24: CANTIDAD
C25: 12.5 | D25: DESMONTE DE LUMINARIA PANEL LED CUADRADA - 32W - 40W - 4000K/6000K - IP20 - 120V - DE INCRUSTAR | M25: UN
C26: I. EQUIPO
C29: DESCRIPCIÓN | H29: UNIDAD | J29: TIPO | L29: TARIFA | M29: RENDIMIENTO | O29: Vr. UNITARIO
C30: HERRAMIENTA MENOR | H30: GL | I30: GL | L30: 837.17 | M30: 1 | N30: 0.86 | O30: =L30/M30 -> 837.17
C31: SECCION DE 1,4 POR 1,4 H=2,0 - ANDAMIO CERTIFICADO | H31: D | I31: D | L31: 30900 | M31: 25 | N31: 75 | O31: =L31/M31 -> 1236
K32: 52677 | N32: 70
C33: SUBTOTAL $ | O33: =SUM(O30:O32) -> 2073.17
C34: II. MATERIALES
C37: DESCRIPCIÓN | K37: UNIDAD | L37: CANTIDAD | M37: PRECIO UNIT. | O37: Vr. UNITARIO
N38: =(7399+4783)/2 -> 6091
N39: =(170900+178161+179990)/3 -> 176350.33
N40: 3941
C48: SUBTOTAL $ | O48: =SUM(O38:O47) -> 0
C49: III. TRANSPORTES
C52: MATERIAL | J52: VOL. o PESO | K52: DISTANCIA | L52: M3 o Ton/Km | M52: TARIFA | O52: Vr. UNITARIO
C55: SUBTOTAL $ | O55: =O53 -> 0
C56: IV. MANO DE OBRA
C59: TRABAJADOR | J59: JORNAL | K59: PRESTACIONES | L59: HORA TOTAL | M59: RENDIMIENTO | O59: Vr. UNITARIO
C60: MANO DE OBRA BB | J60: 209292 | K60: 2 | L60: =J60*K60 -> 418584 | M60: 20 | O60: =L60/M60 -> 20929.2
C64: SUBTOTAL $ | O64: =SUM(O60) -> 20929.2
C66: TOTAL COSTO DIRECTO $ | O66: =ROUND(O33+O64+O53+O48,0) -> 23002
C67: V. COSTOS INDIRECTOS
C70: Descripción | L70: Porcentaje | M70: Valor Total
C71: ADMINISTRACION
C72: IMPREVISTOS
C73: UTILIDAD
C74: SUBTOTAL $
C76: Precio Unitario Total Aproximado al peso $
C78: Firma | H78: Firma
C79: Nombre: JUAN FELIPE VARON VASQUEZ | H79: Nombre: RICARDO JOSE GUTIERREZ PARRA
C80: SECRETARIO DE PLANEACION INFRAESTRUCTURA Y MEDIO AMBIENTE | H80: DIRECTOR ADMINISTRATIVO DE INFRAESTRUCTURA
C81: CEDULA : | H81: CEDULA :
C83: OBSERVACIONES INTERVENTORÍA
C87: APROBACIÓN POR INTERVENTORÍA
C88: Nota 1: Cuando se trate de análisis de Precios Unitarios correspondientes a ítems de la propuesta económica aprobada, el Interventor aprueba el desglose de los componentes manteniendo el mismo Precio Unitario de cada ítem, cumpliendo con las especificaciones de construcción vigentes para el proyecto.
C90: Nota 2: Cuando se trate de análisis de Precios Unitarios de ítems no previstos, el Interventor aprueba el desglose y Precio Unitario de cada ítem no previsto, exigiendo la aplicación de los costos correspondientes a insumos y tarifas de la propuesta económica inicial cuando estén contemplados, cumpliendo con las especificaciones de construcción vigente para el proyecto.
H93: Firma
H94: Nombre:
H95: Representante legal
H96: Matricula :

Sheet ICCU 12.6
C3: Formulario 1 - Propuesta económica - Documento tipo de selección abreviada de menor cuantía - versión 1
C4: Versión: 1 del 21 de agosto de 2025
C6: [La Entidad podrá utilizar este Formato para la presentación de los análisis de Precios Unitarios del Contratista en la oportunidad prevista en el numeral 8.2. del Documento Base]
D9: MUNICIPIO DE EL ESPINAL
L10: VERSIÓN
D11: [NÚMERO DEL PROCESO]
L12: PÁGINA | M12: 1 | N12: DE | O12: 1
D14: ANÁLISIS DE PRECIOS UNITARIOS
L16: FECHA | M16: DD | N16: MM | O16: AA
C18: ÍTEMS DE LA PROPUESTA ECONÓMICA
C22: DATOS ESPECÍFICOS
C24: ÍTEM | D24: DESCRIPCIÓN | M24: UNIDAD | O24: CANTIDAD
C25: 12.6 | D25: SALIDA TOMA DOBLE PVC COMPLETA INCRUSTAR 30cmX3cm | M25: UN
C26: I. EQUIPO
C29: DESCRIPCIÓN | H29: UNIDAD | J29: TIPO | L29: TARIFA | M29: RENDIMIENTO | O29: Vr. UNITARIO
C30: HERRAMIENTA MENOR | H30: GL | I30: GL | L30: 2092.92 | M30: 1 | N30: 0.86 | O30: =L30/M30 -> 2092.92
K31: 52677 | N31: 70
C32: SUBTOTAL $ | O32: =SUM(O30:O31) -> 2092.92
C33: II. MATERIALES
C36: DESCRIPCIÓN | K36: UNIDAD | L36: CANTIDAD | M36: PRECIO UNIT. | O36: Vr. UNITARIO
C37: ADAPTADOR PVC 1/2" CONDUIT | K37: UN | L37: 2.61 | M37: 282 | N37: =(7399+4783)/2 -> 6091 | O37: =L37*M37 -> 736.02
C38: ALAMBRE CU THW # 12 AWG | K38: ML | L38: 5.6 | M38: 3662 | N38: =(170900+178161+179990)/3 -> 176350.33 | O38: =L38*M38 -> 20507.2
C39: ALAMBRE CU THW # 14 AWG | K39: ML | L39: 2.79 | M39: 2564 | N39: 3941 | O39: =L39*M39 -> 7153.56
C40: CAJA OCTAGONAL | K40: UN | L40: 1 | M40: 3954 | O40: =L40*M40 -> 3954
C41: CAJA GALVANIZADA 5800 | K41: UN | L41: 1 | M41: 2824 | O41: =L41*M41 -> 2824
C42: TOMA DOBLE | K42: UN | L42: 1 | M42: 16757 | O42: =L42*M42 -> 16757
C43: TUBO PVC 1/2" CONDUIT | K43: ML | L43: 3.38 | M43: 1440 | O43: =L43*M43 -> 4867.2
C44: SOLDADURA PVC LÍQUIDA 1/4 | K44: UN | L44: 0.01 | M44: 90188 | O44: =L44*M44 -> 901.88
C45: LIMPIADOR PVC 1/4 | K45: UN | L45: 0.01 | M45: 65289 | O45: =L45*M45 -> 652.89
C47: SUBTOTAL $ | O47: =SUM(O37:O46) -> 58353.75
C48: III. TRANSPORTES
C51: MATERIAL | J51: VOL. o PESO | K51: DISTANCIA | L51: M3 o Ton/Km | M51: TARIFA | O51: Vr. UNITARIO
C54: SUBTOTAL $ | O54: =O52 -> 0
C55: IV. MANO DE OBRA
C58: TRABAJADOR | J58: JORNAL | K58: PRESTACIONES | L58: HORA TOTAL | M58: RENDIMIENTO | O58: Vr. UNITARIO
C59: MANO DE OBRA BB | J59: 209292 | K59: 2 | L59: =J59*K59 -> 418584 | M59: 10 | O59: =L59/M59 -> 41858.4
C63: SUBTOTAL $ | O63: =SUM(O59) -> 41858.4
C65: TOTAL COSTO DIRECTO $ | O65: =ROUND(O32+O63+O52+O47,0) -> 102305
C66: V. COSTOS INDIRECTOS
C69: Descripción | L69: Porcentaje | M69: Valor Total
C70: ADMINISTRACION
C71: IMPREVISTOS
C72: UTILIDAD
C73: SUBTOTAL $
C75: Precio Unitario Total Aproximado al peso $
C77: Firma | H77: Firma
C78: Nombre: JUAN FELIPE VARON VASQUEZ | H78: Nombre: RICARDO JOSE GUTIERREZ PARRA
C79: SECRETARIO DE PLANEACION INFRAESTRUCTURA Y MEDIO AMBIENTE | H79: DIRECTOR ADMINISTRATIVO DE INFRAESTRUCTURA
C80: CEDULA : | H80: CEDULA :
C82: OBSERVACIONES INTERVENTORÍA
C86: APROBACIÓN POR INTERVENTORÍA
